Workbook
Name \z: #REF!
Name \z: #REF!
Name \z: #REF!
Name \z: #REF!
Name \z: #REF!
Name ______REC3: #REF!
Name ______REC35: #REF!
Name ______REC4: #REF!
Name ______REP1: #REF!
Name ______REP15: #REF!
Name ______REP2: #REF!
Name ______SE2: #REF!
Name _____REC3: #REF!
Name _____REC35: #REF!
Name _____REC4: #REF!
Name _____REP1: #REF!
Name _____REP15: #REF!
Name _____REP2: #REF!
Name ____REC3: #REF!
Name ____REC35: #REF!
Name ____REC4: #REF!
Name ____REP1: #REF!
Name ____REP15: #REF!
Name ____REP2: #REF!
Name ____SE2: #REF!
Name ___REC3: #REF!
Name ___REC35: #REF!
Name ___REC4: #REF!
Name ___REP1: #REF!
Name ___REP15: #REF!
Name ___REP2: #REF!
Name ___SE2: #REF!
Name __REC3: #REF!
Name __REC35: #REF!
Name __REC4: #REF!
Name __REP1: #REF!
Name __REP15: #REF!
Name __REP2: #REF!
Name __SE2: #REF!
Name _01.00.00: #REF!
Name _01.01.00: #REF!
Name _01.02.00: #REF!
Name _01.03.00: #REF!
Name _01.04.00: #REF!
Name _01.05.00: #REF!
Name _01.06.00: #REF!
Name _01.07.00: #REF!
Name _01.08.00: #REF!
Name _01.09.00: #REF!
Name _01.10.00: #REF!
Name _01.11.00: #REF!
Name _01.12.00: #REF!
Name _01.13.00: #REF!
Name _01.14.00: #REF!
Name _01.15.00: #REF!
Name _01.16.00: #REF!
Name _01.17.00: #REF!
Name _01.18.00: #REF!
Name _02.00.00: #REF!
Name _02.01.00: #REF!

Sheet CLIENTE-OBJETO
A1: Dados da Obra | M1: RESUMO | P1: ESCOLHIDO | R1: RESUMO | S1: =#REF! -> #REF!
A2: Cliente | B2: PREFEITURA MUNICIPAL DE PIRACICABA | M2: BDI Geral | N2: DESONERADO | O2: ONERADO | R2: PLANILHA | S2: ='Plan. Orçamentária'!L116 -> 0
A3: Objeto | B3: PLANO DE COMBATE A INCÊNDIO (PCI) CEREST | M3: BDI Diferen. | N3: 0 | O3: 0 | P3: =IF($C$7="Desonerado",N3,O3) -> 0 | R3: CRONOGRAMA | S3: =#REF! -> #REF!
A4: Local | B4: RUA DO TRABALHO, 602 - VILA INDEPENDÊNCIA, PIRACICABA/SP | M4: Valor Global | N4: =#REF! -> #REF! | O4: =#REF! -> #REF! | P4: =IF($C$7="Desonerado",N4,O4) -> #REF! | R4: VER 01 | S4: =S1=S2 -> #REF!
A5: Base | B5: =M10&" - "&N10&" | "&M11&" - "&N11&" | "&M12&" - "&N12&" | "&M13&" - "&N13&" | "&M14&" - "&N14&" | "&M15&" - "&N15&" |" -> SINAPI - ABR.2026 | CDHU - FEV.2026 (201) | SIURB EDIF - JAN.2026 | SIURB INFRA - JAN.2026 | FDE - JAN.2026 | COMPOSIÇÃO - JAN.2026 | | M5: Diferença | N5: 0 | O5: 0 | R5: VER 02 | S5: =S2=S3 -> #REF!
A6: Leis Sociais: | B6: =M10&" - "&O10*100&"%"&" | "&M11&" - "&O11*100&"%"&" | "&M12&" - "&O12*100&"%"&" | "&M13&" - "&O13*100&"%"&" | "&M14&" - "&O14*100&"%"&" | " -> SINAPI - 99,09% | CDHU - 113% | SIURB EDIF - 129,17% | SIURB INFRA - 129,17% | FDE - 122% | | N6: 0 | R6: VER 03 | S6: =S1=S3 -> #REF!
A7: BDI | B7: =P4 -> #REF! | C7: DESONERADO
N9: VERSÃO BASE | O9: LEIS SOCIAIS | P9: ATUALIZAÇÃO | Q9: INTERVALO (MÊS)
A10: Data: | B10: =TODAY() -> 46247 | M10: SINAPI | N10: ABR.2026 | O10: ='SINAPI_DESONERADO-04.2026'!E6 -> 0.9909 | P10: MENSAL | Q10: (1-2-3-...)
M11: CDHU | N11: FEV.2026 (201) | O11: 1.13 | P11: TRIMESTRAL | Q11: (3-6-9-12)
M12: SIURB EDIF | N12: JAN.2026 | O12: 1.2917 | P12: SEMESTRAL | Q12: (01-07) | R12: 1 | S12: JANEIRO
M13: SIURB INFRA | N13: JAN.2026 | O13: 1.2917 | P13: SEMESTRAL | Q13: (01-07) | R13: 2 | S13: FEVEREIRO
M14: FDE | N14: JAN.2026 | O14: 1.22 | P14: TRIMESTRAL | Q14: (01-04-07-10) | R14: 3 | S14: MARÇO
A15: ASSINATURA: | B15: ARQº MARLON LIMA | M15: COMPOSIÇÃO | N15: JAN.2026 | P15: TRIMESTRAL | Q15: (01-04-07-10) | R15: 4 | S15: ABRIL
B16: ARQUITETO E URBANISTA | R16: 5 | S16: MAIO
B17: CAU / SP A96639-8 | R17: 6 | S17: JUNHO
R18: 7 | S18: JULHO
R19: 8 | S19: AGOSTO
A20: VERSÃO | B20: DATA | C20: ELAB. | D20: VER. | E20: APROV. | F20: DESCRIÇÃO | R20: 9 | S20: SETEMBRO
A21: V00 | B21: 45682 | C21: L.D | D21: D.N. | E21: S.F. | F21: EMISSÃO INICIAL | R21: 10 | S21: OUTUBRO
A22: V01 | B22: 45803 | C22: L.D | D22: D.N. | E22: S.F. | F22: EMISSÃO | R22: 11 | S22: NOVEMBRO
R23: 12 | S23: DEZEMBRO
R24: 13
R25: 14
R26: 15
R27: 16
R28: 17
R29: 18
R30: 19

Sheet Plan. Orçamentária
D1: Dados da Obra
D2: Cliente | E2: ='CLIENTE-OBJETO'!B2 -> PREFEITURA MUNICIPAL DE PIRACICABA
D3: Objeto | E3: ='CLIENTE-OBJETO'!B3 -> PLANO DE COMBATE A INCÊNDIO (PCI) CEREST
D4: Local | E4: ='CLIENTE-OBJETO'!B4 -> RUA DO TRABALHO, 602 - VILA INDEPENDÊNCIA, PIRACICABA/SP
D5: Base | E5: ='CLIENTE-OBJETO'!B5 -> SINAPI - ABR.2026 | CDHU - FEV.2026 (201) | SIURB EDIF - JAN.2026 | SIURB INFRA - JAN.2026 | FDE - JAN.2026 | COMPOSIÇÃO - JAN.2026 |
D6: Leis Sociais: | E6: ='CLIENTE-OBJETO'!B6 -> SINAPI - 99,09% | CDHU - 113% | SIURB EDIF - 129,17% | SIURB INFRA - 129,17% | FDE - 122% |
D7: BDI | E7: ='CLIENTE-OBJETO'!B7 -> #REF! | F7: DESONERADO
D10: PLANILHA ORÇAMENTÁRIA
I12: CONTRATADO - ORIGINAL
H13: T | I13: VALOR GLOBAL | L13: =L116 -> 0
D15: Item | E15: Fonte | F15: Código | G15: Descrição dos Serviços | H15: Unid. 1 | I15: Quant. | J15: Custo Unitário | K15: Preço Unitário | L15: Preço Total
A17: =LEFT(D17,2) -> 1 | B17: =D17 -> 1 | D17: 1 | E17: PLACA DA OBRA E CANTEIRO | K17: SUBTOTAL | L17: =SUMIF(C18:C481,D17,L18:L730) -> 0
A18: =LEFT(D18,1) -> 1 | B18: =D17 -> 1 | C18: =IF(D18="",0,B18) -> 1 | D18: =D17*1000+1 -> 1001 | E18: SINAPI | F18: 103689 | G18: =IF($E18="SINAPI",VLOOKUP($F18,'SINAPI_DESONERADO-04.2026'!$B$11:$E$19657,2,FALSE),IF($E18="CDHU",VLOOKUP($F18,'CDHU_Desonerado-FEV.2026 (201)'!$A$9:$F$4118,2,FALSE),IF($E18="FDE",VLOOKUP($F18,'FDE-01.26'!$A$1:$D$3994,2,FALSE),IF($E18="SIURB (E)",VLOOKUP($F18,'EDIF COM Des JAN.2026'!$A$3:$D$3000,2,FALSE),IF($E18="SIURB (I)",VLOOKUP($F18,'INFRA COM Des JAN.2026'!$A$2:$D$1000,2,FALSE),IF($E18="SICRO NOVO",VLOOKUP($F18,'SICRO.DNIT DESONERADA 01.26'!$A$4:$D$7000,2,FALSE),IF($E18="COMP.",VLOOKUP($F18,'COMPOSIÇÃO '!D:I,2,0)))))))) -> FORNECIMENTO E INSTALAÇÃO DE PLACA DE OBRA COM CHAPA GALVANIZADA E ESTRUTURA DE MADEIRA. AF_03/2022_PS | H18: =IF($E18="SINAPI",VLOOKUP($F18,'SINAPI_DESONERADO-04.2026'!$B$11:$E$19657,3,FALSE),IF($E18="CDHU",VLOOKUP($F18,'CDHU_Desonerado-FEV.2026 (201)'!$A$9:$F$4118,3,FALSE),IF($E18="FDE",VLOOKUP($F18,'FDE-01.26'!$A$1:$D$3994,3,FALSE),IF($E18="SIURB (E)",VLOOKUP($F18,'EDIF COM Des JAN.2026'!$A$1:$D$3000,3,FALSE),IF($E18="SIURB (I)",VLOOKUP($F18,'INFRA COM Des JAN.2026'!$A$2:$D$1000,3,FALSE),IF($E18="SICRO NOVO",VLOOKUP($F18,'SICRO.DNIT DESONERADA 01.26'!$A$4:$D$7000,3,FALSE),IF($E18="COMP.",VLOOKUP($F18,'COMPOSIÇÃO '!D:I,3,0)))))))) -> M2 | I18: =IF(D18<>0,INDEX('MEMORIA CALCULO'!$A$1:$Q$109850,MATCH(D18,'MEMORIA CALCULO'!$A$1:$A$8050,0),16),0) -> 2
A19: =LEFT(D19,1) -> 1 | B19: =B18 -> 1 | C19: =IF(D19="",0,B19) -> 1 | D19: =D18+1 -> 1002 | E19: SINAPI | F19: 103694 | G19: =IF($E19="SINAPI",VLOOKUP($F19,'SINAPI_DESONERADO-04.2026'!$B$11:$E$19657,2,FALSE),IF($E19="CDHU",VLOOKUP($F19,'CDHU_Desonerado-FEV.2026 (201)'!$A$9:$F$4118,2,FALSE),IF($E19="FDE",VLOOKUP($F19,'FDE-01.26'!$A$1:$D$3994,2,FALSE),IF($E19="SIURB (E)",VLOOKUP($F19,'EDIF COM Des JAN.2026'!$A$3:$D$3000,2,FALSE),IF($E19="SIURB (I)",VLOOKUP($F19,'INFRA COM Des JAN.2026'!$A$2:$D$1000,2,FALSE),IF($E19="SICRO NOVO",VLOOKUP($F19,'SICRO.DNIT DESONERADA 01.26'!$A$4:$D$7000,2,FALSE),IF($E19="COMP.",VLOOKUP($F19,'COMPOSIÇÃO '!D:I,2,0)))))))) -> FORNECIMENTO E INSTALAÇÃO DE SUPORTE DE MADEIRA PARA PLACAS DE SINALIZAÇÃO, EM SOLO, COM H= DE 2,5 M E SEÇÃO DE 7,5 X 7,5 CM. AF_03/2022 | H19: =IF($E19="SINAPI",VLOOKUP($F19,'SINAPI_DESONERADO-04.2026'!$B$11:$E$19657,3,FALSE),IF($E19="CDHU",VLOOKUP($F19,'CDHU_Desonerado-FEV.2026 (201)'!$A$9:$F$4118,3,FALSE),IF($E19="FDE",VLOOKUP($F19,'FDE-01.26'!$A$1:$D$3994,3,FALSE),IF($E19="SIURB (E)",VLOOKUP($F19,'EDIF COM Des JAN.2026'!$A$1:$D$3000,3,FALSE),IF($E19="SIURB (I)",VLOOKUP($F19,'INFRA COM Des JAN.2026'!$A$2:$D$1000,3,FALSE),IF($E19="SICRO NOVO",VLOOKUP($F19,'SICRO.DNIT DESONERADA 01.26'!$A$4:$D$7000,3,FALSE),IF($E19="COMP.",VLOOKUP($F19,'COMPOSIÇÃO '!D:I,3,0)))))))) -> UN | I19: =IF(D19<>0,INDEX('MEMORIA CALCULO'!$A$1:$Q$109850,MATCH(D19,'MEMORIA CALCULO'!$A$1:$A$8050,0),16),0) -> 2
A20: =LEFT(D20,1) -> 1 | B20: =B19 -> 1 | C20: =IF(D20="",0,B20) -> 1 | D20: =D19+1 -> 1003 | E20: FDE | F20: 16.06.047 | G20: =IF($E20="SINAPI",VLOOKUP($F20,'SINAPI_DESONERADO-04.2026'!$B$11:$E$19657,2,FALSE),IF($E20="CDHU",VLOOKUP($F20,'CDHU_Desonerado-FEV.2026 (201)'!$A$9:$F$4118,2,FALSE),IF($E20="FDE",VLOOKUP($F20,'FDE-01.26'!$A$1:$D$3994,2,FALSE),IF($E20="SIURB (E)",VLOOKUP($F20,'EDIF COM Des JAN.2026'!$A$3:$D$3000,2,FALSE),IF($E20="SIURB (I)",VLOOKUP($F20,'INFRA COM Des JAN.2026'!$A$2:$D$1000,2,FALSE),IF($E20="SICRO NOVO",VLOOKUP($F20,'SICRO.DNIT DESONERADA 01.26'!$A$4:$D$7000,2,FALSE),IF($E20="COMP.",VLOOKUP($F20,'COMPOSIÇÃO '!D:I,2,0)))))))) -> LOCAÇÃO MENSAL DE CONTAINER 4,00M COM 2 VASOS SANITARIOS, 1 LAVABO, 1 MICTÓRIO E 4 PONTOS CHUV. | H20: =IF($E20="SINAPI",VLOOKUP($F20,'SINAPI_DESONERADO-04.2026'!$B$11:$E$19657,3,FALSE),IF($E20="CDHU",VLOOKUP($F20,'CDHU_Desonerado-FEV.2026 (201)'!$A$9:$F$4118,3,FALSE),IF($E20="FDE",VLOOKUP($F20,'FDE-01.26'!$A$1:$D$3994,3,FALSE),IF($E20="SIURB (E)",VLOOKUP($F20,'EDIF COM Des JAN.2026'!$A$1:$D$3000,3,FALSE),IF($E20="SIURB (I)",VLOOKUP($F20,'INFRA COM Des JAN.2026'!$A$2:$D$1000,3,FALSE),IF($E20="SICRO NOVO",VLOOKUP($F20,'SICRO.DNIT DESONERADA 01.26'!$A$4:$D$7000,3,FALSE),IF($E20="COMP.",VLOOKUP($F20,'COMPOSIÇÃO '!D:I,3,0)))))))) -> M2 | I20: =IF(D20<>0,INDEX('MEMORIA CALCULO'!$A$1:$Q$109850,MATCH(D20,'MEMORIA CALCULO'!$A$1:$A$8050,0),16),0) -> 9.76
A22: =LEFT(D22,2) -> 2 | B22: =D22 -> 2 | D22: =D17+1 -> 2 | E22: RESERVA PARA INCÊNDIO
A23: =LEFT(D23,1) -> 2 | B23: =D22 -> 2 | C23: =IF(D23="",0,B23) -> 2 | D23: =D22*1000+1 -> 2001 | E23: CDHU | F23: 48.02.207 | G23: =IF($E23="SINAPI",VLOOKUP($F23,'SINAPI_DESONERADO-04.2026'!$B$11:$E$19657,2,FALSE),IF($E23="CDHU",VLOOKUP($F23,'CDHU_Desonerado-FEV.2026 (201)'!$A$9:$F$4118,2,FALSE),IF($E23="FDE",VLOOKUP($F23,'FDE-01.26'!$A$1:$D$3994,2,FALSE),IF($E23="SIURB (E)",VLOOKUP($F23,'EDIF COM Des JAN.2026'!$A$3:$D$3000,2,FALSE),IF($E23="SIURB (I)",VLOOKUP($F23,'INFRA COM Des JAN.2026'!$A$2:$D$1000,2,FALSE),IF($E23="SICRO NOVO",VLOOKUP($F23,'SICRO.DNIT DESONERADA 01.26'!$A$4:$D$7000,2,FALSE),IF($E23="COMP.",VLOOKUP($F23,'COMPOSIÇÃO '!D:I,2,0)))))))) -> Reservatório em polietileno com tampa de encaixar - capacidade de 10.000 litros | H23: =IF($E23="SINAPI",VLOOKUP($F23,'SINAPI_DESONERADO-04.2026'!$B$11:$E$19657,3,FALSE),IF($E23="CDHU",VLOOKUP($F23,'CDHU_Desonerado-FEV.2026 (201)'!$A$9:$F$4118,3,FALSE),IF($E23="FDE",VLOOKUP($F23,'FDE-01.26'!$A$1:$D$3994,3,FALSE),IF($E23="SIURB (E)",VLOOKUP($F23,'EDIF COM Des JAN.2026'!$A$1:$D$3000,3,FALSE),IF($E23="SIURB (I)",VLOOKUP($F23,'INFRA COM Des JAN.2026'!$A$2:$D$1000,3,FALSE),IF($E23="SICRO NOVO",VLOOKUP($F23,'SICRO.DNIT DESONERADA 01.26'!$A$4:$D$7000,3,FALSE),IF($E23="COMP.",VLOOKUP($F23,'COMPOSIÇÃO '!D:I,3,0)))))))) -> UN | I23: =IF(D23<>0,INDEX('MEMORIA CALCULO'!$A$1:$Q$109850,MATCH(D23,'MEMORIA CALCULO'!$A$1:$A$8050,0),16),0) -> 1
A24: =LEFT(D24,1) -> 2 | B24: =B23 -> 2 | C24: =IF(D24="",0,B24) -> 2 | D24: =D23+1 -> 2002 | E24: CDHU | F24: 48.05.050 | G24: =IF($E24="SINAPI",VLOOKUP($F24,'SINAPI_DESONERADO-04.2026'!$B$11:$E$19657,2,FALSE),IF($E24="CDHU",VLOOKUP($F24,'CDHU_Desonerado-FEV.2026 (201)'!$A$9:$F$4118,2,FALSE),IF($E24="FDE",VLOOKUP($F24,'FDE-01.26'!$A$1:$D$3994,2,FALSE),IF($E24="SIURB (E)",VLOOKUP($F24,'EDIF COM Des JAN.2026'!$A$3:$D$3000,2,FALSE),IF($E24="SIURB (I)",VLOOKUP($F24,'INFRA COM Des JAN.2026'!$A$2:$D$1000,2,FALSE),IF($E24="SICRO NOVO",VLOOKUP($F24,'SICRO.DNIT DESONERADA 01.26'!$A$4:$D$7000,2,FALSE),IF($E24="COMP.",VLOOKUP($F24,'COMPOSIÇÃO '!D:I,2,0)))))))) -> Torneira de boia, DN= 2´ | H24: =IF($E24="SINAPI",VLOOKUP($F24,'SINAPI_DESONERADO-04.2026'!$B$11:$E$19657,3,FALSE),IF($E24="CDHU",VLOOKUP($F24,'CDHU_Desonerado-FEV.2026 (201)'!$A$9:$F$4118,3,FALSE),IF($E24="FDE",VLOOKUP($F24,'FDE-01.26'!$A$1:$D$3994,3,FALSE),IF($E24="SIURB (E)",VLOOKUP($F24,'EDIF COM Des JAN.2026'!$A$1:$D$3000,3,FALSE),IF($E24="SIURB (I)",VLOOKUP($F24,'INFRA COM Des JAN.2026'!$A$2:$D$1000,3,FALSE),IF($E24="SICRO NOVO",VLOOKUP($F24,'SICRO.DNIT DESONERADA 01.26'!$A$4:$D$7000,3,FALSE),IF($E24="COMP.",VLOOKUP($F24,'COMPOSIÇÃO '!D:I,3,0)))))))) -> UN | I24: =IF(D24<>0,INDEX('MEMORIA CALCULO'!$A$1:$Q$109850,MATCH(D24,'MEMORIA CALCULO'!$A$1:$A$8050,0),16),0) -> 1
A26: =LEFT(D26,2) -> 3 | B26: =D26 -> 3 | D26: =D22+1 -> 3 | E26: COMBATE A INCÊNDIO
E27: EXTINTORES
A28: =LEFT(D28,1) -> 3 | B28: =D26 -> 3 | C28: =IF(D28="",0,B28) -> 3 | D28: =D26*1000+1 -> 3001 | E28: CDHU | F28: 50.10.120 | G28: =IF($E28="SINAPI",VLOOKUP($F28,'SINAPI_DESONERADO-04.2026'!$B$11:$E$19657,2,FALSE),IF($E28="CDHU",VLOOKUP($F28,'CDHU_Desonerado-FEV.2026 (201)'!$A$9:$F$4118,2,FALSE),IF($E28="FDE",VLOOKUP($F28,'FDE-01.26'!$A$1:$D$3994,2,FALSE),IF($E28="SIURB (E)",VLOOKUP($F28,'EDIF COM Des JAN.2026'!$A$3:$D$3000,2,FALSE),IF($E28="SIURB (I)",VLOOKUP($F28,'INFRA COM Des JAN.2026'!$A$2:$D$1000,2,FALSE),IF($E28="SICRO NOVO",VLOOKUP($F28,'SICRO.DNIT DESONERADA 01.26'!$A$4:$D$7000,2,FALSE),IF($E28="COMP.",VLOOKUP($F28,'COMPOSIÇÃO '!D:I,2,0)))))))) -> Extintor manual de pó químico seco ABC - capacidade de 6 kg | H28: =IF($E28="SINAPI",VLOOKUP($F28,'SINAPI_DESONERADO-04.2026'!$B$11:$E$19657,3,FALSE),IF($E28="CDHU",VLOOKUP($F28,'CDHU_Desonerado-FEV.2026 (201)'!$A$9:$F$4118,3,FALSE),IF($E28="FDE",VLOOKUP($F28,'FDE-01.26'!$A$1:$D$3994,3,FALSE),IF($E28="SIURB (E)",VLOOKUP($F28,'EDIF COM Des JAN.2026'!$A$1:$D$3000,3,FALSE),IF($E28="SIURB (I)",VLOOKUP($F28,'INFRA COM Des JAN.2026'!$A$2:$D$1000,3,FALSE),IF($E28="SICRO NOVO",VLOOKUP($F28,'SICRO.DNIT DESONERADA 01.26'!$A$4:$D$7000,3,FALSE),IF($E28="COMP.",VLOOKUP($F28,'COMPOSIÇÃO '!D:I,3,0)))))))) -> UN | I28: =IF(D28<>0,INDEX('MEMORIA CALCULO'!$A$1:$Q$109850,MATCH(D28,'MEMORIA CALCULO'!$A$1:$A$8050,0),16),0) -> 15
A29: =LEFT(D29,1) -> 3 | B29: =D26 -> 3 | C29: =IF(D29="",0,B29) -> 3 | D29: =D28+1 -> 3002 | E29: CDHU | F29: 50.10.220 | G29: =IF($E29="SINAPI",VLOOKUP($F29,'SINAPI_DESONERADO-04.2026'!$B$11:$E$19657,2,FALSE),IF($E29="CDHU",VLOOKUP($F29,'CDHU_Desonerado-FEV.2026 (201)'!$A$9:$F$4118,2,FALSE),IF($E29="FDE",VLOOKUP($F29,'FDE-01.26'!$A$1:$D$3994,2,FALSE),IF($E29="SIURB (E)",VLOOKUP($F29,'EDIF COM Des JAN.2026'!$A$3:$D$3000,2,FALSE),IF($E29="SIURB (I)",VLOOKUP($F29,'INFRA COM Des JAN.2026'!$A$2:$D$1000,2,FALSE),IF($E29="SICRO NOVO",VLOOKUP($F29,'SICRO.DNIT DESONERADA 01.26'!$A$4:$D$7000,2,FALSE),IF($E29="COMP.",VLOOKUP($F29,'COMPOSIÇÃO '!D:I,2,0)))))))) -> Suporte para extintor de piso em aço inoxidável | H29: =IF($E29="SINAPI",VLOOKUP($F29,'SINAPI_DESONERADO-04.2026'!$B$11:$E$19657,3,FALSE),IF($E29="CDHU",VLOOKUP($F29,'CDHU_Desonerado-FEV.2026 (201)'!$A$9:$F$4118,3,FALSE),IF($E29="FDE",VLOOKUP($F29,'FDE-01.26'!$A$1:$D$3994,3,FALSE),IF($E29="SIURB (E)",VLOOKUP($F29,'EDIF COM Des JAN.2026'!$A$1:$D$3000,3,FALSE),IF($E29="SIURB (I)",VLOOKUP($F29,'INFRA COM Des JAN.2026'!$A$2:$D$1000,3,FALSE),IF($E29="SICRO NOVO",VLOOKUP($F29,'SICRO.DNIT DESONERADA 01.26'!$A$4:$D$7000,3,FALSE),IF($E29="COMP.",VLOOKUP($F29,'COMPOSIÇÃO '!D:I,3,0)))))))) -> UN | I29: =IF(D29<>0,INDEX('MEMORIA CALCULO'!$A$1:$Q$109850,MATCH(D29,'MEMORIA CALCULO'!$A$1:$A$8050,0),16),0) -> 15
A30: =LEFT(D30,1) -> 3 | B30: =B29 -> 3 | C30: =IF(D30="",0,B30) -> 3 | D30: =D29+1 -> 3003 | E30: SINAPI | F30: 102492 | G30: =IF($E30="SINAPI",VLOOKUP($F30,'SINAPI_DESONERADO-04.2026'!$B$11:$E$19657,2,FALSE),IF($E30="CDHU",VLOOKUP($F30,'CDHU_Desonerado-FEV.2026 (201)'!$A$9:$F$4118,2,FALSE),IF($E30="FDE",VLOOKUP($F30,'FDE-01.26'!$A$1:$D$3994,2,FALSE),IF($E30="SIURB (E)",VLOOKUP($F30,'EDIF COM Des JAN.2026'!$A$3:$D$3000,2,FALSE),IF($E30="SIURB (I)",VLOOKUP($F30,'INFRA COM Des JAN.2026'!$A$2:$D$1000,2,FALSE),IF($E30="SICRO NOVO",VLOOKUP($F30,'SICRO.DNIT DESONERADA 01.26'!$A$4:$D$7000,2,FALSE),IF($E30="COMP.",VLOOKUP($F30,'COMPOSIÇÃO '!D:I,2,0)))))))) -> PINTURA DE PISO COM TINTA ACRÍLICA, APLICAÇÃO MANUAL, 3 DEMÃOS, INCLUSO FUNDO PREPARADOR. AF_05/2021 | H30: =IF($E30="SINAPI",VLOOKUP($F30,'SINAPI_DESONERADO-04.2026'!$B$11:$E$19657,3,FALSE),IF($E30="CDHU",VLOOKUP($F30,'CDHU_Desonerado-FEV.2026 (201)'!$A$9:$F$4118,3,FALSE),IF($E30="FDE",VLOOKUP($F30,'FDE-01.26'!$A$1:$D$3994,3,FALSE),IF($E30="SIURB (E)",VLOOKUP($F30,'EDIF COM Des JAN.2026'!$A$1:$D$3000,3,FALSE),IF($E30="SIURB (I)",VLOOKUP($F30,'INFRA COM Des JAN.2026'!$A$2:$D$1000,3,FALSE),IF($E30="SICRO NOVO",VLOOKUP($F30,'SICRO.DNIT DESONERADA 01.26'!$A$4:$D$7000,3,FALSE),IF($E30="COMP.",VLOOKUP($F30,'COMPOSIÇÃO '!D:I,3,0)))))))) -> M2 | I30: =IF(D30<>0,INDEX('MEMORIA CALCULO'!$A$1:$Q$109850,MATCH(D30,'MEMORIA CALCULO'!$A$1:$A$8050,0),16),0) -> 15
E31: COMUNICAÇÃO VISUAL
A32: =LEFT(D32,1) -> 3 | B32: =B30 -> 3 | C32: =IF(D32="",0,B32) -> 3 | D32: =D30+1 -> 3004 | E32: CDHU | F32: 97.02.195 | G32: =IF($E32="SINAPI",VLOOKUP($F32,'SINAPI_DESONERADO-04.2026'!$B$11:$E$19657,2,FALSE),IF($E32="CDHU",VLOOKUP($F32,'CDHU_Desonerado-FEV.2026 (201)'!$A$9:$F$4118,2,FALSE),IF($E32="FDE",VLOOKUP($F32,'FDE-01.26'!$A$1:$D$3994,2,FALSE),IF($E32="SIURB (E)",VLOOKUP($F32,'EDIF COM Des JAN.2026'!$A$3:$D$3000,2,FALSE),IF($E32="SIURB (I)",VLOOKUP($F32,'INFRA COM Des JAN.2026'!$A$2:$D$1000,2,FALSE),IF($E32="SICRO NOVO",VLOOKUP($F32,'SICRO.DNIT DESONERADA 01.26'!$A$4:$D$7000,2,FALSE),IF($E32="COMP.",VLOOKUP($F32,'COMPOSIÇÃO '!D:I,2,0)))))))) -> Placa de sinalização em PVC fotoluminescente (240x120mm), com indicação de rota de evacuação e saída de emergência | H32: =IF($E32="SINAPI",VLOOKUP($F32,'SINAPI_DESONERADO-04.2026'!$B$11:$E$19657,3,FALSE),IF($E32="CDHU",VLOOKUP($F32,'CDHU_Desonerado-FEV.2026 (201)'!$A$9:$F$4118,3,FALSE),IF($E32="FDE",VLOOKUP($F32,'FDE-01.26'!$A$1:$D$3994,3,FALSE),IF($E32="SIURB (E)",VLOOKUP($F32,'EDIF COM Des JAN.2026'!$A$1:$D$3000,3,FALSE),IF($E32="SIURB (I)",VLOOKUP($F32,'INFRA COM Des JAN.2026'!$A$2:$D$1000,3,FALSE),IF($E32="SICRO NOVO",VLOOKUP($F32,'SICRO.DNIT DESONERADA 01.26'!$A$4:$D$7000,3,FALSE),IF($E32="COMP.",VLOOKUP($F32,'COMPOSIÇÃO '!D:I,3,0)))))))) -> UN | I32: =IF(D32<>0,INDEX('MEMORIA CALCULO'!$A$1:$Q$109850,MATCH(D32,'MEMORIA CALCULO'!$A$1:$A$8050,0),16),0) -> 42
A33: =LEFT(D33,1) -> 3 | B33: =B32 -> 3 | C33: =IF(D33="",0,B33) -> 3 | D33: =D32+1 -> 3005 | E33: CDHU | F33: 97.02.193 | G33: =IF($E33="SINAPI",VLOOKUP($F33,'SINAPI_DESONERADO-04.2026'!$B$11:$E$19657,2,FALSE),IF($E33="CDHU",VLOOKUP($F33,'CDHU_Desonerado-FEV.2026 (201)'!$A$9:$F$4118,2,FALSE),IF($E33="FDE",VLOOKUP($F33,'FDE-01.26'!$A$1:$D$3994,2,FALSE),IF($E33="SIURB (E)",VLOOKUP($F33,'EDIF COM Des JAN.2026'!$A$3:$D$3000,2,FALSE),IF($E33="SIURB (I)",VLOOKUP($F33,'INFRA COM Des JAN.2026'!$A$2:$D$1000,2,FALSE),IF($E33="SICRO NOVO",VLOOKUP($F33,'SICRO.DNIT DESONERADA 01.26'!$A$4:$D$7000,2,FALSE),IF($E33="COMP.",VLOOKUP($F33,'COMPOSIÇÃO '!D:I,2,0)))))))) -> Placa de sinalização em PVC fotoluminescente (200x200mm), com indicação de equipamentos de alarme, detecção e extinção de incêndio | H33: =IF($E33="SINAPI",VLOOKUP($F33,'SINAPI_DESONERADO-04.2026'!$B$11:$E$19657,3,FALSE),IF($E33="CDHU",VLOOKUP($F33,'CDHU_Desonerado-FEV.2026 (201)'!$A$9:$F$4118,3,FALSE),IF($E33="FDE",VLOOKUP($F33,'FDE-01.26'!$A$1:$D$3994,3,FALSE),IF($E33="SIURB (E)",VLOOKUP($F33,'EDIF COM Des JAN.2026'!$A$1:$D$3000,3,FALSE),IF($E33="SIURB (I)",VLOOKUP($F33,'INFRA COM Des JAN.2026'!$A$2:$D$1000,3,FALSE),IF($E33="SICRO NOVO",VLOOKUP($F33,'SICRO.DNIT DESONERADA 01.26'!$A$4:$D$7000,3,FALSE),IF($E33="COMP.",VLOOKUP($F33,'COMPOSIÇÃO '!D:I,3,0)))))))) -> UN | I33: =IF(D33<>0,INDEX('MEMORIA CALCULO'!$A$1:$Q$109850,MATCH(D33,'MEMORIA CALCULO'!$A$1:$A$8050,0),16),0) -> 7
A34: =LEFT(D34,1) -> 3 | B34: =B33 -> 3 | C34: =IF(D34="",0,B34) -> 3 | D34: =D33+1 -> 3006 | E34: CDHU | F34: 97.02.197 | G34: =IF($E34="SINAPI",VLOOKUP($F34,'SINAPI_DESONERADO-04.2026'!$B$11:$E$19657,2,FALSE),IF($E34="CDHU",VLOOKUP($F34,'CDHU_Desonerado-FEV.2026 (201)'!$A$9:$F$4118,2,FALSE),IF($E34="FDE",VLOOKUP($F34,'FDE-01.26'!$A$1:$D$3994,2,FALSE),IF($E34="SIURB (E)",VLOOKUP($F34,'EDIF COM Des JAN.2026'!$A$3:$D$3000,2,FALSE),IF($E34="SIURB (I)",VLOOKUP($F34,'INFRA COM Des JAN.2026'!$A$2:$D$1000,2,FALSE),IF($E34="SICRO NOVO",VLOOKUP($F34,'SICRO.DNIT DESONERADA 01.26'!$A$4:$D$7000,2,FALSE),IF($E34="COMP.",VLOOKUP($F34,'COMPOSIÇÃO '!D:I,2,0)))))))) -> Placa de sinalização em PVC, com indicação de alerta | H34: =IF($E34="SINAPI",VLOOKUP($F34,'SINAPI_DESONERADO-04.2026'!$B$11:$E$19657,3,FALSE),IF($E34="CDHU",VLOOKUP($F34,'CDHU_Desonerado-FEV.2026 (201)'!$A$9:$F$4118,3,FALSE),IF($E34="FDE",VLOOKUP($F34,'FDE-01.26'!$A$1:$D$3994,3,FALSE),IF($E34="SIURB (E)",VLOOKUP($F34,'EDIF COM Des JAN.2026'!$A$1:$D$3000,3,FALSE),IF($E34="SIURB (I)",VLOOKUP($F34,'INFRA COM Des JAN.2026'!$A$2:$D$1000,3,FALSE),IF($E34="SICRO NOVO",VLOOKUP($F34,'SICRO.DNIT DESONERADA 01.26'!$A$4:$D$7000,3,FALSE),IF($E34="COMP.",VLOOKUP($F34,'COMPOSIÇÃO '!D:I,3,0)))))))) -> UN | I34: =IF(D34<>0,INDEX('MEMORIA CALCULO'!$A$1:$Q$109850,MATCH(D34,'MEMORIA CALCULO'!$A$1:$A$8050,0),16),0) -> 1
A35: =LEFT(D35,1) -> 3 | B35: =B34 -> 3 | C35: =IF(D35="",0,B35) -> 3 | D35: =D34+1 -> 3007 | E35: CDHU | F35: 97.02.198 | G35: =IF($E35="SINAPI",VLOOKUP($F35,'SINAPI_DESONERADO-04.2026'!$B$11:$E$19657,2,FALSE),IF($E35="CDHU",VLOOKUP($F35,'CDHU_Desonerado-FEV.2026 (201)'!$A$9:$F$4118,2,FALSE),IF($E35="FDE",VLOOKUP($F35,'FDE-01.26'!$A$1:$D$3994,2,FALSE),IF($E35="SIURB (E)",VLOOKUP($F35,'EDIF COM Des JAN.2026'!$A$3:$D$3000,2,FALSE),IF($E35="SIURB (I)",VLOOKUP($F35,'INFRA COM Des JAN.2026'!$A$2:$D$1000,2,FALSE),IF($E35="SICRO NOVO",VLOOKUP($F35,'SICRO.DNIT DESONERADA 01.26'!$A$4:$D$7000,2,FALSE),IF($E35="COMP.",VLOOKUP($F35,'COMPOSIÇÃO '!D:I,2,0)))))))) -> Placa de sinalização em PVC, com indicação de proibição normativa | H35: =IF($E35="SINAPI",VLOOKUP($F35,'SINAPI_DESONERADO-04.2026'!$B$11:$E$19657,3,FALSE),IF($E35="CDHU",VLOOKUP($F35,'CDHU_Desonerado-FEV.2026 (201)'!$A$9:$F$4118,3,FALSE),IF($E35="FDE",VLOOKUP($F35,'FDE-01.26'!$A$1:$D$3994,3,FALSE),IF($E35="SIURB (E)",VLOOKUP($F35,'EDIF COM Des JAN.2026'!$A$1:$D$3000,3,FALSE),IF($E35="SIURB (I)",VLOOKUP($F35,'INFRA COM Des JAN.2026'!$A$2:$D$1000,3,FALSE),IF($E35="SICRO NOVO",VLOOKUP($F35,'SICRO.DNIT DESONERADA 01.26'!$A$4:$D$7000,3,FALSE),IF($E35="COMP.",VLOOKUP($F35,'COMPOSIÇÃO '!D:I,3,0)))))))) -> UN | I35: =IF(D35<>0,INDEX('MEMORIA CALCULO'!$A$1:$Q$109850,MATCH(D35,'MEMORIA CALCULO'!$A$1:$A$8050,0),16),0) -> 1
A36: =LEFT(D36,1) -> 3 | B36: =B35 -> 3 | C36: =IF(D36="",0,B36) -> 3 | D36: =D35+1 -> 3008 | E36: CDHU | F36: 97.02.190 | G36: =IF($E36="SINAPI",VLOOKUP($F36,'SINAPI_DESONERADO-04.2026'!$B$11:$E$19657,2,FALSE),IF($E36="CDHU",VLOOKUP($F36,'CDHU_Desonerado-FEV.2026 (201)'!$A$9:$F$4118,2,FALSE),IF($E36="FDE",VLOOKUP($F36,'FDE-01.26'!$A$1:$D$3994,2,FALSE),IF($E36="SIURB (E)",VLOOKUP($F36,'EDIF COM Des JAN.2026'!$A$3:$D$3000,2,FALSE),IF($E36="SIURB (I)",VLOOKUP($F36,'INFRA COM Des JAN.2026'!$A$2:$D$1000,2,FALSE),IF($E36="SICRO NOVO",VLOOKUP($F36,'SICRO.DNIT DESONERADA 01.26'!$A$4:$D$7000,2,FALSE),IF($E36="COMP.",VLOOKUP($F36,'COMPOSIÇÃO '!D:I,2,0)))))))) -> Placa de identificação em acrílico com texto em vinil | H36: =IF($E36="SINAPI",VLOOKUP($F36,'SINAPI_DESONERADO-04.2026'!$B$11:$E$19657,3,FALSE),IF($E36="CDHU",VLOOKUP($F36,'CDHU_Desonerado-FEV.2026 (201)'!$A$9:$F$4118,3,FALSE),IF($E36="FDE",VLOOKUP($F36,'FDE-01.26'!$A$1:$D$3994,3,FALSE),IF($E36="SIURB (E)",VLOOKUP($F36,'EDIF COM Des JAN.2026'!$A$1:$D$3000,3,FALSE),IF($E36="SIURB (I)",VLOOKUP($F36,'INFRA COM Des JAN.2026'!$A$2:$D$1000,3,FALSE),IF($E36="SICRO NOVO",VLOOKUP($F36,'SICRO.DNIT DESONERADA 01.26'!$A$4:$D$7000,3,FALSE),IF($E36="COMP.",VLOOKUP($F36,'COMPOSIÇÃO '!D:I,3,0)))))))) -> M2 | I36: =IF(D36<>0,INDEX('MEMORIA CALCULO'!$A$1:$Q$109850,MATCH(D36,'MEMORIA CALCULO'!$A$1:$A$8050,0),16),0) -> 0.1
E37: ILUMINAÇÃO DE EMERGÊNCIA
A38: =LEFT(D38,1) -> 3 | B38: =B36 -> 3 | C38: =IF(D38="",0,B38) -> 3 | D38: =D36+1 -> 3009 | E38: CDHU | F38: 50.05.312 | G38: =IF($E38="SINAPI",VLOOKUP($F38,'SINAPI_DESONERADO-04.2026'!$B$11:$E$19657,2,FALSE),IF($E38="CDHU",VLOOKUP($F38,'CDHU_Desonerado-FEV.2026 (201)'!$A$9:$F$4118,2,FALSE),IF($E38="FDE",VLOOKUP($F38,'FDE-01.26'!$A$1:$D$3994,2,FALSE),IF($E38="SIURB (E)",VLOOKUP($F38,'EDIF COM Des JAN.2026'!$A$3:$D$3000,2,FALSE),IF($E38="SIURB (I)",VLOOKUP($F38,'INFRA COM Des JAN.2026'!$A$2:$D$1000,2,FALSE),IF($E38="SICRO NOVO",VLOOKUP($F38,'SICRO.DNIT DESONERADA 01.26'!$A$4:$D$7000,2,FALSE),IF($E38="COMP.",VLOOKUP($F38,'COMPOSIÇÃO '!D:I,2,0)))))))) -> Bloco autônomo de iluminação de emergência LED, com autonomia mínima de 3 horas, fluxo luminoso de 2.000 até 3.000 lúmens, equipado com 2 faróis | H38: =IF($E38="SINAPI",VLOOKUP($F38,'SINAPI_DESONERADO-04.2026'!$B$11:$E$19657,3,FALSE),IF($E38="CDHU",VLOOKUP($F38,'CDHU_Desonerado-FEV.2026 (201)'!$A$9:$F$4118,3,FALSE),IF($E38="FDE",VLOOKUP($F38,'FDE-01.26'!$A$1:$D$3994,3,FALSE),IF($E38="SIURB (E)",VLOOKUP($F38,'EDIF COM Des JAN.2026'!$A$1:$D$3000,3,FALSE),IF($E38="SIURB (I)",VLOOKUP($F38,'INFRA COM Des JAN.2026'!$A$2:$D$1000,3,FALSE),IF($E38="SICRO NOVO",VLOOKUP($F38,'SICRO.DNIT DESONERADA 01.26'!$A$4:$D$7000,3,FALSE),IF($E38="COMP.",VLOOKUP($F38,'COMPOSIÇÃO '!D:I,3,0)))))))) -> UN | I38: =IF(D38<>0,INDEX('MEMORIA CALCULO'!$A$1:$Q$109850,MATCH(D38,'MEMORIA CALCULO'!$A$1:$A$8050,0),16),0) -> 41
A39: =LEFT(D39,1) -> 3 | B39: =B38 -> 3 | C39: =IF(D39="",0,B39) -> 3 | D39: =D38+1 -> 3010 | E39: CDHU | F39: 50.05.060 | G39: =IF($E39="SINAPI",VLOOKUP($F39,'SINAPI_DESONERADO-04.2026'!$B$11:$E$19657,2,FALSE),IF($E39="CDHU",VLOOKUP($F39,'CDHU_Desonerado-FEV.2026 (201)'!$A$9:$F$4118,2,FALSE),IF($E39="FDE",VLOOKUP($F39,'FDE-01.26'!$A$1:$D$3994,2,FALSE),IF($E39="SIURB (E)",VLOOKUP($F39,'EDIF COM Des JAN.2026'!$A$3:$D$3000,2,FALSE),IF($E39="SIURB (I)",VLOOKUP($F39,'INFRA COM Des JAN.2026'!$A$2:$D$1000,2,FALSE),IF($E39="SICRO NOVO",VLOOKUP($F39,'SICRO.DNIT DESONERADA 01.26'!$A$4:$D$7000,2,FALSE),IF($E39="COMP.",VLOOKUP($F39,'COMPOSIÇÃO '!D:I,2,0)))))))) -> Central de iluminação de emergência, completa, para até 6.000 W | H39: =IF($E39="SINAPI",VLOOKUP($F39,'SINAPI_DESONERADO-04.2026'!$B$11:$E$19657,3,FALSE),IF($E39="CDHU",VLOOKUP($F39,'CDHU_Desonerado-FEV.2026 (201)'!$A$9:$F$4118,3,FALSE),IF($E39="FDE",VLOOKUP($F39,'FDE-01.26'!$A$1:$D$3994,3,FALSE),IF($E39="SIURB (E)",VLOOKUP($F39,'EDIF COM Des JAN.2026'!$A$1:$D$3000,3,FALSE),IF($E39="SIURB (I)",VLOOKUP($F39,'INFRA COM Des JAN.2026'!$A$2:$D$1000,3,FALSE),IF($E39="SICRO NOVO",VLOOKUP($F39,'SICRO.DNIT DESONERADA 01.26'!$A$4:$D$7000,3,FALSE),IF($E39="COMP.",VLOOKUP($F39,'COMPOSIÇÃO '!D:I,3,0)))))))) -> UN | I39: =IF(D39<>0,INDEX('MEMORIA CALCULO'!$A$1:$Q$109850,MATCH(D39,'MEMORIA CALCULO'!$A$1:$A$8050,0),16),0) -> 1
E40: CENTRAL DE ALARME E DETECTORES
A41: =LEFT(D41,1) -> 3 | B41: =B38 -> 3 | C41: =IF(D41="",0,B41) -> 3 | D41: =D39+1 -> 3011 | E41: CDHU | F41: 50.05.270 | G41: =IF($E41="SINAPI",VLOOKUP($F41,'SINAPI_DESONERADO-04.2026'!$B$11:$E$19657,2,FALSE),IF($E41="CDHU",VLOOKUP($F41,'CDHU_Desonerado-FEV.2026 (201)'!$A$9:$F$4118,2,FALSE),IF($E41="FDE",VLOOKUP($F41,'FDE-01.26'!$A$1:$D$3994,2,FALSE),IF($E41="SIURB (E)",VLOOKUP($F41,'EDIF COM Des JAN.2026'!$A$3:$D$3000,2,FALSE),IF($E41="SIURB (I)",VLOOKUP($F41,'INFRA COM Des JAN.2026'!$A$2:$D$1000,2,FALSE),IF($E41="SICRO NOVO",VLOOKUP($F41,'SICRO.DNIT DESONERADA 01.26'!$A$4:$D$7000,2,FALSE),IF($E41="COMP.",VLOOKUP($F41,'COMPOSIÇÃO '!D:I,2,0)))))))) -> Central de detecção e alarme de incêndio completa, autonomia de 1 hora para 12 laços, 220 V/12 V | H41: =IF($E41="SINAPI",VLOOKUP($F41,'SINAPI_DESONERADO-04.2026'!$B$11:$E$19657,3,FALSE),IF($E41="CDHU",VLOOKUP($F41,'CDHU_Desonerado-FEV.2026 (201)'!$A$9:$F$4118,3,FALSE),IF($E41="FDE",VLOOKUP($F41,'FDE-01.26'!$A$1:$D$3994,3,FALSE),IF($E41="SIURB (E)",VLOOKUP($F41,'EDIF COM Des JAN.2026'!$A$1:$D$3000,3,FALSE),IF($E41="SIURB (I)",VLOOKUP($F41,'INFRA COM Des JAN.2026'!$A$2:$D$1000,3,FALSE),IF($E41="SICRO NOVO",VLOOKUP($F41,'SICRO.DNIT DESONERADA 01.26'!$A$4:$D$7000,3,FALSE),IF($E41="COMP.",VLOOKUP($F41,'COMPOSIÇÃO '!D:I,3,0)))))))) -> UN | I41: =IF(D41<>0,INDEX('MEMORIA CALCULO'!$A$1:$Q$109850,MATCH(D41,'MEMORIA CALCULO'!$A$1:$A$8050,0),16),0) -> 1
A42: =LEFT(D42,1) -> 3 | B42: =B38 -> 3 | C42: =IF(D42="",0,B42) -> 3 | D42: =D41+1 -> 3012 | E42: CDHU | F42: 50.05.430 | G42: =IF($E42="SINAPI",VLOOKUP($F42,'SINAPI_DESONERADO-04.2026'!$B$11:$E$19657,2,FALSE),IF($E42="CDHU",VLOOKUP($F42,'CDHU_Desonerado-FEV.2026 (201)'!$A$9:$F$4118,2,FALSE),IF($E42="FDE",VLOOKUP($F42,'FDE-01.26'!$A$1:$D$3994,2,FALSE),IF($E42="SIURB (E)",VLOOKUP($F42,'EDIF COM Des JAN.2026'!$A$3:$D$3000,2,FALSE),IF($E42="SIURB (I)",VLOOKUP($F42,'INFRA COM Des JAN.2026'!$A$2:$D$1000,2,FALSE),IF($E42="SICRO NOVO",VLOOKUP($F42,'SICRO.DNIT DESONERADA 01.26'!$A$4:$D$7000,2,FALSE),IF($E42="COMP.",VLOOKUP($F42,'COMPOSIÇÃO '!D:I,2,0)))))))) -> Detector óptico de fumaça com base endereçável | H42: =IF($E42="SINAPI",VLOOKUP($F42,'SINAPI_DESONERADO-04.2026'!$B$11:$E$19657,3,FALSE),IF($E42="CDHU",VLOOKUP($F42,'CDHU_Desonerado-FEV.2026 (201)'!$A$9:$F$4118,3,FALSE),IF($E42="FDE",VLOOKUP($F42,'FDE-01.26'!$A$1:$D$3994,3,FALSE),IF($E42="SIURB (E)",VLOOKUP($F42,'EDIF COM Des JAN.2026'!$A$1:$D$3000,3,FALSE),IF($E42="SIURB (I)",VLOOKUP($F42,'INFRA COM Des JAN.2026'!$A$2:$D$1000,3,FALSE),IF($E42="SICRO NOVO",VLOOKUP($F42,'SICRO.DNIT DESONERADA 01.26'!$A$4:$D$7000,3,FALSE),IF($E42="COMP.",VLOOKUP($F42,'COMPOSIÇÃO '!D:I,3,0)))))))) -> UN | I42: =IF(D42<>0,INDEX('MEMORIA CALCULO'!$A$1:$Q$109850,MATCH(D42,'MEMORIA CALCULO'!$A$1:$A$8050,0),16),0) -> 118
A43: =LEFT(D43,1) -> 3 | B43: =B42 -> 3 | C43: =IF(D43="",0,B43) -> 3 | D43: =D42+1 -> 3013 | E43: CDHU | F43: 50.05.210 | G43: =IF($E43="SINAPI",VLOOKUP($F43,'SINAPI_DESONERADO-04.2026'!$B$11:$E$19657,2,FALSE),IF($E43="CDHU",VLOOKUP($F43,'CDHU_Desonerado-FEV.2026 (201)'!$A$9:$F$4118,2,FALSE),IF($E43="FDE",VLOOKUP($F43,'FDE-01.26'!$A$1:$D$3994,2,FALSE),IF($E43="SIURB (E)",VLOOKUP($F43,'EDIF COM Des JAN.2026'!$A$3:$D$3000,2,FALSE),IF($E43="SIURB (I)",VLOOKUP($F43,'INFRA COM Des JAN.2026'!$A$2:$D$1000,2,FALSE),IF($E43="SICRO NOVO",VLOOKUP($F43,'SICRO.DNIT DESONERADA 01.26'!$A$4:$D$7000,2,FALSE),IF($E43="COMP.",VLOOKUP($F43,'COMPOSIÇÃO '!D:I,2,0)))))))) -> Detector termovelocimétrico endereçável com base endereçável | H43: =IF($E43="SINAPI",VLOOKUP($F43,'SINAPI_DESONERADO-04.2026'!$B$11:$E$19657,3,FALSE),IF($E43="CDHU",VLOOKUP($F43,'CDHU_Desonerado-FEV.2026 (201)'!$A$9:$F$4118,3,FALSE),IF($E43="FDE",VLOOKUP($F43,'FDE-01.26'!$A$1:$D$3994,3,FALSE),IF($E43="SIURB (E)",VLOOKUP($F43,'EDIF COM Des JAN.2026'!$A$1:$D$3000,3,FALSE),IF($E43="SIURB (I)",VLOOKUP($F43,'INFRA COM Des JAN.2026'!$A$2:$D$1000,3,FALSE),IF($E43="SICRO NOVO",VLOOKUP($F43,'SICRO.DNIT DESONERADA 01.26'!$A$4:$D$7000,3,FALSE),IF($E43="COMP.",VLOOKUP($F43,'COMPOSIÇÃO '!D:I,3,0)))))))) -> UN | I43: =IF(D43<>0,INDEX('MEMORIA CALCULO'!$A$1:$Q$109850,MATCH(D43,'MEMORIA CALCULO'!$A$1:$A$8050,0),16),0) -> 4
A44: =LEFT(D44,1) -> 3 | B44: =B43 -> 3 | C44: =IF(D44="",0,B44) -> 3 | D44: =D43+1 -> 3014 | E44: CDHU | F44: 50.05.214 | G44: =IF($E44="SINAPI",VLOOKUP($F44,'SINAPI_DESONERADO-04.2026'!$B$11:$E$19657,2,FALSE),IF($E44="CDHU",VLOOKUP($F44,'CDHU_Desonerado-FEV.2026 (201)'!$A$9:$F$4118,2,FALSE),IF($E44="FDE",VLOOKUP($F44,'FDE-01.26'!$A$1:$D$3994,2,FALSE),IF($E44="SIURB (E)",VLOOKUP($F44,'EDIF COM Des JAN.2026'!$A$3:$D$3000,2,FALSE),IF($E44="SIURB (I)",VLOOKUP($F44,'INFRA COM Des JAN.2026'!$A$2:$D$1000,2,FALSE),IF($E44="SICRO NOVO",VLOOKUP($F44,'SICRO.DNIT DESONERADA 01.26'!$A$4:$D$7000,2,FALSE),IF($E44="COMP.",VLOOKUP($F44,'COMPOSIÇÃO '!D:I,2,0)))))))) -> Detector de gás liquefeito (GLP), gás natural (GN) ou derivados de metano | H44: =IF($E44="SINAPI",VLOOKUP($F44,'SINAPI_DESONERADO-04.2026'!$B$11:$E$19657,3,FALSE),IF($E44="CDHU",VLOOKUP($F44,'CDHU_Desonerado-FEV.2026 (201)'!$A$9:$F$4118,3,FALSE),IF($E44="FDE",VLOOKUP($F44,'FDE-01.26'!$A$1:$D$3994,3,FALSE),IF($E44="SIURB (E)",VLOOKUP($F44,'EDIF COM Des JAN.2026'!$A$1:$D$3000,3,FALSE),IF($E44="SIURB (I)",VLOOKUP($F44,'INFRA COM Des JAN.2026'!$A$2:$D$1000,3,FALSE),IF($E44="SICRO NOVO",VLOOKUP($F44,'SICRO.DNIT DESONERADA 01.26'!$A$4:$D$7000,3,FALSE),IF($E44="COMP.",VLOOKUP($F44,'COMPOSIÇÃO '!D:I,3,0)))))))) -> UN | I44: =IF(D44<>0,INDEX('MEMORIA CALCULO'!$A$1:$Q$109850,MATCH(D44,'MEMORIA CALCULO'!$A$1:$A$8050,0),16),0) -> 4
A45: =LEFT(D45,1) -> 3 | B45: =B44 -> 3 | C45: =IF(D45="",0,B45) -> 3 | D45: =D44+1 -> 3015 | E45: CDHU | F45: 30.06.064 | G45: =IF($E45="SINAPI",VLOOKUP($F45,'SINAPI_DESONERADO-04.2026'!$B$11:$E$19657,2,FALSE),IF($E45="CDHU",VLOOKUP($F45,'CDHU_Desonerado-FEV.2026 (201)'!$A$9:$F$4118,2,FALSE),IF($E45="FDE",VLOOKUP($F45,'FDE-01.26'!$A$1:$D$3994,2,FALSE),IF($E45="SIURB (E)",VLOOKUP($F45,'EDIF COM Des JAN.2026'!$A$3:$D$3000,2,FALSE),IF($E45="SIURB (I)",VLOOKUP($F45,'INFRA COM Des JAN.2026'!$A$2:$D$1000,2,FALSE),IF($E45="SICRO NOVO",VLOOKUP($F45,'SICRO.DNIT DESONERADA 01.26'!$A$4:$D$7000,2,FALSE),IF($E45="COMP.",VLOOKUP($F45,'COMPOSIÇÃO '!D:I,2,0)))))))) -> Sistema de alarme PNE com indicador audiovisual, sistema sem fio (Wireless), para pessoas com mobilidade reduzida ou cadeirante | H45: =IF($E45="SINAPI",VLOOKUP($F45,'SINAPI_DESONERADO-04.2026'!$B$11:$E$19657,3,FALSE),IF($E45="CDHU",VLOOKUP($F45,'CDHU_Desonerado-FEV.2026 (201)'!$A$9:$F$4118,3,FALSE),IF($E45="FDE",VLOOKUP($F45,'FDE-01.26'!$A$1:$D$3994,3,FALSE),IF($E45="SIURB (E)",VLOOKUP($F45,'EDIF COM Des JAN.2026'!$A$1:$D$3000,3,FALSE),IF($E45="SIURB (I)",VLOOKUP($F45,'INFRA COM Des JAN.2026'!$A$2:$D$1000,3,FALSE),IF($E45="SICRO NOVO",VLOOKUP($F45,'SICRO.DNIT DESONERADA 01.26'!$A$4:$D$7000,3,FALSE),IF($E45="COMP.",VLOOKUP($F45,'COMPOSIÇÃO '!D:I,3,0)))))))) -> CJ | I45: =IF(D45<>0,INDEX('MEMORIA CALCULO'!$A$1:$Q$109850,MATCH(D45,'MEMORIA CALCULO'!$A$1:$A$8050,0),16),0) -> 2
E46: TUBULAÇÕES
A47: =LEFT(D47,1) -> 3 | B47: =B45 -> 3 | C47: =IF(D47="",0,B47) -> 3 | D47: =D45+1 -> 3016 | E47: CDHU | F47: 46.08.070 | G47: =IF($E47="SINAPI",VLOOKUP($F47,'SINAPI_DESONERADO-04.2026'!$B$11:$E$19657,2,FALSE),IF($E47="CDHU",VLOOKUP($F47,'CDHU_Desonerado-FEV.2026 (201)'!$A$9:$F$4118,2,FALSE),IF($E47="FDE",VLOOKUP($F47,'FDE-01.26'!$A$1:$D$3994,2,FALSE),IF($E47="SIURB (E)",VLOOKUP($F47,'EDIF COM Des JAN.2026'!$A$3:$D$3000,2,FALSE),IF($E47="SIURB (I)",VLOOKUP($F47,'INFRA COM Des JAN.2026'!$A$2:$D$1000,2,FALSE),IF($E47="SICRO NOVO",VLOOKUP($F47,'SICRO.DNIT DESONERADA 01.26'!$A$4:$D$7000,2,FALSE),IF($E47="COMP.",VLOOKUP($F47,'COMPOSIÇÃO '!D:I,2,0)))))))) -> Tubo galvanizado sem costura schedule 40, DN= 2 1/2´, inclusive conexões | H47: =IF($E47="SINAPI",VLOOKUP($F47,'SINAPI_DESONERADO-04.2026'!$B$11:$E$19657,3,FALSE),IF($E47="CDHU",VLOOKUP($F47,'CDHU_Desonerado-FEV.2026 (201)'!$A$9:$F$4118,3,FALSE),IF($E47="FDE",VLOOKUP($F47,'FDE-01.26'!$A$1:$D$3994,3,FALSE),IF($E47="SIURB (E)",VLOOKUP($F47,'EDIF COM Des JAN.2026'!$A$1:$D$3000,3,FALSE),IF($E47="SIURB (I)",VLOOKUP($F47,'INFRA COM Des JAN.2026'!$A$2:$D$1000,3,FALSE),IF($E47="SICRO NOVO",VLOOKUP($F47,'SICRO.DNIT DESONERADA 01.26'!$A$4:$D$7000,3,FALSE),IF($E47="COMP.",VLOOKUP($F47,'COMPOSIÇÃO '!D:I,3,0)))))))) -> M | I47: =IF(D47<>0,INDEX('MEMORIA CALCULO'!$A$1:$Q$109850,MATCH(D47,'MEMORIA CALCULO'!$A$1:$A$8050,0),16),0) -> 29
A48: =LEFT(D48,1) -> 3 | B48: =B47 -> 3 | C48: =IF(D48="",0,B48) -> 3 | D48: =D47+1 -> 3017 | E48: CDHU | F48: 46.08.080 | G48: =IF($E48="SINAPI",VLOOKUP($F48,'SINAPI_DESONERADO-04.2026'!$B$11:$E$19657,2,FALSE),IF($E48="CDHU",VLOOKUP($F48,'CDHU_Desonerado-FEV.2026 (201)'!$A$9:$F$4118,2,FALSE),IF($E48="FDE",VLOOKUP($F48,'FDE-01.26'!$A$1:$D$3994,2,FALSE),IF($E48="SIURB (E)",VLOOKUP($F48,'EDIF COM Des JAN.2026'!$A$3:$D$3000,2,FALSE),IF($E48="SIURB (I)",VLOOKUP($F48,'INFRA COM Des JAN.2026'!$A$2:$D$1000,2,FALSE),IF($E48="SICRO NOVO",VLOOKUP($F48,'SICRO.DNIT DESONERADA 01.26'!$A$4:$D$7000,2,FALSE),IF($E48="COMP.",VLOOKUP($F48,'COMPOSIÇÃO '!D:I,2,0)))))))) -> Tubo galvanizado sem costura schedule 40, DN= 3´, inclusive conexões | H48: =IF($E48="SINAPI",VLOOKUP($F48,'SINAPI_DESONERADO-04.2026'!$B$11:$E$19657,3,FALSE),IF($E48="CDHU",VLOOKUP($F48,'CDHU_Desonerado-FEV.2026 (201)'!$A$9:$F$4118,3,FALSE),IF($E48="FDE",VLOOKUP($F48,'FDE-01.26'!$A$1:$D$3994,3,FALSE),IF($E48="SIURB (E)",VLOOKUP($F48,'EDIF COM Des JAN.2026'!$A$1:$D$3000,3,FALSE),IF($E48="SIURB (I)",VLOOKUP($F48,'INFRA COM Des JAN.2026'!$A$2:$D$1000,3,FALSE),IF($E48="SICRO NOVO",VLOOKUP($F48,'SICRO.DNIT DESONERADA 01.26'!$A$4:$D$7000,3,FALSE),IF($E48="COMP.",VLOOKUP($F48,'COMPOSIÇÃO '!D:I,3,0)))))))) -> M | I48: =IF(D48<>0,INDEX('MEMORIA CALCULO'!$A$1:$Q$109850,MATCH(D48,'MEMORIA CALCULO'!$A$1:$A$8050,0),16),0) -> 64.45
A49: =LEFT(D49,1) -> 3 | B49: =B48 -> 3 | C49: =IF(D49="",0,B49) -> 3 | D49: =D48+1 -> 3018 | E49: CDHU | F49: 33.11.050 | G49: =IF($E49="SINAPI",VLOOKUP($F49,'SINAPI_DESONERADO-04.2026'!$B$11:$E$19657,2,FALSE),IF($E49="CDHU",VLOOKUP($F49,'CDHU_Desonerado-FEV.2026 (201)'!$A$9:$F$4118,2,FALSE),IF($E49="FDE",VLOOKUP($F49,'FDE-01.26'!$A$1:$D$3994,2,FALSE),IF($E49="SIURB (E)",VLOOKUP($F49,'EDIF COM Des JAN.2026'!$A$3:$D$3000,2,FALSE),IF($E49="SIURB (I)",VLOOKUP($F49,'INFRA COM Des JAN.2026'!$A$2:$D$1000,2,FALSE),IF($E49="SICRO NOVO",VLOOKUP($F49,'SICRO.DNIT DESONERADA 01.26'!$A$4:$D$7000,2,FALSE),IF($E49="COMP.",VLOOKUP($F49,'COMPOSIÇÃO '!D:I,2,0)))))))) -> Esmalte à base água em superfície metálica, inclusive preparo | H49: =IF($E49="SINAPI",VLOOKUP($F49,'SINAPI_DESONERADO-04.2026'!$B$11:$E$19657,3,FALSE),IF($E49="CDHU",VLOOKUP($F49,'CDHU_Desonerado-FEV.2026 (201)'!$A$9:$F$4118,3,FALSE),IF($E49="FDE",VLOOKUP($F49,'FDE-01.26'!$A$1:$D$3994,3,FALSE),IF($E49="SIURB (E)",VLOOKUP($F49,'EDIF COM Des JAN.2026'!$A$1:$D$3000,3,FALSE),IF($E49="SIURB (I)",VLOOKUP($F49,'INFRA COM Des JAN.2026'!$A$2:$D$1000,3,FALSE),IF($E49="SICRO NOVO",VLOOKUP($F49,'SICRO.DNIT DESONERADA 01.26'!$A$4:$D$7000,3,FALSE),IF($E49="COMP.",VLOOKUP($F49,'COMPOSIÇÃO '!D:I,3,0)))))))) -> M2 | I49: =IF(D49<>0,INDEX('MEMORIA CALCULO'!$A$1:$Q$109850,MATCH(D49,'MEMORIA CALCULO'!$A$1:$A$8050,0),16),0) -> 21.26
E50: HIDRANTE E ABRIGO
A51: =LEFT(D51,1) -> 3 | B51: =B49 -> 3 | C51: =IF(D51="",0,B51) -> 3 | D51: =D49+1 -> 3019 | E51: CDHU | F51: 50.01.330 | G51: =IF($E51="SINAPI",VLOOKUP($F51,'SINAPI_DESONERADO-04.2026'!$B$11:$E$19657,2,FALSE),IF($E51="CDHU",VLOOKUP($F51,'CDHU_Desonerado-FEV.2026 (201)'!$A$9:$F$4118,2,FALSE),IF($E51="FDE",VLOOKUP($F51,'FDE-01.26'!$A$1:$D$3994,2,FALSE),IF($E51="SIURB (E)",VLOOKUP($F51,'EDIF COM Des JAN.2026'!$A$3:$D$3000,2,FALSE),IF($E51="SIURB (I)",VLOOKUP($F51,'INFRA COM Des JAN.2026'!$A$2:$D$1000,2,FALSE),IF($E51="SICRO NOVO",VLOOKUP($F51,'SICRO.DNIT DESONERADA 01.26'!$A$4:$D$7000,2,FALSE),IF($E51="COMP.",VLOOKUP($F51,'COMPOSIÇÃO '!D:I,2,0)))))))) -> Abrigo de hidrante de 2 1/2´ completo - inclusive mangueira de 30 m (2 x 15 m) | H51: =IF($E51="SINAPI",VLOOKUP($F51,'SINAPI_DESONERADO-04.2026'!$B$11:$E$19657,3,FALSE),IF($E51="CDHU",VLOOKUP($F51,'CDHU_Desonerado-FEV.2026 (201)'!$A$9:$F$4118,3,FALSE),IF($E51="FDE",VLOOKUP($F51,'FDE-01.26'!$A$1:$D$3994,3,FALSE),IF($E51="SIURB (E)",VLOOKUP($F51,'EDIF COM Des JAN.2026'!$A$1:$D$3000,3,FALSE),IF($E51="SIURB (I)",VLOOKUP($F51,'INFRA COM Des JAN.2026'!$A$2:$D$1000,3,FALSE),IF($E51="SICRO NOVO",VLOOKUP($F51,'SICRO.DNIT DESONERADA 01.26'!$A$4:$D$7000,3,FALSE),IF($E51="COMP.",VLOOKUP($F51,'COMPOSIÇÃO '!D:I,3,0)))))))) -> UN | I51: =IF(D51<>0,INDEX('MEMORIA CALCULO'!$A$1:$Q$109850,MATCH(D51,'MEMORIA CALCULO'!$A$1:$A$8050,0),16),0) -> 7
A52: =LEFT(D52,1) -> 3 | B52: =B51 -> 3 | C52: =IF(D52="",0,B52) -> 3 | D52: =D51+1 -> 3020 | E52: CDHU | F52: 50.01.210 | G52: =IF($E52="SINAPI",VLOOKUP($F52,'SINAPI_DESONERADO-04.2026'!$B$11:$E$19657,2,FALSE),IF($E52="CDHU",VLOOKUP($F52,'CDHU_Desonerado-FEV.2026 (201)'!$A$9:$F$4118,2,FALSE),IF($E52="FDE",VLOOKUP($F52,'FDE-01.26'!$A$1:$D$3994,2,FALSE),IF($E52="SIURB (E)",VLOOKUP($F52,'EDIF COM Des JAN.2026'!$A$3:$D$3000,2,FALSE),IF($E52="SIURB (I)",VLOOKUP($F52,'INFRA COM Des JAN.2026'!$A$2:$D$1000,2,FALSE),IF($E52="SICRO NOVO",VLOOKUP($F52,'SICRO.DNIT DESONERADA 01.26'!$A$4:$D$7000,2,FALSE),IF($E52="COMP.",VLOOKUP($F52,'COMPOSIÇÃO '!D:I,2,0)))))))) -> Chave para conexão de engate rápido | H52: =IF($E52="SINAPI",VLOOKUP($F52,'SINAPI_DESONERADO-04.2026'!$B$11:$E$19657,3,FALSE),IF($E52="CDHU",VLOOKUP($F52,'CDHU_Desonerado-FEV.2026 (201)'!$A$9:$F$4118,3,FALSE),IF($E52="FDE",VLOOKUP($F52,'FDE-01.26'!$A$1:$D$3994,3,FALSE),IF($E52="SIURB (E)",VLOOKUP($F52,'EDIF COM Des JAN.2026'!$A$1:$D$3000,3,FALSE),IF($E52="SIURB (I)",VLOOKUP($F52,'INFRA COM Des JAN.2026'!$A$2:$D$1000,3,FALSE),IF($E52="SICRO NOVO",VLOOKUP($F52,'SICRO.DNIT DESONERADA 01.26'!$A$4:$D$7000,3,FALSE),IF($E52="COMP.",VLOOKUP($F52,'COMPOSIÇÃO '!D:I,3,0)))))))) -> UN | I52: =IF(D52<>0,INDEX('MEMORIA CALCULO'!$A$1:$Q$109850,MATCH(D52,'MEMORIA CALCULO'!$A$1:$A$8050,0),16),0) -> 7
E53: BOMBA E ACESSÓRIOS
A54: =LEFT(D54,1) -> 3 | B54: =B51 -> 3 | C54: =IF(D54="",0,B54) -> 3 | D54: =D52+1 -> 3021 | E54: FDE | F54: 08.08.012 | G54: =IF($E54="SINAPI",VLOOKUP($F54,'SINAPI_DESONERADO-04.2026'!$B$11:$E$19657,2,FALSE),IF($E54="CDHU",VLOOKUP($F54,'CDHU_Desonerado-FEV.2026 (201)'!$A$9:$F$4118,2,FALSE),IF($E54="FDE",VLOOKUP($F54,'FDE-01.26'!$A$1:$D$3994,2,FALSE),IF($E54="SIURB (E)",VLOOKUP($F54,'EDIF COM Des JAN.2026'!$A$3:$D$3000,2,FALSE),IF($E54="SIURB (I)",VLOOKUP($F54,'INFRA COM Des JAN.2026'!$A$2:$D$1000,2,FALSE),IF($E54="SICRO NOVO",VLOOKUP($F54,'SICRO.DNIT DESONERADA 01.26'!$A$4:$D$7000,2,FALSE),IF($E54="COMP.",VLOOKUP($F54,'COMPOSIÇÃO '!D:I,2,0)))))))) -> REGISTRO DE RECALQUE NO PASSEIO (RR-01) | H54: =IF($E54="SINAPI",VLOOKUP($F54,'SINAPI_DESONERADO-04.2026'!$B$11:$E$19657,3,FALSE),IF($E54="CDHU",VLOOKUP($F54,'CDHU_Desonerado-FEV.2026 (201)'!$A$9:$F$4118,3,FALSE),IF($E54="FDE",VLOOKUP($F54,'FDE-01.26'!$A$1:$D$3994,3,FALSE),IF($E54="SIURB (E)",VLOOKUP($F54,'EDIF COM Des JAN.2026'!$A$1:$D$3000,3,FALSE),IF($E54="SIURB (I)",VLOOKUP($F54,'INFRA COM Des JAN.2026'!$A$2:$D$1000,3,FALSE),IF($E54="SICRO NOVO",VLOOKUP($F54,'SICRO.DNIT DESONERADA 01.26'!$A$4:$D$7000,3,FALSE),IF($E54="COMP.",VLOOKUP($F54,'COMPOSIÇÃO '!D:I,3,0)))))))) -> UN | I54: =IF(D54<>0,INDEX('MEMORIA CALCULO'!$A$1:$Q$109850,MATCH(D54,'MEMORIA CALCULO'!$A$1:$A$8050,0),16),0) -> 1
A55: =LEFT(D55,1) -> 3 | B55: =B54 -> 3 | C55: =IF(D55="",0,B55) -> 3 | D55: =D54+1 -> 3022 | E55: SIURB (E) | F55: 10003011 | G55: =IF($E55="SINAPI",VLOOKUP($F55,'SINAPI_DESONERADO-04.2026'!$B$11:$E$19657,2,FALSE),IF($E55="CDHU",VLOOKUP($F55,'CDHU_Desonerado-FEV.2026 (201)'!$A$9:$F$4118,2,FALSE),IF($E55="FDE",VLOOKUP($F55,'FDE-01.26'!$A$1:$D$3994,2,FALSE),IF($E55="SIURB (E)",VLOOKUP($F55,'EDIF COM Des JAN.2026'!$A$3:$D$3000,2,FALSE),IF($E55="SIURB (I)",VLOOKUP($F55,'INFRA COM Des JAN.2026'!$A$2:$D$1000,2,FALSE),IF($E55="SICRO NOVO",VLOOKUP($F55,'SICRO.DNIT DESONERADA 01.26'!$A$4:$D$7000,2,FALSE),IF($E55="COMP.",VLOOKUP($F55,'COMPOSIÇÃO '!D:I,2,0)))))))) -> CONJUNTO MOTOR-BOMBA 112M3/H, 20MCA, 10CV, 3500RPM, 220/380V, TRIFÁSICO | H55: =IF($E55="SINAPI",VLOOKUP($F55,'SINAPI_DESONERADO-04.2026'!$B$11:$E$19657,3,FALSE),IF($E55="CDHU",VLOOKUP($F55,'CDHU_Desonerado-FEV.2026 (201)'!$A$9:$F$4118,3,FALSE),IF($E55="FDE",VLOOKUP($F55,'FDE-01.26'!$A$1:$D$3994,3,FALSE),IF($E55="SIURB (E)",VLOOKUP($F55,'EDIF COM Des JAN.2026'!$A$1:$D$3000,3,FALSE),IF($E55="SIURB (I)",VLOOKUP($F55,'INFRA COM Des JAN.2026'!$A$2:$D$1000,3,FALSE),IF($E55="SICRO NOVO",VLOOKUP($F55,'SICRO.DNIT DESONERADA 01.26'!$A$4:$D$7000,3,FALSE),IF($E55="COMP.",VLOOKUP($F55,'COMPOSIÇÃO '!D:I,3,0)))))))) -> UN | I55: =IF(D55<>0,INDEX('MEMORIA CALCULO'!$A$1:$Q$109850,MATCH(D55,'MEMORIA CALCULO'!$A$1:$A$8050,0),16),0) -> 2
A56: =LEFT(D56,1) -> 3 | B56: =B55 -> 3 | C56: =IF(D56="",0,B56) -> 3 | D56: =D55+1 -> 3023 | E56: FDE | F56: 09.05.089 | G56: =IF($E56="SINAPI",VLOOKUP($F56,'SINAPI_DESONERADO-04.2026'!$B$11:$E$19657,2,FALSE),IF($E56="CDHU",VLOOKUP($F56,'CDHU_Desonerado-FEV.2026 (201)'!$A$9:$F$4118,2,FALSE),IF($E56="FDE",VLOOKUP($F56,'FDE-01.26'!$A$1:$D$3994,2,FALSE),IF($E56="SIURB (E)",VLOOKUP($F56,'EDIF COM Des JAN.2026'!$A$3:$D$3000,2,FALSE),IF($E56="SIURB (I)",VLOOKUP($F56,'INFRA COM Des JAN.2026'!$A$2:$D$1000,2,FALSE),IF($E56="SICRO NOVO",VLOOKUP($F56,'SICRO.DNIT DESONERADA 01.26'!$A$4:$D$7000,2,FALSE),IF($E56="COMP.",VLOOKUP($F56,'COMPOSIÇÃO '!D:I,2,0)))))))) -> QUADRO COMANDO PARA BOMBA DE INCENDIO TRIFASICO DE 10 HP | H56: =IF($E56="SINAPI",VLOOKUP($F56,'SINAPI_DESONERADO-04.2026'!$B$11:$E$19657,3,FALSE),IF($E56="CDHU",VLOOKUP($F56,'CDHU_Desonerado-FEV.2026 (201)'!$A$9:$F$4118,3,FALSE),IF($E56="FDE",VLOOKUP($F56,'FDE-01.26'!$A$1:$D$3994,3,FALSE),IF($E56="SIURB (E)",VLOOKUP($F56,'EDIF COM Des JAN.2026'!$A$1:$D$3000,3,FALSE),IF($E56="SIURB (I)",VLOOKUP($F56,'INFRA COM Des JAN.2026'!$A$2:$D$1000,3,FALSE),IF($E56="SICRO NOVO",VLOOKUP($F56,'SICRO.DNIT DESONERADA 01.26'!$A$4:$D$7000,3,FALSE),IF($E56="COMP.",VLOOKUP($F56,'COMPOSIÇÃO '!D:I,3,0)))))))) -> UN | I56: =IF(D56<>0,INDEX('MEMORIA CALCULO'!$A$1:$Q$109850,MATCH(D56,'MEMORIA CALCULO'!$A$1:$A$8050,0),16),0) -> 1
A57: =LEFT(D57,1) -> 3 | B57: =B56 -> 3 | C57: =IF(D57="",0,B57) -> 3 | D57: =D56+1 -> 3024 | E57: FDE | F57: 09.08.055 | G57: =IF($E57="SINAPI",VLOOKUP($F57,'SINAPI_DESONERADO-04.2026'!$B$11:$E$19657,2,FALSE),IF($E57="CDHU",VLOOKUP($F57,'CDHU_Desonerado-FEV.2026 (201)'!$A$9:$F$4118,2,FALSE),IF($E57="FDE",VLOOKUP($F57,'FDE-01.26'!$A$1:$D$3994,2,FALSE),IF($E57="SIURB (E)",VLOOKUP($F57,'EDIF COM Des JAN.2026'!$A$3:$D$3000,2,FALSE),IF($E57="SIURB (I)",VLOOKUP($F57,'INFRA COM Des JAN.2026'!$A$2:$D$1000,2,FALSE),IF($E57="SICRO NOVO",VLOOKUP($F57,'SICRO.DNIT DESONERADA 01.26'!$A$4:$D$7000,2,FALSE),IF($E57="COMP.",VLOOKUP($F57,'COMPOSIÇÃO '!D:I,2,0)))))))) -> BOTOEIRA PARA ACIONAMENTO DA BOMBA DE INCENDIO | H57: =IF($E57="SINAPI",VLOOKUP($F57,'SINAPI_DESONERADO-04.2026'!$B$11:$E$19657,3,FALSE),IF($E57="CDHU",VLOOKUP($F57,'CDHU_Desonerado-FEV.2026 (201)'!$A$9:$F$4118,3,FALSE),IF($E57="FDE",VLOOKUP($F57,'FDE-01.26'!$A$1:$D$3994,3,FALSE),IF($E57="SIURB (E)",VLOOKUP($F57,'EDIF COM Des JAN.2026'!$A$1:$D$3000,3,FALSE),IF($E57="SIURB (I)",VLOOKUP($F57,'INFRA COM Des JAN.2026'!$A$2:$D$1000,3,FALSE),IF($E57="SICRO NOVO",VLOOKUP($F57,'SICRO.DNIT DESONERADA 01.26'!$A$4:$D$7000,3,FALSE),IF($E57="COMP.",VLOOKUP($F57,'COMPOSIÇÃO '!D:I,3,0)))))))) -> UN | I57: =IF(D57<>0,INDEX('MEMORIA CALCULO'!$A$1:$Q$109850,MATCH(D57,'MEMORIA CALCULO'!$A$1:$A$8050,0),16),0) -> 1
A58: =LEFT(D58,1) -> 3 | B58: =B56 -> 3 | C58: =IF(D58="",0,B58) -> 3 | D58: =D57+1 -> 3025 | E58: CDHU | F58: 50.01.090 | G58: =IF($E58="SINAPI",VLOOKUP($F58,'SINAPI_DESONERADO-04.2026'!$B$11:$E$19657,2,FALSE),IF($E58="CDHU",VLOOKUP($F58,'CDHU_Desonerado-FEV.2026 (201)'!$A$9:$F$4118,2,FALSE),IF($E58="FDE",VLOOKUP($F58,'FDE-01.26'!$A$1:$D$3994,2,FALSE),IF($E58="SIURB (E)",VLOOKUP($F58,'EDIF COM Des JAN.2026'!$A$3:$D$3000,2,FALSE),IF($E58="SIURB (I)",VLOOKUP($F58,'INFRA COM Des JAN.2026'!$A$2:$D$1000,2,FALSE),IF($E58="SICRO NOVO",VLOOKUP($F58,'SICRO.DNIT DESONERADA 01.26'!$A$4:$D$7000,2,FALSE),IF($E58="COMP.",VLOOKUP($F58,'COMPOSIÇÃO '!D:I,2,0)))))))) -> Botoeira para acionamento de bomba de incêndio tipo quebra-vidro | H58: =IF($E58="SINAPI",VLOOKUP($F58,'SINAPI_DESONERADO-04.2026'!$B$11:$E$19657,3,FALSE),IF($E58="CDHU",VLOOKUP($F58,'CDHU_Desonerado-FEV.2026 (201)'!$A$9:$F$4118,3,FALSE),IF($E58="FDE",VLOOKUP($F58,'FDE-01.26'!$A$1:$D$3994,3,FALSE),IF($E58="SIURB (E)",VLOOKUP($F58,'EDIF COM Des JAN.2026'!$A$1:$D$3000,3,FALSE),IF($E58="SIURB (I)",VLOOKUP($F58,'INFRA COM Des JAN.2026'!$A$2:$D$1000,3,FALSE),IF($E58="SICRO NOVO",VLOOKUP($F58,'SICRO.DNIT DESONERADA 01.26'!$A$4:$D$7000,3,FALSE),IF($E58="COMP.",VLOOKUP($F58,'COMPOSIÇÃO '!D:I,3,0)))))))) -> UN | I58: =IF(D58<>0,INDEX('MEMORIA CALCULO'!$A$1:$Q$109850,MATCH(D58,'MEMORIA CALCULO'!$A$1:$A$8050,0),16),0) -> 8
A60: =LEFT(D60,2) -> 4 | B60: =D60 -> 4 | D60: =D26+1 -> 4 | E60: INSTAÇÕES ELÉTRICAS
E61: ACESSO
A62: =LEFT(D62,1) -> 4 | B62: =D60 -> 4 | C62: =IF(D62="",0,B62) -> 4 | D62: =D60*1000+1 -> 4001 | E62: SIURB (E) | F62: 17045001 | G62: =IF($E62="SINAPI",VLOOKUP($F62,'SINAPI_DESONERADO-04.2026'!$B$11:$E$19657,2,FALSE),IF($E62="CDHU",VLOOKUP($F62,'CDHU_Desonerado-FEV.2026 (201)'!$A$9:$F$4118,2,FALSE),IF($E62="FDE",VLOOKUP($F62,'FDE-01.26'!$A$1:$D$3994,2,FALSE),IF($E62="SIURB (E)",VLOOKUP($F62,'EDIF COM Des JAN.2026'!$A$3:$D$3000,2,FALSE),IF($E62="SIURB (I)",VLOOKUP($F62,'INFRA COM Des JAN.2026'!$A$2:$D$1000,2,FALSE),IF($E62="SICRO NOVO",VLOOKUP($F62,'SICRO.DNIT DESONERADA 01.26'!$A$4:$D$7000,2,FALSE),IF($E62="COMP.",VLOOKUP($F62,'COMPOSIÇÃO '!D:I,2,0)))))))) -> ANDAIMES METÁLICOS - FORNECIMENTO | H62: =IF($E62="SINAPI",VLOOKUP($F62,'SINAPI_DESONERADO-04.2026'!$B$11:$E$19657,3,FALSE),IF($E62="CDHU",VLOOKUP($F62,'CDHU_Desonerado-FEV.2026 (201)'!$A$9:$F$4118,3,FALSE),IF($E62="FDE",VLOOKUP($F62,'FDE-01.26'!$A$1:$D$3994,3,FALSE),IF($E62="SIURB (E)",VLOOKUP($F62,'EDIF COM Des JAN.2026'!$A$1:$D$3000,3,FALSE),IF($E62="SIURB (I)",VLOOKUP($F62,'INFRA COM Des JAN.2026'!$A$2:$D$1000,3,FALSE),IF($E62="SICRO NOVO",VLOOKUP($F62,'SICRO.DNIT DESONERADA 01.26'!$A$4:$D$7000,3,FALSE),IF($E62="COMP.",VLOOKUP($F62,'COMPOSIÇÃO '!D:I,3,0)))))))) -> M3xMÊS | I62: =IF(D62<>0,INDEX('MEMORIA CALCULO'!$A$1:$Q$109850,MATCH(D62,'MEMORIA CALCULO'!$A$1:$A$8050,0),16),0) -> 54
A63: =LEFT(D63,1) -> 4 | B63: =B60 -> 4 | C63: =IF(D63="",0,B63) -> 4 | D63: =D62+1 -> 4002 | E63: SIURB (E) | F63: 17045002 | G63: =IF($E63="SINAPI",VLOOKUP($F63,'SINAPI_DESONERADO-04.2026'!$B$11:$E$19657,2,FALSE),IF($E63="CDHU",VLOOKUP($F63,'CDHU_Desonerado-FEV.2026 (201)'!$A$9:$F$4118,2,FALSE),IF($E63="FDE",VLOOKUP($F63,'FDE-01.26'!$A$1:$D$3994,2,FALSE),IF($E63="SIURB (E)",VLOOKUP($F63,'EDIF COM Des JAN.2026'!$A$3:$D$3000,2,FALSE),IF($E63="SIURB (I)",VLOOKUP($F63,'INFRA COM Des JAN.2026'!$A$2:$D$1000,2,FALSE),IF($E63="SICRO NOVO",VLOOKUP($F63,'SICRO.DNIT DESONERADA 01.26'!$A$4:$D$7000,2,FALSE),IF($E63="COMP.",VLOOKUP($F63,'COMPOSIÇÃO '!D:I,2,0)))))))) -> ANDAIMES METÁLICOS - MONTAGEM E DESMONTAGEM | H63: =IF($E63="SINAPI",VLOOKUP($F63,'SINAPI_DESONERADO-04.2026'!$B$11:$E$19657,3,FALSE),IF($E63="CDHU",VLOOKUP($F63,'CDHU_Desonerado-FEV.2026 (201)'!$A$9:$F$4118,3,FALSE),IF($E63="FDE",VLOOKUP($F63,'FDE-01.26'!$A$1:$D$3994,3,FALSE),IF($E63="SIURB (E)",VLOOKUP($F63,'EDIF COM Des JAN.2026'!$A$1:$D$3000,3,FALSE),IF($E63="SIURB (I)",VLOOKUP($F63,'INFRA COM Des JAN.2026'!$A$2:$D$1000,3,FALSE),IF($E63="SICRO NOVO",VLOOKUP($F63,'SICRO.DNIT DESONERADA 01.26'!$A$4:$D$7000,3,FALSE),IF($E63="COMP.",VLOOKUP($F63,'COMPOSIÇÃO '!D:I,3,0)))))))) -> M3 | I63: =IF(D63<>0,INDEX('MEMORIA CALCULO'!$A$1:$Q$109850,MATCH(D63,'MEMORIA CALCULO'!$A$1:$A$8050,0),16),0) -> 27
E64: FUROS EM ALVENARIA
A65: =LEFT(D65,1) -> 4 | B65: =B63 -> 4 | C65: =IF(D65="",0,B65) -> 4 | D65: =D63+1 -> 4003 | E65: SINAPI | F65: 90437 | G65: =IF($E65="SINAPI",VLOOKUP($F65,'SINAPI_DESONERADO-04.2026'!$B$11:$E$19657,2,FALSE),IF($E65="CDHU",VLOOKUP($F65,'CDHU_Desonerado-FEV.2026 (201)'!$A$9:$F$4118,2,FALSE),IF($E65="FDE",VLOOKUP($F65,'FDE-01.26'!$A$1:$D$3994,2,FALSE),IF($E65="SIURB (E)",VLOOKUP($F65,'EDIF COM Des JAN.2026'!$A$3:$D$3000,2,FALSE),IF($E65="SIURB (I)",VLOOKUP($F65,'INFRA COM Des JAN.2026'!$A$2:$D$1000,2,FALSE),IF($E65="SICRO NOVO",VLOOKUP($F65,'SICRO.DNIT DESONERADA 01.26'!$A$4:$D$7000,2,FALSE),IF($E65="COMP.",VLOOKUP($F65,'COMPOSIÇÃO '!D:I,2,0)))))))) -> FURO MANUAL EM ALVENARIA, PARA INSTALAÇÕES HIDRÁULICAS, DIÂMETROS MAIORES QUE 40 MM E MENORES OU IGUAIS A 75 MM. AF_09/2023 | H65: =IF($E65="SINAPI",VLOOKUP($F65,'SINAPI_DESONERADO-04.2026'!$B$11:$E$19657,3,FALSE),IF($E65="CDHU",VLOOKUP($F65,'CDHU_Desonerado-FEV.2026 (201)'!$A$9:$F$4118,3,FALSE),IF($E65="FDE",VLOOKUP($F65,'FDE-01.26'!$A$1:$D$3994,3,FALSE),IF($E65="SIURB (E)",VLOOKUP($F65,'EDIF COM Des JAN.2026'!$A$1:$D$3000,3,FALSE),IF($E65="SIURB (I)",VLOOKUP($F65,'INFRA COM Des JAN.2026'!$A$2:$D$1000,3,FALSE),IF($E65="SICRO NOVO",VLOOKUP($F65,'SICRO.DNIT DESONERADA 01.26'!$A$4:$D$7000,3,FALSE),IF($E65="COMP.",VLOOKUP($F65,'COMPOSIÇÃO '!D:I,3,0)))))))) -> UN | I65: =IF(D65<>0,INDEX('MEMORIA CALCULO'!$A$1:$Q$109850,MATCH(D65,'MEMORIA CALCULO'!$A$1:$A$8050,0),16),0) -> 15
E66: ACIONAMENTO DOS HIDRANTES
A67: =LEFT(D67,1) -> 4 | B67: =B65 -> 4 | C67: =IF(D67="",0,B67) -> 4 | D67: =D65+1 -> 4004 | E67: CDHU | F67: 38.04.040 | G67: =IF($E67="SINAPI",VLOOKUP($F67,'SINAPI_DESONERADO-04.2026'!$B$11:$E$19657,2,FALSE),IF($E67="CDHU",VLOOKUP($F67,'CDHU_Desonerado-FEV.2026 (201)'!$A$9:$F$4118,2,FALSE),IF($E67="FDE",VLOOKUP($F67,'FDE-01.26'!$A$1:$D$3994,2,FALSE),IF($E67="SIURB (E)",VLOOKUP($F67,'EDIF COM Des JAN.2026'!$A$3:$D$3000,2,FALSE),IF($E67="SIURB (I)",VLOOKUP($F67,'INFRA COM Des JAN.2026'!$A$2:$D$1000,2,FALSE),IF($E67="SICRO NOVO",VLOOKUP($F67,'SICRO.DNIT DESONERADA 01.26'!$A$4:$D$7000,2,FALSE),IF($E67="COMP.",VLOOKUP($F67,'COMPOSIÇÃO '!D:I,2,0)))))))) -> Eletroduto galvanizado conforme NBR13057 - 3/4´ com acessórios | H67: =IF($E67="SINAPI",VLOOKUP($F67,'SINAPI_DESONERADO-04.2026'!$B$11:$E$19657,3,FALSE),IF($E67="CDHU",VLOOKUP($F67,'CDHU_Desonerado-FEV.2026 (201)'!$A$9:$F$4118,3,FALSE),IF($E67="FDE",VLOOKUP($F67,'FDE-01.26'!$A$1:$D$3994,3,FALSE),IF($E67="SIURB (E)",VLOOKUP($F67,'EDIF COM Des JAN.2026'!$A$1:$D$3000,3,FALSE),IF($E67="SIURB (I)",VLOOKUP($F67,'INFRA COM Des JAN.2026'!$A$2:$D$1000,3,FALSE),IF($E67="SICRO NOVO",VLOOKUP($F67,'SICRO.DNIT DESONERADA 01.26'!$A$4:$D$7000,3,FALSE),IF($E67="COMP.",VLOOKUP($F67,'COMPOSIÇÃO '!D:I,3,0)))))))) -> M | I67: =IF(D67<>0,INDEX('MEMORIA CALCULO'!$A$1:$Q$109850,MATCH(D67,'MEMORIA CALCULO'!$A$1:$A$8050,0),16),0) -> 101
A68: =LEFT(D68,1) -> 4 | B68: =B67 -> 4 | C68: =IF(D68="",0,B68) -> 4 | D68: =D67+1 -> 4005 | E68: SINAPI | F68: 91924 | G68: =IF($E68="SINAPI",VLOOKUP($F68,'SINAPI_DESONERADO-04.2026'!$B$11:$E$19657,2,FALSE),IF($E68="CDHU",VLOOKUP($F68,'CDHU_Desonerado-FEV.2026 (201)'!$A$9:$F$4118,2,FALSE),IF($E68="FDE",VLOOKUP($F68,'FDE-01.26'!$A$1:$D$3994,2,FALSE),IF($E68="SIURB (E)",VLOOKUP($F68,'EDIF COM Des JAN.2026'!$A$3:$D$3000,2,FALSE),IF($E68="SIURB (I)",VLOOKUP($F68,'INFRA COM Des JAN.2026'!$A$2:$D$1000,2,FALSE),IF($E68="SICRO NOVO",VLOOKUP($F68,'SICRO.DNIT DESONERADA 01.26'!$A$4:$D$7000,2,FALSE),IF($E68="COMP.",VLOOKUP($F68,'COMPOSIÇÃO '!D:I,2,0)))))))) -> CABO DE COBRE FLEXÍVEL ISOLADO, 1,5 MM², ANTI-CHAMA 450/750 V, PARA CIRCUITOS TERMINAIS - FORNECIMENTO E INSTALAÇÃO. AF_03/2023 | H68: =IF($E68="SINAPI",VLOOKUP($F68,'SINAPI_DESONERADO-04.2026'!$B$11:$E$19657,3,FALSE),IF($E68="CDHU",VLOOKUP($F68,'CDHU_Desonerado-FEV.2026 (201)'!$A$9:$F$4118,3,FALSE),IF($E68="FDE",VLOOKUP($F68,'FDE-01.26'!$A$1:$D$3994,3,FALSE),IF($E68="SIURB (E)",VLOOKUP($F68,'EDIF COM Des JAN.2026'!$A$1:$D$3000,3,FALSE),IF($E68="SIURB (I)",VLOOKUP($F68,'INFRA COM Des JAN.2026'!$A$2:$D$1000,3,FALSE),IF($E68="SICRO NOVO",VLOOKUP($F68,'SICRO.DNIT DESONERADA 01.26'!$A$4:$D$7000,3,FALSE),IF($E68="COMP.",VLOOKUP($F68,'COMPOSIÇÃO '!D:I,3,0)))))))) -> M | I68: =IF(D68<>0,INDEX('MEMORIA CALCULO'!$A$1:$Q$109850,MATCH(D68,'MEMORIA CALCULO'!$A$1:$A$8050,0),16),0) -> 1010
E69: ACIONAMENTO DOS ALARMES DE INCÊNDIO
A70: =LEFT(D70,1) -> 4 | B70: =B68 -> 4 | C70: =IF(D70="",0,B70) -> 4 | D70: =D68+1 -> 4006 | E70: SIURB (E) | F70: 9007061 | G70: =IF($E70="SINAPI",VLOOKUP($F70,'SINAPI_DESONERADO-04.2026'!$B$11:$E$19657,2,FALSE),IF($E70="CDHU",VLOOKUP($F70,'CDHU_Desonerado-FEV.2026 (201)'!$A$9:$F$4118,2,FALSE),IF($E70="FDE",VLOOKUP($F70,'FDE-01.26'!$A$1:$D$3994,2,FALSE),IF($E70="SIURB (E)",VLOOKUP($F70,'EDIF COM Des JAN.2026'!$A$3:$D$3000,2,FALSE),IF($E70="SIURB (I)",VLOOKUP($F70,'INFRA COM Des JAN.2026'!$A$2:$D$1000,2,FALSE),IF($E70="SICRO NOVO",VLOOKUP($F70,'SICRO.DNIT DESONERADA 01.26'!$A$4:$D$7000,2,FALSE),IF($E70="COMP.",VLOOKUP($F70,'COMPOSIÇÃO '!D:I,2,0)))))))) -> PONTO COM TOMADA SIMPLES 110/220V - EM CONDULETE 3/4" | H70: =IF($E70="SINAPI",VLOOKUP($F70,'SINAPI_DESONERADO-04.2026'!$B$11:$E$19657,3,FALSE),IF($E70="CDHU",VLOOKUP($F70,'CDHU_Desonerado-FEV.2026 (201)'!$A$9:$F$4118,3,FALSE),IF($E70="FDE",VLOOKUP($F70,'FDE-01.26'!$A$1:$D$3994,3,FALSE),IF($E70="SIURB (E)",VLOOKUP($F70,'EDIF COM Des JAN.2026'!$A$1:$D$3000,3,FALSE),IF($E70="SIURB (I)",VLOOKUP($F70,'INFRA COM Des JAN.2026'!$A$2:$D$1000,3,FALSE),IF($E70="SICRO NOVO",VLOOKUP($F70,'SICRO.DNIT DESONERADA 01.26'!$A$4:$D$7000,3,FALSE),IF($E70="COMP.",VLOOKUP($F70,'COMPOSIÇÃO '!D:I,3,0)))))))) -> UN | I70: =IF(D70<>0,INDEX('MEMORIA CALCULO'!$A$1:$Q$109850,MATCH(D70,'MEMORIA CALCULO'!$A$1:$A$8050,0),16),0) -> 2
A71: =LEFT(D71,1) -> 4 | B71: =B70 -> 4 | C71: =IF(D71="",0,B71) -> 4 | D71: =D70+1 -> 4007 | E71: SINAPI | F71: 92867 | G71: =IF($E71="SINAPI",VLOOKUP($F71,'SINAPI_DESONERADO-04.2026'!$B$11:$E$19657,2,FALSE),IF($E71="CDHU",VLOOKUP($F71,'CDHU_Desonerado-FEV.2026 (201)'!$A$9:$F$4118,2,FALSE),IF($E71="FDE",VLOOKUP($F71,'FDE-01.26'!$A$1:$D$3994,2,FALSE),IF($E71="SIURB (E)",VLOOKUP($F71,'EDIF COM Des JAN.2026'!$A$3:$D$3000,2,FALSE),IF($E71="SIURB (I)",VLOOKUP($F71,'INFRA COM Des JAN.2026'!$A$2:$D$1000,2,FALSE),IF($E71="SICRO NOVO",VLOOKUP($F71,'SICRO.DNIT DESONERADA 01.26'!$A$4:$D$7000,2,FALSE),IF($E71="COMP.",VLOOKUP($F71,'COMPOSIÇÃO '!D:I,2,0)))))))) -> CAIXA RETANGULAR 4" X 2" ALTA (2,00 M DO PISO), METÁLICA, INSTALADA EM PAREDE - FORNECIMENTO E INSTALAÇÃO. AF_03/2023 | H71: =IF($E71="SINAPI",VLOOKUP($F71,'SINAPI_DESONERADO-04.2026'!$B$11:$E$19657,3,FALSE),IF($E71="CDHU",VLOOKUP($F71,'CDHU_Desonerado-FEV.2026 (201)'!$A$9:$F$4118,3,FALSE),IF($E71="FDE",VLOOKUP($F71,'FDE-01.26'!$A$1:$D$3994,3,FALSE),IF($E71="SIURB (E)",VLOOKUP($F71,'EDIF COM Des JAN.2026'!$A$1:$D$3000,3,FALSE),IF($E71="SIURB (I)",VLOOKUP($F71,'INFRA COM Des JAN.2026'!$A$2:$D$1000,3,FALSE),IF($E71="SICRO NOVO",VLOOKUP($F71,'SICRO.DNIT DESONERADA 01.26'!$A$4:$D$7000,3,FALSE),IF($E71="COMP.",VLOOKUP($F71,'COMPOSIÇÃO '!D:I,3,0)))))))) -> UN | I71: =IF(D71<>0,INDEX('MEMORIA CALCULO'!$A$1:$Q$109850,MATCH(D71,'MEMORIA CALCULO'!$A$1:$A$8050,0),16),0) -> 2
A72: =LEFT(D72,1) -> 4 | B72: =B71 -> 4 | C72: =IF(D72="",0,B72) -> 4 | D72: =D71+1 -> 4008 | E72: CDHU | F72: 37.13.800 | G72: =IF($E72="SINAPI",VLOOKUP($F72,'SINAPI_DESONERADO-04.2026'!$B$11:$E$19657,2,FALSE),IF($E72="CDHU",VLOOKUP($F72,'CDHU_Desonerado-FEV.2026 (201)'!$A$9:$F$4118,2,FALSE),IF($E72="FDE",VLOOKUP($F72,'FDE-01.26'!$A$1:$D$3994,2,FALSE),IF($E72="SIURB (E)",VLOOKUP($F72,'EDIF COM Des JAN.2026'!$A$3:$D$3000,2,FALSE),IF($E72="SIURB (I)",VLOOKUP($F72,'INFRA COM Des JAN.2026'!$A$2:$D$1000,2,FALSE),IF($E72="SICRO NOVO",VLOOKUP($F72,'SICRO.DNIT DESONERADA 01.26'!$A$4:$D$7000,2,FALSE),IF($E72="COMP.",VLOOKUP($F72,'COMPOSIÇÃO '!D:I,2,0)))))))) -> Mini-disjuntor termomagnético, unipolar 127/220 V, corrente de 10 A até 32 A | H72: =IF($E72="SINAPI",VLOOKUP($F72,'SINAPI_DESONERADO-04.2026'!$B$11:$E$19657,3,FALSE),IF($E72="CDHU",VLOOKUP($F72,'CDHU_Desonerado-FEV.2026 (201)'!$A$9:$F$4118,3,FALSE),IF($E72="FDE",VLOOKUP($F72,'FDE-01.26'!$A$1:$D$3994,3,FALSE),IF($E72="SIURB (E)",VLOOKUP($F72,'EDIF COM Des JAN.2026'!$A$1:$D$3000,3,FALSE),IF($E72="SIURB (I)",VLOOKUP($F72,'INFRA COM Des JAN.2026'!$A$2:$D$1000,3,FALSE),IF($E72="SICRO NOVO",VLOOKUP($F72,'SICRO.DNIT DESONERADA 01.26'!$A$4:$D$7000,3,FALSE),IF($E72="COMP.",VLOOKUP($F72,'COMPOSIÇÃO '!D:I,3,0)))))))) -> UN | I72: =IF(D72<>0,INDEX('MEMORIA CALCULO'!$A$1:$Q$109850,MATCH(D72,'MEMORIA CALCULO'!$A$1:$A$8050,0),16),0) -> 2
A73: =LEFT(D73,1) -> 4 | B73: =B72 -> 4 | C73: =IF(D73="",0,B73) -> 4 | D73: =D72+1 -> 4009 | E73: CDHU | F73: 38.05.060 | G73: =IF($E73="SINAPI",VLOOKUP($F73,'SINAPI_DESONERADO-04.2026'!$B$11:$E$19657,2,FALSE),IF($E73="CDHU",VLOOKUP($F73,'CDHU_Desonerado-FEV.2026 (201)'!$A$9:$F$4118,2,FALSE),IF($E73="FDE",VLOOKUP($F73,'FDE-01.26'!$A$1:$D$3994,2,FALSE),IF($E73="SIURB (E)",VLOOKUP($F73,'EDIF COM Des JAN.2026'!$A$3:$D$3000,2,FALSE),IF($E73="SIURB (I)",VLOOKUP($F73,'INFRA COM Des JAN.2026'!$A$2:$D$1000,2,FALSE),IF($E73="SICRO NOVO",VLOOKUP($F73,'SICRO.DNIT DESONERADA 01.26'!$A$4:$D$7000,2,FALSE),IF($E73="COMP.",VLOOKUP($F73,'COMPOSIÇÃO '!D:I,2,0)))))))) -> Eletroduto galvanizado a quente conforme NBR6323 - 1´ - com acessórios | H73: =IF($E73="SINAPI",VLOOKUP($F73,'SINAPI_DESONERADO-04.2026'!$B$11:$E$19657,3,FALSE),IF($E73="CDHU",VLOOKUP($F73,'CDHU_Desonerado-FEV.2026 (201)'!$A$9:$F$4118,3,FALSE),IF($E73="FDE",VLOOKUP($F73,'FDE-01.26'!$A$1:$D$3994,3,FALSE),IF($E73="SIURB (E)",VLOOKUP($F73,'EDIF COM Des JAN.2026'!$A$1:$D$3000,3,FALSE),IF($E73="SIURB (I)",VLOOKUP($F73,'INFRA COM Des JAN.2026'!$A$2:$D$1000,3,FALSE),IF($E73="SICRO NOVO",VLOOKUP($F73,'SICRO.DNIT DESONERADA 01.26'!$A$4:$D$7000,3,FALSE),IF($E73="COMP.",VLOOKUP($F73,'COMPOSIÇÃO '!D:I,3,0)))))))) -> M | I73: =IF(D73<>0,INDEX('MEMORIA CALCULO'!$A$1:$Q$109850,MATCH(D73,'MEMORIA CALCULO'!$A$1:$A$8050,0),16),0) -> 2
A74: =LEFT(D74,1) -> 4 | B74: =B72 -> 4 | C74: =IF(D74="",0,B74) -> 4 | D74: =D73+1 -> 4010 | E74: CDHU | F74: 40.06.060 | G74: =IF($E74="SINAPI",VLOOKUP($F74,'SINAPI_DESONERADO-04.2026'!$B$11:$E$19657,2,FALSE),IF($E74="CDHU",VLOOKUP($F74,'CDHU_Desonerado-FEV.2026 (201)'!$A$9:$F$4118,2,FALSE),IF($E74="FDE",VLOOKUP($F74,'FDE-01.26'!$A$1:$D$3994,2,FALSE),IF($E74="SIURB (E)",VLOOKUP($F74,'EDIF COM Des JAN.2026'!$A$3:$D$3000,2,FALSE),IF($E74="SIURB (I)",VLOOKUP($F74,'INFRA COM Des JAN.2026'!$A$2:$D$1000,2,FALSE),IF($E74="SICRO NOVO",VLOOKUP($F74,'SICRO.DNIT DESONERADA 01.26'!$A$4:$D$7000,2,FALSE),IF($E74="COMP.",VLOOKUP($F74,'COMPOSIÇÃO '!D:I,2,0)))))))) -> Condulete metálico de 1´ | H74: =IF($E74="SINAPI",VLOOKUP($F74,'SINAPI_DESONERADO-04.2026'!$B$11:$E$19657,3,FALSE),IF($E74="CDHU",VLOOKUP($F74,'CDHU_Desonerado-FEV.2026 (201)'!$A$9:$F$4118,3,FALSE),IF($E74="FDE",VLOOKUP($F74,'FDE-01.26'!$A$1:$D$3994,3,FALSE),IF($E74="SIURB (E)",VLOOKUP($F74,'EDIF COM Des JAN.2026'!$A$1:$D$3000,3,FALSE),IF($E74="SIURB (I)",VLOOKUP($F74,'INFRA COM Des JAN.2026'!$A$2:$D$1000,3,FALSE),IF($E74="SICRO NOVO",VLOOKUP($F74,'SICRO.DNIT DESONERADA 01.26'!$A$4:$D$7000,3,FALSE),IF($E74="COMP.",VLOOKUP($F74,'COMPOSIÇÃO '!D:I,3,0)))))))) -> CJ | I74: =IF(D74<>0,INDEX('MEMORIA CALCULO'!$A$1:$Q$109850,MATCH(D74,'MEMORIA CALCULO'!$A$1:$A$8050,0),16),0) -> 12
A75: =LEFT(D75,1) -> 4 | B75: =B73 -> 4 | C75: =IF(D75="",0,B75) -> 4 | D75: =D74+1 -> 4011 | E75: CDHU | F75: 39.03.170 | G75: =IF($E75="SINAPI",VLOOKUP($F75,'SINAPI_DESONERADO-04.2026'!$B$11:$E$19657,2,FALSE),IF($E75="CDHU",VLOOKUP($F75,'CDHU_Desonerado-FEV.2026 (201)'!$A$9:$F$4118,2,FALSE),IF($E75="FDE",VLOOKUP($F75,'FDE-01.26'!$A$1:$D$3994,2,FALSE),IF($E75="SIURB (E)",VLOOKUP($F75,'EDIF COM Des JAN.2026'!$A$3:$D$3000,2,FALSE),IF($E75="SIURB (I)",VLOOKUP($F75,'INFRA COM Des JAN.2026'!$A$2:$D$1000,2,FALSE),IF($E75="SICRO NOVO",VLOOKUP($F75,'SICRO.DNIT DESONERADA 01.26'!$A$4:$D$7000,2,FALSE),IF($E75="COMP.",VLOOKUP($F75,'COMPOSIÇÃO '!D:I,2,0)))))))) -> Cabo de cobre de 2,5 mm², isolamento 0,6/1 kV - isolação em PVC 70°C | H75: =IF($E75="SINAPI",VLOOKUP($F75,'SINAPI_DESONERADO-04.2026'!$B$11:$E$19657,3,FALSE),IF($E75="CDHU",VLOOKUP($F75,'CDHU_Desonerado-FEV.2026 (201)'!$A$9:$F$4118,3,FALSE),IF($E75="FDE",VLOOKUP($F75,'FDE-01.26'!$A$1:$D$3994,3,FALSE),IF($E75="SIURB (E)",VLOOKUP($F75,'EDIF COM Des JAN.2026'!$A$1:$D$3000,3,FALSE),IF($E75="SIURB (I)",VLOOKUP($F75,'INFRA COM Des JAN.2026'!$A$2:$D$1000,3,FALSE),IF($E75="SICRO NOVO",VLOOKUP($F75,'SICRO.DNIT DESONERADA 01.26'!$A$4:$D$7000,3,FALSE),IF($E75="COMP.",VLOOKUP($F75,'COMPOSIÇÃO '!D:I,3,0)))))))) -> M | I75: =IF(D75<>0,INDEX('MEMORIA CALCULO'!$A$1:$Q$109850,MATCH(D75,'MEMORIA CALCULO'!$A$1:$A$8050,0),16),0) -> 404
E76: ACIONAMENTO ILUMINAÇÃO DE EMERGÊNCIA
A77: =LEFT(D77,1) -> 4 | B77: =B65 -> 4 | C77: =IF(D77="",0,B77) -> 4 | D77: =D75+1 -> 4012 | E77: CDHU | F77: 39.03.170 | G77: =IF($E77="SINAPI",VLOOKUP($F77,'SINAPI_DESONERADO-04.2026'!$B$11:$E$19657,2,FALSE),IF($E77="CDHU",VLOOKUP($F77,'CDHU_Desonerado-FEV.2026 (201)'!$A$9:$F$4118,2,FALSE),IF($E77="FDE",VLOOKUP($F77,'FDE-01.26'!$A$1:$D$3994,2,FALSE),IF($E77="SIURB (E)",VLOOKUP($F77,'EDIF COM Des JAN.2026'!$A$3:$D$3000,2,FALSE),IF($E77="SIURB (I)",VLOOKUP($F77,'INFRA COM Des JAN.2026'!$A$2:$D$1000,2,FALSE),IF($E77="SICRO NOVO",VLOOKUP($F77,'SICRO.DNIT DESONERADA 01.26'!$A$4:$D$7000,2,FALSE),IF($E77="COMP.",VLOOKUP($F77,'COMPOSIÇÃO '!D:I,2,0)))))))) -> Cabo de cobre de 2,5 mm², isolamento 0,6/1 kV - isolação em PVC 70°C | H77: =IF($E77="SINAPI",VLOOKUP($F77,'SINAPI_DESONERADO-04.2026'!$B$11:$E$19657,3,FALSE),IF($E77="CDHU",VLOOKUP($F77,'CDHU_Desonerado-FEV.2026 (201)'!$A$9:$F$4118,3,FALSE),IF($E77="FDE",VLOOKUP($F77,'FDE-01.26'!$A$1:$D$3994,3,FALSE),IF($E77="SIURB (E)",VLOOKUP($F77,'EDIF COM Des JAN.2026'!$A$1:$D$3000,3,FALSE),IF($E77="SIURB (I)",VLOOKUP($F77,'INFRA COM Des JAN.2026'!$A$2:$D$1000,3,FALSE),IF($E77="SICRO NOVO",VLOOKUP($F77,'SICRO.DNIT DESONERADA 01.26'!$A$4:$D$7000,3,FALSE),IF($E77="COMP.",VLOOKUP($F77,'COMPOSIÇÃO '!D:I,3,0)))))))) -> M | I77: =IF(D77<>0,INDEX('MEMORIA CALCULO'!$A$1:$Q$109850,MATCH(D77,'MEMORIA CALCULO'!$A$1:$A$8050,0),16),0) -> 1010
A78: =LEFT(D78,1) -> 4 | B78: =B77 -> 4 | C78: =IF(D78="",0,B78) -> 4 | D78: =D77+1 -> 4013 | E78: CDHU | F78: 40.04.460 | G78: =IF($E78="SINAPI",VLOOKUP($F78,'SINAPI_DESONERADO-04.2026'!$B$11:$E$19657,2,FALSE),IF($E78="CDHU",VLOOKUP($F78,'CDHU_Desonerado-FEV.2026 (201)'!$A$9:$F$4118,2,FALSE),IF($E78="FDE",VLOOKUP($F78,'FDE-01.26'!$A$1:$D$3994,2,FALSE),IF($E78="SIURB (E)",VLOOKUP($F78,'EDIF COM Des JAN.2026'!$A$3:$D$3000,2,FALSE),IF($E78="SIURB (I)",VLOOKUP($F78,'INFRA COM Des JAN.2026'!$A$2:$D$1000,2,FALSE),IF($E78="SICRO NOVO",VLOOKUP($F78,'SICRO.DNIT DESONERADA 01.26'!$A$4:$D$7000,2,FALSE),IF($E78="COMP.",VLOOKUP($F78,'COMPOSIÇÃO '!D:I,2,0)))))))) -> Tomada 2P+T de 20 A - 250 V, completa | H78: =IF($E78="SINAPI",VLOOKUP($F78,'SINAPI_DESONERADO-04.2026'!$B$11:$E$19657,3,FALSE),IF($E78="CDHU",VLOOKUP($F78,'CDHU_Desonerado-FEV.2026 (201)'!$A$9:$F$4118,3,FALSE),IF($E78="FDE",VLOOKUP($F78,'FDE-01.26'!$A$1:$D$3994,3,FALSE),IF($E78="SIURB (E)",VLOOKUP($F78,'EDIF COM Des JAN.2026'!$A$1:$D$3000,3,FALSE),IF($E78="SIURB (I)",VLOOKUP($F78,'INFRA COM Des JAN.2026'!$A$2:$D$1000,3,FALSE),IF($E78="SICRO NOVO",VLOOKUP($F78,'SICRO.DNIT DESONERADA 01.26'!$A$4:$D$7000,3,FALSE),IF($E78="COMP.",VLOOKUP($F78,'COMPOSIÇÃO '!D:I,3,0)))))))) -> CJ | I78: =IF(D78<>0,INDEX('MEMORIA CALCULO'!$A$1:$Q$109850,MATCH(D78,'MEMORIA CALCULO'!$A$1:$A$8050,0),16),0) -> 20
A79: =LEFT(D79,1) -> 4 | B79: =B77 -> 4 | C79: =IF(D79="",0,B79) -> 4 | D79: =D78+1 -> 4014 | E79: SINAPI | F79: 92867 | G79: =IF($E79="SINAPI",VLOOKUP($F79,'SINAPI_DESONERADO-04.2026'!$B$11:$E$19657,2,FALSE),IF($E79="CDHU",VLOOKUP($F79,'CDHU_Desonerado-FEV.2026 (201)'!$A$9:$F$4118,2,FALSE),IF($E79="FDE",VLOOKUP($F79,'FDE-01.26'!$A$1:$D$3994,2,FALSE),IF($E79="SIURB (E)",VLOOKUP($F79,'EDIF COM Des JAN.2026'!$A$3:$D$3000,2,FALSE),IF($E79="SIURB (I)",VLOOKUP($F79,'INFRA COM Des JAN.2026'!$A$2:$D$1000,2,FALSE),IF($E79="SICRO NOVO",VLOOKUP($F79,'SICRO.DNIT DESONERADA 01.26'!$A$4:$D$7000,2,FALSE),IF($E79="COMP.",VLOOKUP($F79,'COMPOSIÇÃO '!D:I,2,0)))))))) -> CAIXA RETANGULAR 4" X 2" ALTA (2,00 M DO PISO), METÁLICA, INSTALADA EM PAREDE - FORNECIMENTO E INSTALAÇÃO. AF_03/2023 | H79: =IF($E79="SINAPI",VLOOKUP($F79,'SINAPI_DESONERADO-04.2026'!$B$11:$E$19657,3,FALSE),IF($E79="CDHU",VLOOKUP($F79,'CDHU_Desonerado-FEV.2026 (201)'!$A$9:$F$4118,3,FALSE),IF($E79="FDE",VLOOKUP($F79,'FDE-01.26'!$A$1:$D$3994,3,FALSE),IF($E79="SIURB (E)",VLOOKUP($F79,'EDIF COM Des JAN.2026'!$A$1:$D$3000,3,FALSE),IF($E79="SIURB (I)",VLOOKUP($F79,'INFRA COM Des JAN.2026'!$A$2:$D$1000,3,FALSE),IF($E79="SICRO NOVO",VLOOKUP($F79,'SICRO.DNIT DESONERADA 01.26'!$A$4:$D$7000,3,FALSE),IF($E79="COMP.",VLOOKUP($F79,'COMPOSIÇÃO '!D:I,3,0)))))))) -> UN | I79: =IF(D79<>0,INDEX('MEMORIA CALCULO'!$A$1:$Q$109850,MATCH(D79,'MEMORIA CALCULO'!$A$1:$A$8050,0),16),0) -> 20
A80: =LEFT(D80,1) -> 4 | B80: =B78 -> 4 | C80: =IF(D80="",0,B80) -> 4 | D80: =D79+1 -> 4015 | E80: CDHU | F80: 37.13.800 | G80: =IF($E80="SINAPI",VLOOKUP($F80,'SINAPI_DESONERADO-04.2026'!$B$11:$E$19657,2,FALSE),IF($E80="CDHU",VLOOKUP($F80,'CDHU_Desonerado-FEV.2026 (201)'!$A$9:$F$4118,2,FALSE),IF($E80="FDE",VLOOKUP($F80,'FDE-01.26'!$A$1:$D$3994,2,FALSE),IF($E80="SIURB (E)",VLOOKUP($F80,'EDIF COM Des JAN.2026'!$A$3:$D$3000,2,FALSE),IF($E80="SIURB (I)",VLOOKUP($F80,'INFRA COM Des JAN.2026'!$A$2:$D$1000,2,FALSE),IF($E80="SICRO NOVO",VLOOKUP($F80,'SICRO.DNIT DESONERADA 01.26'!$A$4:$D$7000,2,FALSE),IF($E80="COMP.",VLOOKUP($F80,'COMPOSIÇÃO '!D:I,2,0)))))))) -> Mini-disjuntor termomagnético, unipolar 127/220 V, corrente de 10 A até 32 A | H80: =IF($E80="SINAPI",VLOOKUP($F80,'SINAPI_DESONERADO-04.2026'!$B$11:$E$19657,3,FALSE),IF($E80="CDHU",VLOOKUP($F80,'CDHU_Desonerado-FEV.2026 (201)'!$A$9:$F$4118,3,FALSE),IF($E80="FDE",VLOOKUP($F80,'FDE-01.26'!$A$1:$D$3994,3,FALSE),IF($E80="SIURB (E)",VLOOKUP($F80,'EDIF COM Des JAN.2026'!$A$1:$D$3000,3,FALSE),IF($E80="SIURB (I)",VLOOKUP($F80,'INFRA COM Des JAN.2026'!$A$2:$D$1000,3,FALSE),IF($E80="SICRO NOVO",VLOOKUP($F80,'SICRO.DNIT DESONERADA 01.26'!$A$4:$D$7000,3,FALSE),IF($E80="COMP.",VLOOKUP($F80,'COMPOSIÇÃO '!D:I,3,0)))))))) -> UN | I80: =IF(D80<>0,INDEX('MEMORIA CALCULO'!$A$1:$Q$109850,MATCH(D80,'MEMORIA CALCULO'!$A$1:$A$8050,0),16),0) -> 2
A81: =LEFT(D81,1) -> 4 | B81: =B79 -> 4 | C81: =IF(D81="",0,B81) -> 4 | D81: =D80+1 -> 4016 | E81: CDHU | F81: 38.04.040 | G81: =IF($E81="SINAPI",VLOOKUP($F81,'SINAPI_DESONERADO-04.2026'!$B$11:$E$19657,2,FALSE),IF($E81="CDHU",VLOOKUP($F81,'CDHU_Desonerado-FEV.2026 (201)'!$A$9:$F$4118,2,FALSE),IF($E81="FDE",VLOOKUP($F81,'FDE-01.26'!$A$1:$D$3994,2,FALSE),IF($E81="SIURB (E)",VLOOKUP($F81,'EDIF COM Des JAN.2026'!$A$3:$D$3000,2,FALSE),IF($E81="SIURB (I)",VLOOKUP($F81,'INFRA COM Des JAN.2026'!$A$2:$D$1000,2,FALSE),IF($E81="SICRO NOVO",VLOOKUP($F81,'SICRO.DNIT DESONERADA 01.26'!$A$4:$D$7000,2,FALSE),IF($E81="COMP.",VLOOKUP($F81,'COMPOSIÇÃO '!D:I,2,0)))))))) -> Eletroduto galvanizado conforme NBR13057 - 3/4´ com acessórios | H81: =IF($E81="SINAPI",VLOOKUP($F81,'SINAPI_DESONERADO-04.2026'!$B$11:$E$19657,3,FALSE),IF($E81="CDHU",VLOOKUP($F81,'CDHU_Desonerado-FEV.2026 (201)'!$A$9:$F$4118,3,FALSE),IF($E81="FDE",VLOOKUP($F81,'FDE-01.26'!$A$1:$D$3994,3,FALSE),IF($E81="SIURB (E)",VLOOKUP($F81,'EDIF COM Des JAN.2026'!$A$1:$D$3000,3,FALSE),IF($E81="SIURB (I)",VLOOKUP($F81,'INFRA COM Des JAN.2026'!$A$2:$D$1000,3,FALSE),IF($E81="SICRO NOVO",VLOOKUP($F81,'SICRO.DNIT DESONERADA 01.26'!$A$4:$D$7000,3,FALSE),IF($E81="COMP.",VLOOKUP($F81,'COMPOSIÇÃO '!D:I,3,0)))))))) -> M | I81: =IF(D81<>0,INDEX('MEMORIA CALCULO'!$A$1:$Q$109850,MATCH(D81,'MEMORIA CALCULO'!$A$1:$A$8050,0),16),0) -> 155
E82: ALIMENTAÇÃO E COMANDO - BOMBAS
A83: =LEFT(D83,1) -> 4 | B83: =B71 -> 4 | C83: =IF(D83="",0,B83) -> 4 | D83: =D81+1 -> 4017 | E83: CDHU | F83: 39.21.040 | G83: =IF($E83="SINAPI",VLOOKUP($F83,'SINAPI_DESONERADO-04.2026'!$B$11:$E$19657,2,FALSE),IF($E83="CDHU",VLOOKUP($F83,'CDHU_Desonerado-FEV.2026 (201)'!$A$9:$F$4118,2,FALSE),IF($E83="FDE",VLOOKUP($F83,'FDE-01.26'!$A$1:$D$3994,2,FALSE),IF($E83="SIURB (E)",VLOOKUP($F83,'EDIF COM Des JAN.2026'!$A$3:$D$3000,2,FALSE),IF($E83="SIURB (I)",VLOOKUP($F83,'INFRA COM Des JAN.2026'!$A$2:$D$1000,2,FALSE),IF($E83="SICRO NOVO",VLOOKUP($F83,'SICRO.DNIT DESONERADA 01.26'!$A$4:$D$7000,2,FALSE),IF($E83="COMP.",VLOOKUP($F83,'COMPOSIÇÃO '!D:I,2,0)))))))) -> Cabo de cobre flexível de 6 mm², isolamento 0,6/1kV - isolação HEPR 90°C | H83: =IF($E83="SINAPI",VLOOKUP($F83,'SINAPI_DESONERADO-04.2026'!$B$11:$E$19657,3,FALSE),IF($E83="CDHU",VLOOKUP($F83,'CDHU_Desonerado-FEV.2026 (201)'!$A$9:$F$4118,3,FALSE),IF($E83="FDE",VLOOKUP($F83,'FDE-01.26'!$A$1:$D$3994,3,FALSE),IF($E83="SIURB (E)",VLOOKUP($F83,'EDIF COM Des JAN.2026'!$A$1:$D$3000,3,FALSE),IF($E83="SIURB (I)",VLOOKUP($F83,'INFRA COM Des JAN.2026'!$A$2:$D$1000,3,FALSE),IF($E83="SICRO NOVO",VLOOKUP($F83,'SICRO.DNIT DESONERADA 01.26'!$A$4:$D$7000,3,FALSE),IF($E83="COMP.",VLOOKUP($F83,'COMPOSIÇÃO '!D:I,3,0)))))))) -> M | I83: =IF(D83<>0,INDEX('MEMORIA CALCULO'!$A$1:$Q$109850,MATCH(D83,'MEMORIA CALCULO'!$A$1:$A$8050,0),16),0) -> 15
A84: =LEFT(D84,1) -> 4 | B84: =B83 -> 4 | C84: =IF(D84="",0,B84) -> 4 | D84: =D83+1 -> 4018 | E84: CDHU | F84: 39.21.030 | G84: =IF($E84="SINAPI",VLOOKUP($F84,'SINAPI_DESONERADO-04.2026'!$B$11:$E$19657,2,FALSE),IF($E84="CDHU",VLOOKUP($F84,'CDHU_Desonerado-FEV.2026 (201)'!$A$9:$F$4118,2,FALSE),IF($E84="FDE",VLOOKUP($F84,'FDE-01.26'!$A$1:$D$3994,2,FALSE),IF($E84="SIURB (E)",VLOOKUP($F84,'EDIF COM Des JAN.2026'!$A$3:$D$3000,2,FALSE),IF($E84="SIURB (I)",VLOOKUP($F84,'INFRA COM Des JAN.2026'!$A$2:$D$1000,2,FALSE),IF($E84="SICRO NOVO",VLOOKUP($F84,'SICRO.DNIT DESONERADA 01.26'!$A$4:$D$7000,2,FALSE),IF($E84="COMP.",VLOOKUP($F84,'COMPOSIÇÃO '!D:I,2,0)))))))) -> Cabo de cobre flexível de 4 mm², isolamento 0,6/1kV - isolação HEPR 90°C | H84: =IF($E84="SINAPI",VLOOKUP($F84,'SINAPI_DESONERADO-04.2026'!$B$11:$E$19657,3,FALSE),IF($E84="CDHU",VLOOKUP($F84,'CDHU_Desonerado-FEV.2026 (201)'!$A$9:$F$4118,3,FALSE),IF($E84="FDE",VLOOKUP($F84,'FDE-01.26'!$A$1:$D$3994,3,FALSE),IF($E84="SIURB (E)",VLOOKUP($F84,'EDIF COM Des JAN.2026'!$A$1:$D$3000,3,FALSE),IF($E84="SIURB (I)",VLOOKUP($F84,'INFRA COM Des JAN.2026'!$A$2:$D$1000,3,FALSE),IF($E84="SICRO NOVO",VLOOKUP($F84,'SICRO.DNIT DESONERADA 01.26'!$A$4:$D$7000,3,FALSE),IF($E84="COMP.",VLOOKUP($F84,'COMPOSIÇÃO '!D:I,3,0)))))))) -> M | I84: =IF(D84<>0,INDEX('MEMORIA CALCULO'!$A$1:$Q$109850,MATCH(D84,'MEMORIA CALCULO'!$A$1:$A$8050,0),16),0) -> 15
A85: =LEFT(D85,1) -> 4 | B85: =B83 -> 4 | C85: =IF(D85="",0,B85) -> 4 | D85: =D84+1 -> 4019 | E85: CDHU | F85: 39.21.070 | G85: =IF($E85="SINAPI",VLOOKUP($F85,'SINAPI_DESONERADO-04.2026'!$B$11:$E$19657,2,FALSE),IF($E85="CDHU",VLOOKUP($F85,'CDHU_Desonerado-FEV.2026 (201)'!$A$9:$F$4118,2,FALSE),IF($E85="FDE",VLOOKUP($F85,'FDE-01.26'!$A$1:$D$3994,2,FALSE),IF($E85="SIURB (E)",VLOOKUP($F85,'EDIF COM Des JAN.2026'!$A$3:$D$3000,2,FALSE),IF($E85="SIURB (I)",VLOOKUP($F85,'INFRA COM Des JAN.2026'!$A$2:$D$1000,2,FALSE),IF($E85="SICRO NOVO",VLOOKUP($F85,'SICRO.DNIT DESONERADA 01.26'!$A$4:$D$7000,2,FALSE),IF($E85="COMP.",VLOOKUP($F85,'COMPOSIÇÃO '!D:I,2,0)))))))) -> Cabo de cobre flexível de 25 mm², isolamento 0,6/1kV - isolação HEPR 90°C | H85: =IF($E85="SINAPI",VLOOKUP($F85,'SINAPI_DESONERADO-04.2026'!$B$11:$E$19657,3,FALSE),IF($E85="CDHU",VLOOKUP($F85,'CDHU_Desonerado-FEV.2026 (201)'!$A$9:$F$4118,3,FALSE),IF($E85="FDE",VLOOKUP($F85,'FDE-01.26'!$A$1:$D$3994,3,FALSE),IF($E85="SIURB (E)",VLOOKUP($F85,'EDIF COM Des JAN.2026'!$A$1:$D$3000,3,FALSE),IF($E85="SIURB (I)",VLOOKUP($F85,'INFRA COM Des JAN.2026'!$A$2:$D$1000,3,FALSE),IF($E85="SICRO NOVO",VLOOKUP($F85,'SICRO.DNIT DESONERADA 01.26'!$A$4:$D$7000,3,FALSE),IF($E85="COMP.",VLOOKUP($F85,'COMPOSIÇÃO '!D:I,3,0)))))))) -> M | I85: =IF(D85<>0,INDEX('MEMORIA CALCULO'!$A$1:$Q$109850,MATCH(D85,'MEMORIA CALCULO'!$A$1:$A$8050,0),16),0) -> 135
A86: =LEFT(D86,1) -> 4 | B86: =B84 -> 4 | C86: =IF(D86="",0,B86) -> 4 | D86: =D85+1 -> 4020 | E86: SINAPI | F86: 97669 | G86: =IF($E86="SINAPI",VLOOKUP($F86,'SINAPI_DESONERADO-04.2026'!$B$11:$E$19657,2,FALSE),IF($E86="CDHU",VLOOKUP($F86,'CDHU_Desonerado-FEV.2026 (201)'!$A$9:$F$4118,2,FALSE),IF($E86="FDE",VLOOKUP($F86,'FDE-01.26'!$A$1:$D$3994,2,FALSE),IF($E86="SIURB (E)",VLOOKUP($F86,'EDIF COM Des JAN.2026'!$A$3:$D$3000,2,FALSE),IF($E86="SIURB (I)",VLOOKUP($F86,'INFRA COM Des JAN.2026'!$A$2:$D$1000,2,FALSE),IF($E86="SICRO NOVO",VLOOKUP($F86,'SICRO.DNIT DESONERADA 01.26'!$A$4:$D$7000,2,FALSE),IF($E86="COMP.",VLOOKUP($F86,'COMPOSIÇÃO '!D:I,2,0)))))))) -> ELETRODUTO FLEXÍVEL CORRUGADO, PEAD, DN 90 (3"), PARA REDE ENTERRADA DE DISTRIBUIÇÃO DE ENERGIA ELÉTRICA - FORNECIMENTO E INSTALAÇÃO. AF_12/2021 | H86: =IF($E86="SINAPI",VLOOKUP($F86,'SINAPI_DESONERADO-04.2026'!$B$11:$E$19657,3,FALSE),IF($E86="CDHU",VLOOKUP($F86,'CDHU_Desonerado-FEV.2026 (201)'!$A$9:$F$4118,3,FALSE),IF($E86="FDE",VLOOKUP($F86,'FDE-01.26'!$A$1:$D$3994,3,FALSE),IF($E86="SIURB (E)",VLOOKUP($F86,'EDIF COM Des JAN.2026'!$A$1:$D$3000,3,FALSE),IF($E86="SIURB (I)",VLOOKUP($F86,'INFRA COM Des JAN.2026'!$A$2:$D$1000,3,FALSE),IF($E86="SICRO NOVO",VLOOKUP($F86,'SICRO.DNIT DESONERADA 01.26'!$A$4:$D$7000,3,FALSE),IF($E86="COMP.",VLOOKUP($F86,'COMPOSIÇÃO '!D:I,3,0)))))))) -> M | I86: =IF(D86<>0,INDEX('MEMORIA CALCULO'!$A$1:$Q$109850,MATCH(D86,'MEMORIA CALCULO'!$A$1:$A$8050,0),16),0) -> 45
A87: =LEFT(D87,1) -> 4 | B87: =B85 -> 4 | C87: =IF(D87="",0,B87) -> 4 | D87: =D86+1 -> 4021 | E87: CDHU | F87: 37.13.630 | G87: =IF($E87="SINAPI",VLOOKUP($F87,'SINAPI_DESONERADO-04.2026'!$B$11:$E$19657,2,FALSE),IF($E87="CDHU",VLOOKUP($F87,'CDHU_Desonerado-FEV.2026 (201)'!$A$9:$F$4118,2,FALSE),IF($E87="FDE",VLOOKUP($F87,'FDE-01.26'!$A$1:$D$3994,2,FALSE),IF($E87="SIURB (E)",VLOOKUP($F87,'EDIF COM Des JAN.2026'!$A$3:$D$3000,2,FALSE),IF($E87="SIURB (I)",VLOOKUP($F87,'INFRA COM Des JAN.2026'!$A$2:$D$1000,2,FALSE),IF($E87="SICRO NOVO",VLOOKUP($F87,'SICRO.DNIT DESONERADA 01.26'!$A$4:$D$7000,2,FALSE),IF($E87="COMP.",VLOOKUP($F87,'COMPOSIÇÃO '!D:I,2,0)))))))) -> Disjuntor termomagnético, bipolar 220/380 V, corrente de 10 A até 50 A | H87: =IF($E87="SINAPI",VLOOKUP($F87,'SINAPI_DESONERADO-04.2026'!$B$11:$E$19657,3,FALSE),IF($E87="CDHU",VLOOKUP($F87,'CDHU_Desonerado-FEV.2026 (201)'!$A$9:$F$4118,3,FALSE),IF($E87="FDE",VLOOKUP($F87,'FDE-01.26'!$A$1:$D$3994,3,FALSE),IF($E87="SIURB (E)",VLOOKUP($F87,'EDIF COM Des JAN.2026'!$A$1:$D$3000,3,FALSE),IF($E87="SIURB (I)",VLOOKUP($F87,'INFRA COM Des JAN.2026'!$A$2:$D$1000,3,FALSE),IF($E87="SICRO NOVO",VLOOKUP($F87,'SICRO.DNIT DESONERADA 01.26'!$A$4:$D$7000,3,FALSE),IF($E87="COMP.",VLOOKUP($F87,'COMPOSIÇÃO '!D:I,3,0)))))))) -> UN | I87: =IF(D87<>0,INDEX('MEMORIA CALCULO'!$A$1:$Q$109850,MATCH(D87,'MEMORIA CALCULO'!$A$1:$A$8050,0),16),0) -> 1
A88: =LEFT(D88,1) -> 4 | B88: =B86 -> 4 | C88: =IF(D88="",0,B88) -> 4 | D88: =D87+1 -> 4022 | E88: CDHU | F88: 39.12.510 | G88: =IF($E88="SINAPI",VLOOKUP($F88,'SINAPI_DESONERADO-04.2026'!$B$11:$E$19657,2,FALSE),IF($E88="CDHU",VLOOKUP($F88,'CDHU_Desonerado-FEV.2026 (201)'!$A$9:$F$4118,2,FALSE),IF($E88="FDE",VLOOKUP($F88,'FDE-01.26'!$A$1:$D$3994,2,FALSE),IF($E88="SIURB (E)",VLOOKUP($F88,'EDIF COM Des JAN.2026'!$A$3:$D$3000,2,FALSE),IF($E88="SIURB (I)",VLOOKUP($F88,'INFRA COM Des JAN.2026'!$A$2:$D$1000,2,FALSE),IF($E88="SICRO NOVO",VLOOKUP($F88,'SICRO.DNIT DESONERADA 01.26'!$A$4:$D$7000,2,FALSE),IF($E88="COMP.",VLOOKUP($F88,'COMPOSIÇÃO '!D:I,2,0)))))))) -> Cabo de cobre flexível blindado de 2 x 1,5 mm², isolamento 600V, isolação em VC/E 105°C - para detecção de incêndio | H88: =IF($E88="SINAPI",VLOOKUP($F88,'SINAPI_DESONERADO-04.2026'!$B$11:$E$19657,3,FALSE),IF($E88="CDHU",VLOOKUP($F88,'CDHU_Desonerado-FEV.2026 (201)'!$A$9:$F$4118,3,FALSE),IF($E88="FDE",VLOOKUP($F88,'FDE-01.26'!$A$1:$D$3994,3,FALSE),IF($E88="SIURB (E)",VLOOKUP($F88,'EDIF COM Des JAN.2026'!$A$1:$D$3000,3,FALSE),IF($E88="SIURB (I)",VLOOKUP($F88,'INFRA COM Des JAN.2026'!$A$2:$D$1000,3,FALSE),IF($E88="SICRO NOVO",VLOOKUP($F88,'SICRO.DNIT DESONERADA 01.26'!$A$4:$D$7000,3,FALSE),IF($E88="COMP.",VLOOKUP($F88,'COMPOSIÇÃO '!D:I,3,0)))))))) -> M | I88: =IF(D88<>0,INDEX('MEMORIA CALCULO'!$A$1:$Q$109850,MATCH(D88,'MEMORIA CALCULO'!$A$1:$A$8050,0),16),0) -> 25
A89: =LEFT(D89,1) -> 4 | B89: =B87 -> 4 | C89: =IF(D89="",0,B89) -> 4 | D89: =D88+1 -> 4023 | E89: CDHU | F89: 39.12.520 | G89: =IF($E89="SINAPI",VLOOKUP($F89,'SINAPI_DESONERADO-04.2026'!$B$11:$E$19657,2,FALSE),IF($E89="CDHU",VLOOKUP($F89,'CDHU_Desonerado-FEV.2026 (201)'!$A$9:$F$4118,2,FALSE),IF($E89="FDE",VLOOKUP($F89,'FDE-01.26'!$A$1:$D$3994,2,FALSE),IF($E89="SIURB (E)",VLOOKUP($F89,'EDIF COM Des JAN.2026'!$A$3:$D$3000,2,FALSE),IF($E89="SIURB (I)",VLOOKUP($F89,'INFRA COM Des JAN.2026'!$A$2:$D$1000,2,FALSE),IF($E89="SICRO NOVO",VLOOKUP($F89,'SICRO.DNIT DESONERADA 01.26'!$A$4:$D$7000,2,FALSE),IF($E89="COMP.",VLOOKUP($F89,'COMPOSIÇÃO '!D:I,2,0)))))))) -> Cabo de cobre flexível blindado de 3 x 1,5 mm², isolamento 600V, isolação em VC/E 105°C - para detecção de incêndio | H89: =IF($E89="SINAPI",VLOOKUP($F89,'SINAPI_DESONERADO-04.2026'!$B$11:$E$19657,3,FALSE),IF($E89="CDHU",VLOOKUP($F89,'CDHU_Desonerado-FEV.2026 (201)'!$A$9:$F$4118,3,FALSE),IF($E89="FDE",VLOOKUP($F89,'FDE-01.26'!$A$1:$D$3994,3,FALSE),IF($E89="SIURB (E)",VLOOKUP($F89,'EDIF COM Des JAN.2026'!$A$1:$D$3000,3,FALSE),IF($E89="SIURB (I)",VLOOKUP($F89,'INFRA COM Des JAN.2026'!$A$2:$D$1000,3,FALSE),IF($E89="SICRO NOVO",VLOOKUP($F89,'SICRO.DNIT DESONERADA 01.26'!$A$4:$D$7000,3,FALSE),IF($E89="COMP.",VLOOKUP($F89,'COMPOSIÇÃO '!D:I,3,0)))))))) -> M | I89: =IF(D89<>0,INDEX('MEMORIA CALCULO'!$A$1:$Q$109850,MATCH(D89,'MEMORIA CALCULO'!$A$1:$A$8050,0),16),0) -> 40
A90: =LEFT(D90,1) -> 4 | B90: =B88 -> 4 | C90: =IF(D90="",0,B90) -> 4 | D90: =D89+1 -> 4024 | E90: SIURB (E) | F90: 9005006 | G90: =IF($E90="SINAPI",VLOOKUP($F90,'SINAPI_DESONERADO-04.2026'!$B$11:$E$19657,2,FALSE),IF($E90="CDHU",VLOOKUP($F90,'CDHU_Desonerado-FEV.2026 (201)'!$A$9:$F$4118,2,FALSE),IF($E90="FDE",VLOOKUP($F90,'FDE-01.26'!$A$1:$D$3994,2,FALSE),IF($E90="SIURB (E)",VLOOKUP($F90,'EDIF COM Des JAN.2026'!$A$3:$D$3000,2,FALSE),IF($E90="SIURB (I)",VLOOKUP($F90,'INFRA COM Des JAN.2026'!$A$2:$D$1000,2,FALSE),IF($E90="SICRO NOVO",VLOOKUP($F90,'SICRO.DNIT DESONERADA 01.26'!$A$4:$D$7000,2,FALSE),IF($E90="COMP.",VLOOKUP($F90,'COMPOSIÇÃO '!D:I,2,0)))))))) -> QUADRO DE DISTRIBUIÇÃO EM CHAPA METÁLICA - PARA ATÉ 16 DISJUNTORES | H90: =IF($E90="SINAPI",VLOOKUP($F90,'SINAPI_DESONERADO-04.2026'!$B$11:$E$19657,3,FALSE),IF($E90="CDHU",VLOOKUP($F90,'CDHU_Desonerado-FEV.2026 (201)'!$A$9:$F$4118,3,FALSE),IF($E90="FDE",VLOOKUP($F90,'FDE-01.26'!$A$1:$D$3994,3,FALSE),IF($E90="SIURB (E)",VLOOKUP($F90,'EDIF COM Des JAN.2026'!$A$1:$D$3000,3,FALSE),IF($E90="SIURB (I)",VLOOKUP($F90,'INFRA COM Des JAN.2026'!$A$2:$D$1000,3,FALSE),IF($E90="SICRO NOVO",VLOOKUP($F90,'SICRO.DNIT DESONERADA 01.26'!$A$4:$D$7000,3,FALSE),IF($E90="COMP.",VLOOKUP($F90,'COMPOSIÇÃO '!D:I,3,0)))))))) -> UN | I90: =IF(D90<>0,INDEX('MEMORIA CALCULO'!$A$1:$Q$109850,MATCH(D90,'MEMORIA CALCULO'!$A$1:$A$8050,0),16),0) -> 1
A91: =LEFT(D91,1) -> 4 | B91: =B89 -> 4 | C91: =IF(D91="",0,B91) -> 4 | D91: =D90+1 -> 4025 | E91: CDHU | F91: 37.13.650 | G91: =IF($E91="SINAPI",VLOOKUP($F91,'SINAPI_DESONERADO-04.2026'!$B$11:$E$19657,2,FALSE),IF($E91="CDHU",VLOOKUP($F91,'CDHU_Desonerado-FEV.2026 (201)'!$A$9:$F$4118,2,FALSE),IF($E91="FDE",VLOOKUP($F91,'FDE-01.26'!$A$1:$D$3994,2,FALSE),IF($E91="SIURB (E)",VLOOKUP($F91,'EDIF COM Des JAN.2026'!$A$3:$D$3000,2,FALSE),IF($E91="SIURB (I)",VLOOKUP($F91,'INFRA COM Des JAN.2026'!$A$2:$D$1000,2,FALSE),IF($E91="SICRO NOVO",VLOOKUP($F91,'SICRO.DNIT DESONERADA 01.26'!$A$4:$D$7000,2,FALSE),IF($E91="COMP.",VLOOKUP($F91,'COMPOSIÇÃO '!D:I,2,0)))))))) -> Disjuntor termomagnético, tripolar 220/380 V, corrente de 10 A até 50 A | H91: =IF($E91="SINAPI",VLOOKUP($F91,'SINAPI_DESONERADO-04.2026'!$B$11:$E$19657,3,FALSE),IF($E91="CDHU",VLOOKUP($F91,'CDHU_Desonerado-FEV.2026 (201)'!$A$9:$F$4118,3,FALSE),IF($E91="FDE",VLOOKUP($F91,'FDE-01.26'!$A$1:$D$3994,3,FALSE),IF($E91="SIURB (E)",VLOOKUP($F91,'EDIF COM Des JAN.2026'!$A$1:$D$3000,3,FALSE),IF($E91="SIURB (I)",VLOOKUP($F91,'INFRA COM Des JAN.2026'!$A$2:$D$1000,3,FALSE),IF($E91="SICRO NOVO",VLOOKUP($F91,'SICRO.DNIT DESONERADA 01.26'!$A$4:$D$7000,3,FALSE),IF($E91="COMP.",VLOOKUP($F91,'COMPOSIÇÃO '!D:I,3,0)))))))) -> UN | I91: =IF(D91<>0,INDEX('MEMORIA CALCULO'!$A$1:$Q$109850,MATCH(D91,'MEMORIA CALCULO'!$A$1:$A$8050,0),16),0) -> 3
A92: =LEFT(D92,1) -> 4 | B92: =B90 -> 4 | C92: =IF(D92="",0,B92) -> 4 | D92: =D91+1 -> 4026 | E92: FDE | F92: 09.06.009 | G92: =IF($E92="SINAPI",VLOOKUP($F92,'SINAPI_DESONERADO-04.2026'!$B$11:$E$19657,2,FALSE),IF($E92="CDHU",VLOOKUP($F92,'CDHU_Desonerado-FEV.2026 (201)'!$A$9:$F$4118,2,FALSE),IF($E92="FDE",VLOOKUP($F92,'FDE-01.26'!$A$1:$D$3994,2,FALSE),IF($E92="SIURB (E)",VLOOKUP($F92,'EDIF COM Des JAN.2026'!$A$3:$D$3000,2,FALSE),IF($E92="SIURB (I)",VLOOKUP($F92,'INFRA COM Des JAN.2026'!$A$2:$D$1000,2,FALSE),IF($E92="SICRO NOVO",VLOOKUP($F92,'SICRO.DNIT DESONERADA 01.26'!$A$4:$D$7000,2,FALSE),IF($E92="COMP.",VLOOKUP($F92,'COMPOSIÇÃO '!D:I,2,0)))))))) -> CAIXA DE PASSAGEM CHAPA TAMPA PARAFUSADA DE 20X20X10 CM | H92: =IF($E92="SINAPI",VLOOKUP($F92,'SINAPI_DESONERADO-04.2026'!$B$11:$E$19657,3,FALSE),IF($E92="CDHU",VLOOKUP($F92,'CDHU_Desonerado-FEV.2026 (201)'!$A$9:$F$4118,3,FALSE),IF($E92="FDE",VLOOKUP($F92,'FDE-01.26'!$A$1:$D$3994,3,FALSE),IF($E92="SIURB (E)",VLOOKUP($F92,'EDIF COM Des JAN.2026'!$A$1:$D$3000,3,FALSE),IF($E92="SIURB (I)",VLOOKUP($F92,'INFRA COM Des JAN.2026'!$A$2:$D$1000,3,FALSE),IF($E92="SICRO NOVO",VLOOKUP($F92,'SICRO.DNIT DESONERADA 01.26'!$A$4:$D$7000,3,FALSE),IF($E92="COMP.",VLOOKUP($F92,'COMPOSIÇÃO '!D:I,3,0)))))))) -> UN | I92: =IF(D92<>0,INDEX('MEMORIA CALCULO'!$A$1:$Q$109850,MATCH(D92,'MEMORIA CALCULO'!$A$1:$A$8050,0),16),0) -> 4
A93: =LEFT(D93,1) -> 4 | B93: =B91 -> 4 | C93: =IF(D93="",0,B93) -> 4 | D93: =D92+1 -> 4027 | E93: CDHU | F93: 38.04.040 | G93: =IF($E93="SINAPI",VLOOKUP($F93,'SINAPI_DESONERADO-04.2026'!$B$11:$E$19657,2,FALSE),IF($E93="CDHU",VLOOKUP($F93,'CDHU_Desonerado-FEV.2026 (201)'!$A$9:$F$4118,2,FALSE),IF($E93="FDE",VLOOKUP($F93,'FDE-01.26'!$A$1:$D$3994,2,FALSE),IF($E93="SIURB (E)",VLOOKUP($F93,'EDIF COM Des JAN.2026'!$A$3:$D$3000,2,FALSE),IF($E93="SIURB (I)",VLOOKUP($F93,'INFRA COM Des JAN.2026'!$A$2:$D$1000,2,FALSE),IF($E93="SICRO NOVO",VLOOKUP($F93,'SICRO.DNIT DESONERADA 01.26'!$A$4:$D$7000,2,FALSE),IF($E93="COMP.",VLOOKUP($F93,'COMPOSIÇÃO '!D:I,2,0)))))))) -> Eletroduto galvanizado conforme NBR13057 - 3/4´ com acessórios | H93: =IF($E93="SINAPI",VLOOKUP($F93,'SINAPI_DESONERADO-04.2026'!$B$11:$E$19657,3,FALSE),IF($E93="CDHU",VLOOKUP($F93,'CDHU_Desonerado-FEV.2026 (201)'!$A$9:$F$4118,3,FALSE),IF($E93="FDE",VLOOKUP($F93,'FDE-01.26'!$A$1:$D$3994,3,FALSE),IF($E93="SIURB (E)",VLOOKUP($F93,'EDIF COM Des JAN.2026'!$A$1:$D$3000,3,FALSE),IF($E93="SIURB (I)",VLOOKUP($F93,'INFRA COM Des JAN.2026'!$A$2:$D$1000,3,FALSE),IF($E93="SICRO NOVO",VLOOKUP($F93,'SICRO.DNIT DESONERADA 01.26'!$A$4:$D$7000,3,FALSE),IF($E93="COMP.",VLOOKUP($F93,'COMPOSIÇÃO '!D:I,3,0)))))))) -> M | I93: =IF(D93<>0,INDEX('MEMORIA CALCULO'!$A$1:$Q$109850,MATCH(D93,'MEMORIA CALCULO'!$A$1:$A$8050,0),16),0) -> 15
A94: =LEFT(D94,1) -> 4 | B94: =B92 -> 4 | C94: =IF(D94="",0,B94) -> 4 | D94: =D93+1 -> 4028 | E94: SIURB (E) | F94: 2002001 | G94: =IF($E94="SINAPI",VLOOKUP($F94,'SINAPI_DESONERADO-04.2026'!$B$11:$E$19657,2,FALSE),IF($E94="CDHU",VLOOKUP($F94,'CDHU_Desonerado-FEV.2026 (201)'!$A$9:$F$4118,2,FALSE),IF($E94="FDE",VLOOKUP($F94,'FDE-01.26'!$A$1:$D$3994,2,FALSE),IF($E94="SIURB (E)",VLOOKUP($F94,'EDIF COM Des JAN.2026'!$A$3:$D$3000,2,FALSE),IF($E94="SIURB (I)",VLOOKUP($F94,'INFRA COM Des JAN.2026'!$A$2:$D$1000,2,FALSE),IF($E94="SICRO NOVO",VLOOKUP($F94,'SICRO.DNIT DESONERADA 01.26'!$A$4:$D$7000,2,FALSE),IF($E94="COMP.",VLOOKUP($F94,'COMPOSIÇÃO '!D:I,2,0)))))))) -> ESCAVAÇÃO MANUAL COM PROFUNDIDADE IGUAL OU INFERIOR A 1,50M | H94: =IF($E94="SINAPI",VLOOKUP($F94,'SINAPI_DESONERADO-04.2026'!$B$11:$E$19657,3,FALSE),IF($E94="CDHU",VLOOKUP($F94,'CDHU_Desonerado-FEV.2026 (201)'!$A$9:$F$4118,3,FALSE),IF($E94="FDE",VLOOKUP($F94,'FDE-01.26'!$A$1:$D$3994,3,FALSE),IF($E94="SIURB (E)",VLOOKUP($F94,'EDIF COM Des JAN.2026'!$A$1:$D$3000,3,FALSE),IF($E94="SIURB (I)",VLOOKUP($F94,'INFRA COM Des JAN.2026'!$A$2:$D$1000,3,FALSE),IF($E94="SICRO NOVO",VLOOKUP($F94,'SICRO.DNIT DESONERADA 01.26'!$A$4:$D$7000,3,FALSE),IF($E94="COMP.",VLOOKUP($F94,'COMPOSIÇÃO '!D:I,3,0)))))))) -> M3 | I94: =IF(D94<>0,INDEX('MEMORIA CALCULO'!$A$1:$Q$109850,MATCH(D94,'MEMORIA CALCULO'!$A$1:$A$8050,0),16),0) -> 7
A95: =LEFT(D95,1) -> 4 | B95: =B93 -> 4 | C95: =IF(D95="",0,B95) -> 4 | D95: =D94+1 -> 4029 | E95: SIURB (E) | F95: 1004080 | G95: =IF($E95="SINAPI",VLOOKUP($F95,'SINAPI_DESONERADO-04.2026'!$B$11:$E$19657,2,FALSE),IF($E95="CDHU",VLOOKUP($F95,'CDHU_Desonerado-FEV.2026 (201)'!$A$9:$F$4118,2,FALSE),IF($E95="FDE",VLOOKUP($F95,'FDE-01.26'!$A$1:$D$3994,2,FALSE),IF($E95="SIURB (E)",VLOOKUP($F95,'EDIF COM Des JAN.2026'!$A$3:$D$3000,2,FALSE),IF($E95="SIURB (I)",VLOOKUP($F95,'INFRA COM Des JAN.2026'!$A$2:$D$1000,2,FALSE),IF($E95="SICRO NOVO",VLOOKUP($F95,'SICRO.DNIT DESONERADA 01.26'!$A$4:$D$7000,2,FALSE),IF($E95="COMP.",VLOOKUP($F95,'COMPOSIÇÃO '!D:I,2,0)))))))) -> REATERRO DE VALAS, INCLUSIVE COMPACTAÇÃO | H95: =IF($E95="SINAPI",VLOOKUP($F95,'SINAPI_DESONERADO-04.2026'!$B$11:$E$19657,3,FALSE),IF($E95="CDHU",VLOOKUP($F95,'CDHU_Desonerado-FEV.2026 (201)'!$A$9:$F$4118,3,FALSE),IF($E95="FDE",VLOOKUP($F95,'FDE-01.26'!$A$1:$D$3994,3,FALSE),IF($E95="SIURB (E)",VLOOKUP($F95,'EDIF COM Des JAN.2026'!$A$1:$D$3000,3,FALSE),IF($E95="SIURB (I)",VLOOKUP($F95,'INFRA COM Des JAN.2026'!$A$2:$D$1000,3,FALSE),IF($E95="SICRO NOVO",VLOOKUP($F95,'SICRO.DNIT DESONERADA 01.26'!$A$4:$D$7000,3,FALSE),IF($E95="COMP.",VLOOKUP($F95,'COMPOSIÇÃO '!D:I,3,0)))))))) -> M3 | I95: =IF(D95<>0,INDEX('MEMORIA CALCULO'!$A$1:$Q$109850,MATCH(D95,'MEMORIA CALCULO'!$A$1:$A$8050,0),16),0) -> 3
A96: =LEFT(D96,1) -> 4 | B96: =B94 -> 4 | C96: =IF(D96="",0,B96) -> 4 | D96: =D95+1 -> 4030 | E96: SIURB (E) | F96: 9002098 | G96: =IF($E96="SINAPI",VLOOKUP($F96,'SINAPI_DESONERADO-04.2026'!$B$11:$E$19657,2,FALSE),IF($E96="CDHU",VLOOKUP($F96,'CDHU_Desonerado-FEV.2026 (201)'!$A$9:$F$4118,2,FALSE),IF($E96="FDE",VLOOKUP($F96,'FDE-01.26'!$A$1:$D$3994,2,FALSE),IF($E96="SIURB (E)",VLOOKUP($F96,'EDIF COM Des JAN.2026'!$A$3:$D$3000,2,FALSE),IF($E96="SIURB (I)",VLOOKUP($F96,'INFRA COM Des JAN.2026'!$A$2:$D$1000,2,FALSE),IF($E96="SICRO NOVO",VLOOKUP($F96,'SICRO.DNIT DESONERADA 01.26'!$A$4:$D$7000,2,FALSE),IF($E96="COMP.",VLOOKUP($F96,'COMPOSIÇÃO '!D:I,2,0)))))))) -> ENVELOPAMENTO DE ELETRODUTO ENTERRADO, COM CONCRETO | H96: =IF($E96="SINAPI",VLOOKUP($F96,'SINAPI_DESONERADO-04.2026'!$B$11:$E$19657,3,FALSE),IF($E96="CDHU",VLOOKUP($F96,'CDHU_Desonerado-FEV.2026 (201)'!$A$9:$F$4118,3,FALSE),IF($E96="FDE",VLOOKUP($F96,'FDE-01.26'!$A$1:$D$3994,3,FALSE),IF($E96="SIURB (E)",VLOOKUP($F96,'EDIF COM Des JAN.2026'!$A$1:$D$3000,3,FALSE),IF($E96="SIURB (I)",VLOOKUP($F96,'INFRA COM Des JAN.2026'!$A$2:$D$1000,3,FALSE),IF($E96="SICRO NOVO",VLOOKUP($F96,'SICRO.DNIT DESONERADA 01.26'!$A$4:$D$7000,3,FALSE),IF($E96="COMP.",VLOOKUP($F96,'COMPOSIÇÃO '!D:I,3,0)))))))) -> M | I96: =IF(D96<>0,INDEX('MEMORIA CALCULO'!$A$1:$Q$109850,MATCH(D96,'MEMORIA CALCULO'!$A$1:$A$8050,0),16),0) -> 45
A98: =LEFT(D98,2) -> 5 | B98: =D98 -> 5 | D98: =D60+1 -> 5 | E98: PORTA CORTA-FOGO
A99: =LEFT(D99,1) -> 5 | B99: =D98 -> 5 | C99: =IF(D99="",0,B99) -> 5 | D99: =D98*1000+1 -> 5001 | E99: CDHU | F99: 24.02.054 | G99: =IF($E99="SINAPI",VLOOKUP($F99,'SINAPI_DESONERADO-04.2026'!$B$11:$E$19657,2,FALSE),IF($E99="CDHU",VLOOKUP($F99,'CDHU_Desonerado-FEV.2026 (201)'!$A$9:$F$4118,2,FALSE),IF($E99="FDE",VLOOKUP($F99,'FDE-01.26'!$A$1:$D$3994,2,FALSE),IF($E99="SIURB (E)",VLOOKUP($F99,'EDIF COM Des JAN.2026'!$A$3:$D$3000,2,FALSE),IF($E99="SIURB (I)",VLOOKUP($F99,'INFRA COM Des JAN.2026'!$A$2:$D$1000,2,FALSE),IF($E99="SICRO NOVO",VLOOKUP($F99,'SICRO.DNIT DESONERADA 01.26'!$A$4:$D$7000,2,FALSE),IF($E99="COMP.",VLOOKUP($F99,'COMPOSIÇÃO '!D:I,2,0)))))))) -> Porta corta-fogo classe P.90, com barra antipânico numa face e maçaneta na outra, completa | H99: =IF($E99="SINAPI",VLOOKUP($F99,'SINAPI_DESONERADO-04.2026'!$B$11:$E$19657,3,FALSE),IF($E99="CDHU",VLOOKUP($F99,'CDHU_Desonerado-FEV.2026 (201)'!$A$9:$F$4118,3,FALSE),IF($E99="FDE",VLOOKUP($F99,'FDE-01.26'!$A$1:$D$3994,3,FALSE),IF($E99="SIURB (E)",VLOOKUP($F99,'EDIF COM Des JAN.2026'!$A$1:$D$3000,3,FALSE),IF($E99="SIURB (I)",VLOOKUP($F99,'INFRA COM Des JAN.2026'!$A$2:$D$1000,3,FALSE),IF($E99="SICRO NOVO",VLOOKUP($F99,'SICRO.DNIT DESONERADA 01.26'!$A$4:$D$7000,3,FALSE),IF($E99="COMP.",VLOOKUP($F99,'COMPOSIÇÃO '!D:I,3,0)))))))) -> M2 | I99: =IF(D99<>0,INDEX('MEMORIA CALCULO'!$A$1:$Q$109850,MATCH(D99,'MEMORIA CALCULO'!$A$1:$A$8050,0),16),0) -> 5.04
D101: =D98+1 -> 6 | E101: LIMPEZA FINAL DE OBRA
A102: =LEFT(D102,1) -> 6 | B102: =D101 -> 6 | C102: =IF(D102="",0,B102) -> 6 | D102: =D101*1000+1 -> 6001 | E102: CDHU | F102: 55.01.020 | G102: =IF($E102="SINAPI",VLOOKUP($F102,'SINAPI_DESONERADO-04.2026'!$B$11:$E$19657,2,FALSE),IF($E102="CDHU",VLOOKUP($F102,'CDHU_Desonerado-FEV.2026 (201)'!$A$9:$F$4118,2,FALSE),IF($E102="FDE",VLOOKUP($F102,'FDE-01.26'!$A$1:$D$3994,2,FALSE),IF($E102="SIURB (E)",VLOOKUP($F102,'EDIF COM Des JAN.2026'!$A$3:$D$3000,2,FALSE),IF($E102="SIURB (I)",VLOOKUP($F102,'INFRA COM Des JAN.2026'!$A$2:$D$1000,2,FALSE),IF($E102="SICRO NOVO",VLOOKUP($F102,'SICRO.DNIT DESONERADA 01.26'!$A$4:$D$7000,2,FALSE),IF($E102="COMP.",VLOOKUP($F102,'COMPOSIÇÃO '!D:I,2,0)))))))) -> Limpeza final da obra | H102: =IF($E102="SINAPI",VLOOKUP($F102,'SINAPI_DESONERADO-04.2026'!$B$11:$E$19657,3,FALSE),IF($E102="CDHU",VLOOKUP($F102,'CDHU_Desonerado-FEV.2026 (201)'!$A$9:$F$4118,3,FALSE),IF($E102="FDE",VLOOKUP($F102,'FDE-01.26'!$A$1:$D$3994,3,FALSE),IF($E102="SIURB (E)",VLOOKUP($F102,'EDIF COM Des JAN.2026'!$A$1:$D$3000,3,FALSE),IF($E102="SIURB (I)",VLOOKUP($F102,'INFRA COM Des JAN.2026'!$A$2:$D$1000,3,FALSE),IF($E102="SICRO NOVO",VLOOKUP($F102,'SICRO.DNIT DESONERADA 01.26'!$A$4:$D$7000,3,FALSE),IF($E102="COMP.",VLOOKUP($F102,'COMPOSIÇÃO '!D:I,3,0)))))))) -> M2 | I102: =IF(D102<>0,INDEX('MEMORIA CALCULO'!$A$1:$Q$109850,MATCH(D102,'MEMORIA CALCULO'!$A$1:$A$8050,0),16),0) -> 202.29
A104: =LEFT(D104,2) -> 7 | B104: =D104 -> 7 | D104: =D101+1 -> 7 | E104: TESTE HIDROSTÁTICO E TESTE DE ESTANQUEIDADE EM REDE DE INCÊNDIO (INCLUSO LAUDO)
A105: =LEFT(D105,1) -> 7 | B105: =D104 -> 7 | C105: =IF(D105="",0,B105) -> 7 | D105: =D104*1000+1 -> 7001 | E105: SINAPI | F105: 88248 | G105: =IF($E105="SINAPI",VLOOKUP($F105,'SINAPI_DESONERADO-04.2026'!$B$11:$E$19657,2,FALSE),IF($E105="CDHU",VLOOKUP($F105,'CDHU_Desonerado-FEV.2026 (201)'!$A$9:$F$4118,2,FALSE),IF($E105="FDE",VLOOKUP($F105,'FDE-01.26'!$A$1:$D$3994,2,FALSE),IF($E105="SIURB (E)",VLOOKUP($F105,'EDIF COM Des JAN.2026'!$A$3:$D$3000,2,FALSE),IF($E105="SIURB (I)",VLOOKUP($F105,'INFRA COM Des JAN.2026'!$A$2:$D$1000,2,FALSE),IF($E105="SICRO NOVO",VLOOKUP($F105,'SICRO.DNIT DESONERADA 01.26'!$A$4:$D$7000,2,FALSE),IF($E105="COMP.",VLOOKUP($F105,'COMPOSIÇÃO '!D:I,2,0)))))))) -> AUXILIAR DE ENCANADOR OU BOMBEIRO HIDRÁULICO COM ENCARGOS COMPLEMENTARES | H105: =IF($E105="SINAPI",VLOOKUP($F105,'SINAPI_DESONERADO-04.2026'!$B$11:$E$19657,3,FALSE),IF($E105="CDHU",VLOOKUP($F105,'CDHU_Desonerado-FEV.2026 (201)'!$A$9:$F$4118,3,FALSE),IF($E105="FDE",VLOOKUP($F105,'FDE-01.26'!$A$1:$D$3994,3,FALSE),IF($E105="SIURB (E)",VLOOKUP($F105,'EDIF COM Des JAN.2026'!$A$1:$D$3000,3,FALSE),IF($E105="SIURB (I)",VLOOKUP($F105,'INFRA COM Des JAN.2026'!$A$2:$D$1000,3,FALSE),IF($E105="SICRO NOVO",VLOOKUP($F105,'SICRO.DNIT DESONERADA 01.26'!$A$4:$D$7000,3,FALSE),IF($E105="COMP.",VLOOKUP($F105,'COMPOSIÇÃO '!D:I,3,0)))))))) -> H | I105: =IF(D105<>0,INDEX('MEMORIA CALCULO'!$A$1:$Q$109850,MATCH(D105,'MEMORIA CALCULO'!$A$1:$A$8050,0),16),0) -> 24
A106: =LEFT(D106,1) -> 7 | B106: =B105 -> 7 | C106: =IF(D106="",0,B106) -> 7 | D106: =D105+1 -> 7002 | E106: SINAPI | F106: 88267 | G106: =IF($E106="SINAPI",VLOOKUP($F106,'SINAPI_DESONERADO-04.2026'!$B$11:$E$19657,2,FALSE),IF($E106="CDHU",VLOOKUP($F106,'CDHU_Desonerado-FEV.2026 (201)'!$A$9:$F$4118,2,FALSE),IF($E106="FDE",VLOOKUP($F106,'FDE-01.26'!$A$1:$D$3994,2,FALSE),IF($E106="SIURB (E)",VLOOKUP($F106,'EDIF COM Des JAN.2026'!$A$3:$D$3000,2,FALSE),IF($E106="SIURB (I)",VLOOKUP($F106,'INFRA COM Des JAN.2026'!$A$2:$D$1000,2,FALSE),IF($E106="SICRO NOVO",VLOOKUP($F106,'SICRO.DNIT DESONERADA 01.26'!$A$4:$D$7000,2,FALSE),IF($E106="COMP.",VLOOKUP($F106,'COMPOSIÇÃO '!D:I,2,0)))))))) -> ENCANADOR OU BOMBEIRO HIDRÁULICO COM ENCARGOS COMPLEMENTARES | H106: =IF($E106="SINAPI",VLOOKUP($F106,'SINAPI_DESONERADO-04.2026'!$B$11:$E$19657,3,FALSE),IF($E106="CDHU",VLOOKUP($F106,'CDHU_Desonerado-FEV.2026 (201)'!$A$9:$F$4118,3,FALSE),IF($E106="FDE",VLOOKUP($F106,'FDE-01.26'!$A$1:$D$3994,3,FALSE),IF($E106="SIURB (E)",VLOOKUP($F106,'EDIF COM Des JAN.2026'!$A$1:$D$3000,3,FALSE),IF($E106="SIURB (I)",VLOOKUP($F106,'INFRA COM Des JAN.2026'!$A$2:$D$1000,3,FALSE),IF($E106="SICRO NOVO",VLOOKUP($F106,'SICRO.DNIT DESONERADA 01.26'!$A$4:$D$7000,3,FALSE),IF($E106="COMP.",VLOOKUP($F106,'COMPOSIÇÃO '!D:I,3,0)))))))) -> H | I106: =IF(D106<>0,INDEX('MEMORIA CALCULO'!$A$1:$Q$109850,MATCH(D106,'MEMORIA CALCULO'!$A$1:$A$8050,0),16),0) -> 48
A107: =LEFT(D107,1) -> 7 | B107: =B106 -> 7 | C107: =IF(D107="",0,B107) -> 7 | D107: =D106+1 -> 7003 | E107: CDHU | F107: 47.11.021 | G107: =IF($E107="SINAPI",VLOOKUP($F107,'SINAPI_DESONERADO-04.2026'!$B$11:$E$19657,2,FALSE),IF($E107="CDHU",VLOOKUP($F107,'CDHU_Desonerado-FEV.2026 (201)'!$A$9:$F$4118,2,FALSE),IF($E107="FDE",VLOOKUP($F107,'FDE-01.26'!$A$1:$D$3994,2,FALSE),IF($E107="SIURB (E)",VLOOKUP($F107,'EDIF COM Des JAN.2026'!$A$3:$D$3000,2,FALSE),IF($E107="SIURB (I)",VLOOKUP($F107,'INFRA COM Des JAN.2026'!$A$2:$D$1000,2,FALSE),IF($E107="SICRO NOVO",VLOOKUP($F107,'SICRO.DNIT DESONERADA 01.26'!$A$4:$D$7000,2,FALSE),IF($E107="COMP.",VLOOKUP($F107,'COMPOSIÇÃO '!D:I,2,0)))))))) -> Pressostato diferencial ajustável mecânico, montagem inferior com diâmetro de 1/2" e/ou 1/4", faixa de operação até 16 bar | H107: =IF($E107="SINAPI",VLOOKUP($F107,'SINAPI_DESONERADO-04.2026'!$B$11:$E$19657,3,FALSE),IF($E107="CDHU",VLOOKUP($F107,'CDHU_Desonerado-FEV.2026 (201)'!$A$9:$F$4118,3,FALSE),IF($E107="FDE",VLOOKUP($F107,'FDE-01.26'!$A$1:$D$3994,3,FALSE),IF($E107="SIURB (E)",VLOOKUP($F107,'EDIF COM Des JAN.2026'!$A$1:$D$3000,3,FALSE),IF($E107="SIURB (I)",VLOOKUP($F107,'INFRA COM Des JAN.2026'!$A$2:$D$1000,3,FALSE),IF($E107="SICRO NOVO",VLOOKUP($F107,'SICRO.DNIT DESONERADA 01.26'!$A$4:$D$7000,3,FALSE),IF($E107="COMP.",VLOOKUP($F107,'COMPOSIÇÃO '!D:I,3,0)))))))) -> UN | I107: =IF(D107<>0,INDEX('MEMORIA CALCULO'!$A$1:$Q$109850,MATCH(D107,'MEMORIA CALCULO'!$A$1:$A$8050,0),16),0) -> 3
A108: =LEFT(D108,1) -> 7 | B108: =B107 -> 7 | C108: =IF(D108="",0,B108) -> 7 | D108: =D107+1 -> 7004 | E108: CDHU | F108: 47.11.100 | G108: =IF($E108="SINAPI",VLOOKUP($F108,'SINAPI_DESONERADO-04.2026'!$B$11:$E$19657,2,FALSE),IF($E108="CDHU",VLOOKUP($F108,'CDHU_Desonerado-FEV.2026 (201)'!$A$9:$F$4118,2,FALSE),IF($E108="FDE",VLOOKUP($F108,'FDE-01.26'!$A$1:$D$3994,2,FALSE),IF($E108="SIURB (E)",VLOOKUP($F108,'EDIF COM Des JAN.2026'!$A$3:$D$3000,2,FALSE),IF($E108="SIURB (I)",VLOOKUP($F108,'INFRA COM Des JAN.2026'!$A$2:$D$1000,2,FALSE),IF($E108="SICRO NOVO",VLOOKUP($F108,'SICRO.DNIT DESONERADA 01.26'!$A$4:$D$7000,2,FALSE),IF($E108="COMP.",VLOOKUP($F108,'COMPOSIÇÃO '!D:I,2,0)))))))) -> Manômetro com mostrador de 4´, escalas: 0-4 / 0-7 / 0-10 / 0-17 / 0-21 / 0-28 kg/cm² | H108: =IF($E108="SINAPI",VLOOKUP($F108,'SINAPI_DESONERADO-04.2026'!$B$11:$E$19657,3,FALSE),IF($E108="CDHU",VLOOKUP($F108,'CDHU_Desonerado-FEV.2026 (201)'!$A$9:$F$4118,3,FALSE),IF($E108="FDE",VLOOKUP($F108,'FDE-01.26'!$A$1:$D$3994,3,FALSE),IF($E108="SIURB (E)",VLOOKUP($F108,'EDIF COM Des JAN.2026'!$A$1:$D$3000,3,FALSE),IF($E108="SIURB (I)",VLOOKUP($F108,'INFRA COM Des JAN.2026'!$A$2:$D$1000,3,FALSE),IF($E108="SICRO NOVO",VLOOKUP($F108,'SICRO.DNIT DESONERADA 01.26'!$A$4:$D$7000,3,FALSE),IF($E108="COMP.",VLOOKUP($F108,'COMPOSIÇÃO '!D:I,3,0)))))))) -> UN | I108: =IF(D108<>0,INDEX('MEMORIA CALCULO'!$A$1:$Q$109850,MATCH(D108,'MEMORIA CALCULO'!$A$1:$A$8050,0),16),0) -> 3
A109: =LEFT(D109,1) -> 7 | B109: =B108 -> 7 | C109: =IF(D109="",0,B109) -> 7 | D109: =D108+1 -> 7005 | E109: SIURB (E) | F109: 20003002 | G109: =IF($E109="SINAPI",VLOOKUP($F109,'SINAPI_DESONERADO-04.2026'!$B$11:$E$19657,2,FALSE),IF($E109="CDHU",VLOOKUP($F109,'CDHU_Desonerado-FEV.2026 (201)'!$A$9:$F$4118,2,FALSE),IF($E109="FDE",VLOOKUP($F109,'FDE-01.26'!$A$1:$D$3994,2,FALSE),IF($E109="SIURB (E)",VLOOKUP($F109,'EDIF COM Des JAN.2026'!$A$3:$D$3000,2,FALSE),IF($E109="SIURB (I)",VLOOKUP($F109,'INFRA COM Des JAN.2026'!$A$2:$D$1000,2,FALSE),IF($E109="SICRO NOVO",VLOOKUP($F109,'SICRO.DNIT DESONERADA 01.26'!$A$4:$D$7000,2,FALSE),IF($E109="COMP.",VLOOKUP($F109,'COMPOSIÇÃO '!D:I,2,0)))))))) -> ENGENHEIRO/ ARQUITETO SÊNIOR | H109: =IF($E109="SINAPI",VLOOKUP($F109,'SINAPI_DESONERADO-04.2026'!$B$11:$E$19657,3,FALSE),IF($E109="CDHU",VLOOKUP($F109,'CDHU_Desonerado-FEV.2026 (201)'!$A$9:$F$4118,3,FALSE),IF($E109="FDE",VLOOKUP($F109,'FDE-01.26'!$A$1:$D$3994,3,FALSE),IF($E109="SIURB (E)",VLOOKUP($F109,'EDIF COM Des JAN.2026'!$A$1:$D$3000,3,FALSE),IF($E109="SIURB (I)",VLOOKUP($F109,'INFRA COM Des JAN.2026'!$A$2:$D$1000,3,FALSE),IF($E109="SICRO NOVO",VLOOKUP($F109,'SICRO.DNIT DESONERADA 01.26'!$A$4:$D$7000,3,FALSE),IF($E109="COMP.",VLOOKUP($F109,'COMPOSIÇÃO '!D:I,3,0)))))))) -> H | I109: =IF(D109<>0,INDEX('MEMORIA CALCULO'!$A$1:$Q$109850,MATCH(D109,'MEMORIA CALCULO'!$A$1:$A$8050,0),16),0) -> 32
A111: =LEFT(D111,2) -> 8 | B111: =D111 -> 8 | D111: =D104+1 -> 8 | E111: APROVAÇÕES
A112: =LEFT(D112,1) -> 8 | B112: =D111 -> 8 | C112: =IF(D112="",0,B112) -> 8 | D112: =D111*1000+1 -> 8001 | E112: SIURB (E) | F112: 20005037 | G112: =IF($E112="SINAPI",VLOOKUP($F112,'SINAPI_DESONERADO-04.2026'!$B$11:$E$19657,2,FALSE),IF($E112="CDHU",VLOOKUP($F112,'CDHU_Desonerado-FEV.2026 (201)'!$A$9:$F$4118,2,FALSE),IF($E112="FDE",VLOOKUP($F112,'FDE-01.26'!$A$1:$D$3994,2,FALSE),IF($E112="SIURB (E)",VLOOKUP($F112,'EDIF COM Des JAN.2026'!$A$3:$D$3000,2,FALSE),IF($E112="SIURB (I)",VLOOKUP($F112,'INFRA COM Des JAN.2026'!$A$2:$D$1000,2,FALSE),IF($E112="SICRO NOVO",VLOOKUP($F112,'SICRO.DNIT DESONERADA 01.26'!$A$4:$D$7000,2,FALSE),IF($E112="COMP.",VLOOKUP($F112,'COMPOSIÇÃO '!D:I,2,0)))))))) -> SERVIÇOS TÉCNICOS PROFISSIONAIS PARA OBTENÇÃO DO AVCB JUNTO AO CORPO DE BOMBEIROS PARA EDIFICAÇÕES DE 2001 À 5000 M2 | H112: =IF($E112="SINAPI",VLOOKUP($F112,'SINAPI_DESONERADO-04.2026'!$B$11:$E$19657,3,FALSE),IF($E112="CDHU",VLOOKUP($F112,'CDHU_Desonerado-FEV.2026 (201)'!$A$9:$F$4118,3,FALSE),IF($E112="FDE",VLOOKUP($F112,'FDE-01.26'!$A$1:$D$3994,3,FALSE),IF($E112="SIURB (E)",VLOOKUP($F112,'EDIF COM Des JAN.2026'!$A$1:$D$3000,3,FALSE),IF($E112="SIURB (I)",VLOOKUP($F112,'INFRA COM Des JAN.2026'!$A$2:$D$1000,3,FALSE),IF($E112="SICRO NOVO",VLOOKUP($F112,'SICRO.DNIT DESONERADA 01.26'!$A$4:$D$7000,3,FALSE),IF($E112="COMP.",VLOOKUP($F112,'COMPOSIÇÃO '!D:I,3,0)))))))) -> GL | I112: =IF(D112<>0,INDEX('MEMORIA CALCULO'!$A$1:$Q$109850,MATCH(D112,'MEMORIA CALCULO'!$A$1:$A$8050,0),16),0) -> 1
...

Sheet MEMORIA CALCULO
B2: CLIENTE: | C2: ='CLIENTE-OBJETO'!B2 -> PREFEITURA MUNICIPAL DE PIRACICABA | O2: FL:
B3: OBRA: | C3: ='CLIENTE-OBJETO'!B3 -> PLANO DE COMBATE A INCÊNDIO (PCI) CEREST | O3: REV: | P3: 0 | R3: TEMPO DE OBRA
B4: LOCAL: | C4: ='CLIENTE-OBJETO'!B4 -> RUA DO TRABALHO, 602 - VILA INDEPENDÊNCIA, PIRACICABA/SP | O4: DATA: | P4: 25/02/2026 | R4: 3
B6: MEMÓRIA DE CÁLCULO | R6: DISTANCIA BOTA FORA
B7: ITEM | C7: DISCRIMINAÇÃO DE CÁLCULO | O7: QUANTIDADE
O8: UNID. | P8: TOTAL
A10: ='Plan. Orçamentária'!D17 -> 1 | C10: ='Plan. Orçamentária'!E17 -> PLACA DA OBRA E CANTEIRO
A11: ='Plan. Orçamentária'!D18 -> 1001 | B11: =IF(A11<>0,INDEX('Plan. Orçamentária'!$D$11:$K$205,MATCH(A11,'Plan. Orçamentária'!$D$11:$D$205,0),3),0) -> 103689 | C11: =IF(A11<>0,INDEX('Plan. Orçamentária'!$D$11:$K$205,MATCH(A11,'Plan. Orçamentária'!$D$11:$D$205,0),4),0) -> FORNECIMENTO E INSTALAÇÃO DE PLACA DE OBRA COM CHAPA GALVANIZADA E ESTRUTURA DE MADEIRA. AF_03/2022_PS | O11: =IF(A11<>0,INDEX('Plan. Orçamentária'!$D$17:$K$205,MATCH(A11,'Plan. Orçamentária'!$D$17:$D$205,0),5),0) -> M2 | P11: =TRUNC(SUM(N13),2) -> 2
K12: COMPRIMENTO | M12: ALTURA | N12: TOTAL
K13: 2 | L13: X | M13: 1 | N13: =TRUNC(K13*M13,2) -> 2
A15: =A11+1 -> 1002 | B15: =IF(A15<>0,INDEX('Plan. Orçamentária'!$D$11:$K$205,MATCH(A15,'Plan. Orçamentária'!$D$11:$D$205,0),3),0) -> 103694 | C15: =IF(A15<>0,INDEX('Plan. Orçamentária'!$D$11:$K$205,MATCH(A15,'Plan. Orçamentária'!$D$11:$D$205,0),4),0) -> FORNECIMENTO E INSTALAÇÃO DE SUPORTE DE MADEIRA PARA PLACAS DE SINALIZAÇÃO, EM SOLO, COM H= DE 2,5 M E SEÇÃO DE 7,5 X 7,5 CM. AF_03/2022 | O15: =IF(A15<>0,INDEX('Plan. Orçamentária'!$D$17:$K$205,MATCH(A15,'Plan. Orçamentária'!$D$17:$D$205,0),5),0) -> UN | P15: =TRUNC(SUM(N17),2) -> 2
N16: TOTAL
N17: 2
A19: =A15+1 -> 1003 | B19: =IF(A19<>0,INDEX('Plan. Orçamentária'!$D$11:$K$205,MATCH(A19,'Plan. Orçamentária'!$D$11:$D$205,0),3),0) -> 16.06.047 | C19: =IF(A19<>0,INDEX('Plan. Orçamentária'!$D$11:$K$205,MATCH(A19,'Plan. Orçamentária'!$D$11:$D$205,0),4),0) -> LOCAÇÃO MENSAL DE CONTAINER 4,00M COM 2 VASOS SANITARIOS, 1 LAVABO, 1 MICTÓRIO E 4 PONTOS CHUV. | O19: =IF(A19<>0,INDEX('Plan. Orçamentária'!$D$17:$K$205,MATCH(A19,'Plan. Orçamentária'!$D$17:$D$205,0),5),0) -> M2 | P19: =TRUNC(SUM(N21),2) -> 9.76
K20: COMPRIMENTO | M20: LARGURA | N20: TOTAL
K21: 4 | L21: X | M21: 2.44 | N21: =TRUNC(K21*M21,2) -> 9.76
A24: ='Plan. Orçamentária'!D22 -> 2 | C24: ='Plan. Orçamentária'!E22 -> RESERVA PARA INCÊNDIO
A25: ='Plan. Orçamentária'!D23 -> 2001 | B25: =IF(A25<>0,INDEX('Plan. Orçamentária'!$D$11:$K$205,MATCH(A25,'Plan. Orçamentária'!$D$11:$D$205,0),3),0) -> 48.02.207 | C25: =IF(A25<>0,INDEX('Plan. Orçamentária'!$D$11:$K$205,MATCH(A25,'Plan. Orçamentária'!$D$11:$D$205,0),4),0) -> Reservatório em polietileno com tampa de encaixar - capacidade de 10.000 litros | O25: =IF(A25<>0,INDEX('Plan. Orçamentária'!$D$17:$K$205,MATCH(A25,'Plan. Orçamentária'!$D$17:$D$205,0),5),0) -> UN | P25: =TRUNC(SUM(N27:N27),2) -> 1
N26: TOTAL
M27: TERREO | N27: 1
A29: =A25+1 -> 2002 | B29: =IF(A29<>0,INDEX('Plan. Orçamentária'!$D$11:$K$205,MATCH(A29,'Plan. Orçamentária'!$D$11:$D$205,0),3),0) -> 48.05.050 | C29: =IF(A29<>0,INDEX('Plan. Orçamentária'!$D$11:$K$205,MATCH(A29,'Plan. Orçamentária'!$D$11:$D$205,0),4),0) -> Torneira de boia, DN= 2´ | O29: =IF(A29<>0,INDEX('Plan. Orçamentária'!$D$17:$K$205,MATCH(A29,'Plan. Orçamentária'!$D$17:$D$205,0),5),0) -> UN | P29: =TRUNC(SUM(N31:N31),2) -> 1
N30: TOTAL
M31: TERREO | N31: 1
A33: ='Plan. Orçamentária'!D26 -> 3 | C33: ='Plan. Orçamentária'!E26 -> COMBATE A INCÊNDIO
C34: ='Plan. Orçamentária'!E27 -> EXTINTORES
A35: ='Plan. Orçamentária'!D28 -> 3001 | B35: =IF(A35<>0,INDEX('Plan. Orçamentária'!$D$11:$K$205,MATCH(A35,'Plan. Orçamentária'!$D$11:$D$205,0),3),0) -> 50.10.120 | C35: =IF(A35<>0,INDEX('Plan. Orçamentária'!$D$11:$K$205,MATCH(A35,'Plan. Orçamentária'!$D$11:$D$205,0),4),0) -> Extintor manual de pó químico seco ABC - capacidade de 6 kg | O35: =IF(A35<>0,INDEX('Plan. Orçamentária'!$D$17:$K$205,MATCH(A35,'Plan. Orçamentária'!$D$17:$D$205,0),5),0) -> UN | P35: =TRUNC(SUM(N37:N40),2) -> 15
N36: TOTAL
M37: TERREO | N37: 7
M38: 1º PAVIMENTO | N38: 4
M39: 2º PAVIMENTO | N39: 3
M40: TERREO = QUADRA | N40: 1
A42: =A35+1 -> 3002 | B42: =IF(A42<>0,INDEX('Plan. Orçamentária'!$D$11:$K$205,MATCH(A42,'Plan. Orçamentária'!$D$11:$D$205,0),3),0) -> 50.10.220 | C42: =IF(A42<>0,INDEX('Plan. Orçamentária'!$D$11:$K$205,MATCH(A42,'Plan. Orçamentária'!$D$11:$D$205,0),4),0) -> Suporte para extintor de piso em aço inoxidável | O42: =IF(A42<>0,INDEX('Plan. Orçamentária'!$D$17:$K$205,MATCH(A42,'Plan. Orçamentária'!$D$17:$D$205,0),5),0) -> UN | P42: =TRUNC(SUM(N44:N47),2) -> 15
N43: TOTAL
M44: TERREO | N44: =N37 -> 7
M45: 1º PAVIMENTO | N45: =N38 -> 4
M46: 2º PAVIMENTO | N46: =N39 -> 3
M47: TERREO = QUADRA | N47: 1
A49: =A42+1 -> 3003 | B49: =IF(A49<>0,INDEX('Plan. Orçamentária'!$D$11:$K$205,MATCH(A49,'Plan. Orçamentária'!$D$11:$D$205,0),3),0) -> 102492 | C49: =IF(A49<>0,INDEX('Plan. Orçamentária'!$D$11:$K$205,MATCH(A49,'Plan. Orçamentária'!$D$11:$D$205,0),4),0) -> PINTURA DE PISO COM TINTA ACRÍLICA, APLICAÇÃO MANUAL, 3 DEMÃOS, INCLUSO FUNDO PREPARADOR. AF_05/2021 | O49: =IF(A49<>0,INDEX('Plan. Orçamentária'!$D$17:$K$205,MATCH(A49,'Plan. Orçamentária'!$D$17:$D$205,0),5),0) -> M2 | P49: =TRUNC(SUM(N51:N54),2) -> 15
N50: TOTAL
M51: TERREO | N51: =N37 -> 7
M52: 1º PAVIMENTO | N52: =N38 -> 4
M53: 2º PAVIMENTO | N53: =N39 -> 3
M54: TERREO = QUADRA | N54: 1
C57: ='Plan. Orçamentária'!E31 -> COMUNICAÇÃO VISUAL
A58: =A49+1 -> 3004 | B58: =IF(A58<>0,INDEX('Plan. Orçamentária'!$D$11:$K$205,MATCH(A58,'Plan. Orçamentária'!$D$11:$D$205,0),3),0) -> 97.02.195 | C58: =IF(A58<>0,INDEX('Plan. Orçamentária'!$D$11:$K$205,MATCH(A58,'Plan. Orçamentária'!$D$11:$D$205,0),4),0) -> Placa de sinalização em PVC fotoluminescente (240x120mm), com indicação de rota de evacuação e saída de emergência | O58: =IF(A58<>0,INDEX('Plan. Orçamentária'!$D$17:$K$205,MATCH(A58,'Plan. Orçamentária'!$D$17:$D$205,0),5),0) -> UN | P58: =TRUNC(SUM(N60:N64),2) -> 42
N59: TOTAL
K60: DIREÇÃO FLUXO ROTA DE FUGA | M60: TERREO | N60: 14
M61: 1º PAVIMENTO | N61: 17
M62: 2º PAVIMENTO | N62: 9
M63: TERREO = QUADRA | N63: 1
K64: SAÍDA FINAL - ROTA DE FUGA | M64: 1º PAVIMENTO | N64: 1
A66: =A58+1 -> 3005 | B66: =IF(A66<>0,INDEX('Plan. Orçamentária'!$D$11:$K$205,MATCH(A66,'Plan. Orçamentária'!$D$11:$D$205,0),3),0) -> 97.02.193 | C66: =IF(A66<>0,INDEX('Plan. Orçamentária'!$D$11:$K$205,MATCH(A66,'Plan. Orçamentária'!$D$11:$D$205,0),4),0) -> Placa de sinalização em PVC fotoluminescente (200x200mm), com indicação de equipamentos de alarme, detecção e extinção de incêndio | O66: =IF(A66<>0,INDEX('Plan. Orçamentária'!$D$17:$K$205,MATCH(A66,'Plan. Orçamentária'!$D$17:$D$205,0),5),0) -> UN | P66: =TRUNC(SUM(N68:N70),2) -> 7
N67: TOTAL
K68: ALARME MANUAL | M68: TERREO | N68: 3
M69: 1º PAVIMENTO | N69: 2
M70: 2º PAVIMENTO | N70: 2
A72: =A66+1 -> 3006 | B72: =IF(A72<>0,INDEX('Plan. Orçamentária'!$D$11:$K$205,MATCH(A72,'Plan. Orçamentária'!$D$11:$D$205,0),3),0) -> 97.02.197 | C72: =IF(A72<>0,INDEX('Plan. Orçamentária'!$D$11:$K$205,MATCH(A72,'Plan. Orçamentária'!$D$11:$D$205,0),4),0) -> Placa de sinalização em PVC, com indicação de alerta | O72: =IF(A72<>0,INDEX('Plan. Orçamentária'!$D$17:$K$205,MATCH(A72,'Plan. Orçamentária'!$D$17:$D$205,0),5),0) -> UN | P72: =TRUNC(SUM(N74:N74),2) -> 1
N73: TOTAL
K74: RESERVATÓRIO | M74: TERREO | N74: 1
A76: =A72+1 -> 3007 | B76: =IF(A76<>0,INDEX('Plan. Orçamentária'!$D$11:$K$205,MATCH(A76,'Plan. Orçamentária'!$D$11:$D$205,0),3),0) -> 97.02.198 | C76: =IF(A76<>0,INDEX('Plan. Orçamentária'!$D$11:$K$205,MATCH(A76,'Plan. Orçamentária'!$D$11:$D$205,0),4),0) -> Placa de sinalização em PVC, com indicação de proibição normativa | O76: =IF(A76<>0,INDEX('Plan. Orçamentária'!$D$17:$K$205,MATCH(A76,'Plan. Orçamentária'!$D$17:$D$205,0),5),0) -> UN | P76: =TRUNC(SUM(N78:N78),2) -> 1
N77: TOTAL
K78: RESERVATÓRIO | M78: TERREO | N78: 1
A80: =A76+1 -> 3008 | B80: =IF(A80<>0,INDEX('Plan. Orçamentária'!$D$11:$K$205,MATCH(A80,'Plan. Orçamentária'!$D$11:$D$205,0),3),0) -> 97.02.190 | C80: =IF(A80<>0,INDEX('Plan. Orçamentária'!$D$11:$K$205,MATCH(A80,'Plan. Orçamentária'!$D$11:$D$205,0),4),0) -> Placa de identificação em acrílico com texto em vinil | O80: =IF(A80<>0,INDEX('Plan. Orçamentária'!$D$17:$K$205,MATCH(A80,'Plan. Orçamentária'!$D$17:$D$205,0),5),0) -> M2 | P80: =TRUNC(SUM(N82:N85),2) -> 0.1
I81: QUANTIDADE | K81: COMPRIMENTO | M81: LARGURA | N81: TOTAL
F82: HIDRANTE | G82: TERREO | I82: 2 | J82: X | K82: 0.15 | L82: 0.05 | M82: 0.1 | N82: =TRUNC(I82*K82*M82,2) -> 0.03
G83: 1º PAVIMENTO | I83: 2 | J83: X | K83: 0.15 | L83: 0.05 | M83: 0.1 | N83: =TRUNC(I83*K83*M83,2) -> 0.03
G84: 2º PAVIMENTO | I84: 2 | J84: X | K84: 0.15 | L84: 0.05 | M84: 0.1 | N84: =TRUNC(I84*K84*M84,2) -> 0.03
F85: QUADRA | G85: TERREO = QUADRA | I85: 1 | J85: X | K85: 0.15 | L85: 0.05 | M85: 0.1 | N85: =TRUNC(I85*K85*M85,2) -> 0.01
C88: ='Plan. Orçamentária'!E37 -> ILUMINAÇÃO DE EMERGÊNCIA
A89: =A80+1 -> 3009 | B89: =IF(A89<>0,INDEX('Plan. Orçamentária'!$D$11:$K$205,MATCH(A89,'Plan. Orçamentária'!$D$11:$D$205,0),3),0) -> 50.05.312 | C89: =IF(A89<>0,INDEX('Plan. Orçamentária'!$D$11:$K$205,MATCH(A89,'Plan. Orçamentária'!$D$11:$D$205,0),4),0) -> Bloco autônomo de iluminação de emergência LED, com autonomia mínima de 3 horas, fluxo luminoso de 2.000 até 3.000 lúmens, equipado com 2 faróis | O89: =IF(A89<>0,INDEX('Plan. Orçamentária'!$D$17:$K$205,MATCH(A89,'Plan. Orçamentária'!$D$17:$D$205,0),5),0) -> UN | P89: =TRUNC(SUM(N91:N93),2) -> 41
N90: TOTAL
M91: TERREO | N91: 17
M92: 1º PAVIMENTO | N92: 13
M93: 2º PAVIMENTO | N93: 11
A95: =A89+1 -> 3010 | B95: =IF(A95<>0,INDEX('Plan. Orçamentária'!$D$11:$K$205,MATCH(A95,'Plan. Orçamentária'!$D$11:$D$205,0),3),0) -> 50.05.060 | C95: =IF(A95<>0,INDEX('Plan. Orçamentária'!$D$11:$K$205,MATCH(A95,'Plan. Orçamentária'!$D$11:$D$205,0),4),0) -> Central de iluminação de emergência, completa, para até 6.000 W | O95: =IF(A95<>0,INDEX('Plan. Orçamentária'!$D$17:$K$205,MATCH(A95,'Plan. Orçamentária'!$D$17:$D$205,0),5),0) -> UN | P95: =TRUNC(SUM(N97:N97),2) -> 1
N96: TOTAL
M97: 1º PAVIMENTO | N97: 1
C100: ='Plan. Orçamentária'!E40 -> CENTRAL DE ALARME E DETECTORES
A101: =A95+1 -> 3011 | B101: =IF(A101<>0,INDEX('Plan. Orçamentária'!$D$11:$K$205,MATCH(A101,'Plan. Orçamentária'!$D$11:$D$205,0),3),0) -> 50.05.270 | C101: =IF(A101<>0,INDEX('Plan. Orçamentária'!$D$11:$K$205,MATCH(A101,'Plan. Orçamentária'!$D$11:$D$205,0),4),0) -> Central de detecção e alarme de incêndio completa, autonomia de 1 hora para 12 laços, 220 V/12 V | O101: =IF(A101<>0,INDEX('Plan. Orçamentária'!$D$17:$K$205,MATCH(A101,'Plan. Orçamentária'!$D$17:$D$205,0),5),0) -> UN | P101: =TRUNC(SUM(N103:N103),2) -> 1
N102: TOTAL
M103: 1º PAVIMENTO | N103: 1
A105: =A101+1 -> 3012 | B105: =IF(A105<>0,INDEX('Plan. Orçamentária'!$D$11:$K$205,MATCH(A105,'Plan. Orçamentária'!$D$11:$D$205,0),3),0) -> 50.05.430 | C105: =IF(A105<>0,INDEX('Plan. Orçamentária'!$D$11:$K$205,MATCH(A105,'Plan. Orçamentária'!$D$11:$D$205,0),4),0) -> Detector óptico de fumaça com base endereçável | O105: =IF(A105<>0,INDEX('Plan. Orçamentária'!$D$17:$K$205,MATCH(A105,'Plan. Orçamentária'!$D$17:$D$205,0),5),0) -> UN | P105: =TRUNC(SUM(N107:N110),2) -> 118
N106: TOTAL
M107: TERREO | N107: 53
M108: 1º PAVIMENTO | N108: 37
M109: 2º PAVIMENTO | N109: 27
M110: TERREO = QUADRA | N110: 1
A112: =A105+1 -> 3013 | B112: =IF(A112<>0,INDEX('Plan. Orçamentária'!$D$11:$K$205,MATCH(A112,'Plan. Orçamentária'!$D$11:$D$205,0),3),0) -> 50.05.210 | C112: =IF(A112<>0,INDEX('Plan. Orçamentária'!$D$11:$K$205,MATCH(A112,'Plan. Orçamentária'!$D$11:$D$205,0),4),0) -> Detector termovelocimétrico endereçável com base endereçável | O112: =IF(A112<>0,INDEX('Plan. Orçamentária'!$D$17:$K$205,MATCH(A112,'Plan. Orçamentária'!$D$17:$D$205,0),5),0) -> UN | P112: =TRUNC(SUM(N114:N116),2) -> 4
N113: TOTAL
K114: COZINHA | M114: TERREO | N114: 1
K115: COPA | M115: 1º PAVIMENTO | N115: 2
K116: COPA | M116: 2º PAVIMENTO | N116: 1
A118: =A112+1 -> 3014 | B118: =IF(A118<>0,INDEX('Plan. Orçamentária'!$D$11:$K$205,MATCH(A118,'Plan. Orçamentária'!$D$11:$D$205,0),3),0) -> 50.05.214 | C118: =IF(A118<>0,INDEX('Plan. Orçamentária'!$D$11:$K$205,MATCH(A118,'Plan. Orçamentária'!$D$11:$D$205,0),4),0) -> Detector de gás liquefeito (GLP), gás natural (GN) ou derivados de metano | O118: =IF(A118<>0,INDEX('Plan. Orçamentária'!$D$17:$K$205,MATCH(A118,'Plan. Orçamentária'!$D$17:$D$205,0),5),0) -> UN | P118: =TRUNC(SUM(N120:N122),2) -> 4
N119: TOTAL
K120: COZINHA | M120: TERREO | N120: 1
K121: COPA | M121: 1º PAVIMENTO | N121: 2
K122: COPA | M122: 2º PAVIMENTO | N122: 1
A124: =A118+1 -> 3015 | B124: =IF(A124<>0,INDEX('Plan. Orçamentária'!$D$11:$K$205,MATCH(A124,'Plan. Orçamentária'!$D$11:$D$205,0),3),0) -> 30.06.064 | C124: =IF(A124<>0,INDEX('Plan. Orçamentária'!$D$11:$K$205,MATCH(A124,'Plan. Orçamentária'!$D$11:$D$205,0),4),0) -> Sistema de alarme PNE com indicador audiovisual, sistema sem fio (Wireless), para pessoas com mobilidade reduzida ou cadeirante | O124: =IF(A124<>0,INDEX('Plan. Orçamentária'!$D$17:$K$205,MATCH(A124,'Plan. Orçamentária'!$D$17:$D$205,0),5),0) -> CJ | P124: =TRUNC(SUM(N126:N127),2) -> 2
N125: TOTAL
K126: PCD | M126: TERREO | N126: 1
...

Sheet CURVA ABC
I1: =SUM(I3:I21167) -> 0 | J1: =#REF! -> #REF! | O1: =I1-J1 -> #REF!
B2: ITEM | C2: FONTE | D2: CÓDIGO | E2: DESCRIÇÃO | F2: UNID. | G2: QUANT. | H2: R$ UNIT. C/ BDI | I2: R$ TOTAL | K2: % INDIVIDUAL | L2: % ACUMULADA | M2: CLASSIFICAÇÃO
B3: 3012 | C3: CDHU | D3: 50.05.430 | E3: =VLOOKUP($B3,'Plan. Orçamentária'!$D$1:$L$1534,4,FALSE) -> Detector óptico de fumaça com base endereçável | F3: =VLOOKUP($B3,'Plan. Orçamentária'!$D$1:$L$1534,5,FALSE) -> UN | G3: =SUMIF('Plan. Orçamentária'!$F$1:$F$1534,D3,'Plan. Orçamentária'!$I$1:$I$1534) -> 118 | H3: =IF(D3<>0,INDEX('Plan. Orçamentária'!$F$1:$K$1534,MATCH(D3,'Plan. Orçamentária'!$F$1:$F$1534,0),6),0) -> 0 | I3: =ROUND(ROUND(G3,2)*ROUND(H3,2),2) -> 0 | K3: =I3/$I$1 -> #DIV/0! | L3: =K3 -> #DIV/0! | M3: =IF(L3<=80%,"A",IF(L3<=95%,"B","C")) -> #DIV/0!
B4: 3017 | C4: CDHU | D4: 46.08.080 | E4: =VLOOKUP($B4,'Plan. Orçamentária'!$D$1:$L$1534,4,FALSE) -> Tubo galvanizado sem costura schedule 40, DN= 3´, inclusive conexões | F4: =VLOOKUP($B4,'Plan. Orçamentária'!$D$1:$L$1534,5,FALSE) -> M | G4: =SUMIF('Plan. Orçamentária'!$F$1:$F$1534,D4,'Plan. Orçamentária'!$I$1:$I$1534) -> 64.45 | H4: =IF(D4<>0,INDEX('Plan. Orçamentária'!$F$1:$K$1534,MATCH(D4,'Plan. Orçamentária'!$F$1:$F$1534,0),6),0) -> 0 | I4: =ROUND(ROUND(G4,2)*ROUND(H4,2),2) -> 0 | K4: =I4/$I$1 -> #DIV/0! | L4: =K4+L3 -> #DIV/0! | M4: =IF(L4<=80%,"A",IF(L4<=95%,"B","C")) -> #DIV/0!
B5: 3010 | C5: CDHU | D5: 50.05.060 | E5: =VLOOKUP($B5,'Plan. Orçamentária'!$D$1:$L$1534,4,FALSE) -> Central de iluminação de emergência, completa, para até 6.000 W | F5: =VLOOKUP($B5,'Plan. Orçamentária'!$D$1:$L$1534,5,FALSE) -> UN | G5: =SUMIF('Plan. Orçamentária'!$F$1:$F$1534,D5,'Plan. Orçamentária'!$I$1:$I$1534) -> 1 | H5: =IF(D5<>0,INDEX('Plan. Orçamentária'!$F$1:$K$1534,MATCH(D5,'Plan. Orçamentária'!$F$1:$F$1534,0),6),0) -> 0 | I5: =ROUND(ROUND(G5,2)*ROUND(H5,2),2) -> 0 | K5: =I5/$I$1 -> #DIV/0! | L5: =K5+L4 -> #DIV/0! | M5: =IF(L5<=80%,"A",IF(L5<=95%,"B","C")) -> #DIV/0!
B6: 3019 | C6: CDHU | D6: 50.01.330 | E6: =VLOOKUP($B6,'Plan. Orçamentária'!$D$1:$L$1534,4,FALSE) -> Abrigo de hidrante de 2 1/2´ completo - inclusive mangueira de 30 m (2 x 15 m) | F6: =VLOOKUP($B6,'Plan. Orçamentária'!$D$1:$L$1534,5,FALSE) -> UN | G6: =SUMIF('Plan. Orçamentária'!$F$1:$F$1534,D6,'Plan. Orçamentária'!$I$1:$I$1534) -> 7 | H6: =IF(D6<>0,INDEX('Plan. Orçamentária'!$F$1:$K$1534,MATCH(D6,'Plan. Orçamentária'!$F$1:$F$1534,0),6),0) -> 0 | I6: =ROUND(ROUND(G6,2)*ROUND(H6,2),2) -> 0 | K6: =I6/$I$1 -> #DIV/0! | L6: =K6+L5 -> #DIV/0! | M6: =IF(L6<=80%,"A",IF(L6<=95%,"B","C")) -> #DIV/0!
B7: 3022 | C7: SIURB (E) | D7: 10003011 | E7: =VLOOKUP($B7,'Plan. Orçamentária'!$D$1:$L$1534,4,FALSE) -> CONJUNTO MOTOR-BOMBA 112M3/H, 20MCA, 10CV, 3500RPM, 220/380V, TRIFÁSICO | F7: =VLOOKUP($B7,'Plan. Orçamentária'!$D$1:$L$1534,5,FALSE) -> UN | G7: =SUMIF('Plan. Orçamentária'!$F$1:$F$1534,D7,'Plan. Orçamentária'!$I$1:$I$1534) -> 2 | H7: =IF(D7<>0,INDEX('Plan. Orçamentária'!$F$1:$K$1534,MATCH(D7,'Plan. Orçamentária'!$F$1:$F$1534,0),6),0) -> 0 | I7: =ROUND(ROUND(G7,2)*ROUND(H7,2),2) -> 0 | K7: =I7/$I$1 -> #DIV/0! | L7: =K7+L6 -> #DIV/0! | M7: =IF(L7<=80%,"A",IF(L7<=95%,"B","C")) -> #DIV/0!
B8: 4004 | C8: CDHU | D8: 38.04.040 | E8: =VLOOKUP($B8,'Plan. Orçamentária'!$D$1:$L$1534,4,FALSE) -> Eletroduto galvanizado conforme NBR13057 - 3/4´ com acessórios | F8: =VLOOKUP($B8,'Plan. Orçamentária'!$D$1:$L$1534,5,FALSE) -> M | G8: =SUMIF('Plan. Orçamentária'!$F$1:$F$1534,D8,'Plan. Orçamentária'!$I$1:$I$1534) -> 271 | H8: =IF(D8<>0,INDEX('Plan. Orçamentária'!$F$1:$K$1534,MATCH(D8,'Plan. Orçamentária'!$F$1:$F$1534,0),6),0) -> 0 | I8: =ROUND(ROUND(G8,2)*ROUND(H8,2),2) -> 0 | K8: =I8/$I$1 -> #DIV/0! | L8: =K8+L7 -> #DIV/0! | M8: =IF(L8<=80%,"A",IF(L8<=95%,"B","C")) -> #DIV/0!
B9: 7005 | C9: SIURB (E) | D9: 20003002 | E9: =VLOOKUP($B9,'Plan. Orçamentária'!$D$1:$L$1534,4,FALSE) -> ENGENHEIRO/ ARQUITETO SÊNIOR | F9: =VLOOKUP($B9,'Plan. Orçamentária'!$D$1:$L$1534,5,FALSE) -> H | G9: =SUMIF('Plan. Orçamentária'!$F$1:$F$1534,D9,'Plan. Orçamentária'!$I$1:$I$1534) -> 32 | H9: =IF(D9<>0,INDEX('Plan. Orçamentária'!$F$1:$K$1534,MATCH(D9,'Plan. Orçamentária'!$F$1:$F$1534,0),6),0) -> 0 | I9: =ROUND(ROUND(G9,2)*ROUND(H9,2),2) -> 0 | K9: =I9/$I$1 -> #DIV/0! | L9: =K9+L8 -> #DIV/0! | M9: =IF(L9<=80%,"A",IF(L9<=95%,"B","C")) -> #DIV/0!
B10: 3016 | C10: CDHU | D10: 46.08.070 | E10: =VLOOKUP($B10,'Plan. Orçamentária'!$D$1:$L$1534,4,FALSE) -> Tubo galvanizado sem costura schedule 40, DN= 2 1/2´, inclusive conexões | F10: =VLOOKUP($B10,'Plan. Orçamentária'!$D$1:$L$1534,5,FALSE) -> M | G10: =SUMIF('Plan. Orçamentária'!$F$1:$F$1534,D10,'Plan. Orçamentária'!$I$1:$I$1534) -> 29 | H10: =IF(D10<>0,INDEX('Plan. Orçamentária'!$F$1:$K$1534,MATCH(D10,'Plan. Orçamentária'!$F$1:$F$1534,0),6),0) -> 0 | I10: =ROUND(ROUND(G10,2)*ROUND(H10,2),2) -> 0 | K10: =I10/$I$1 -> #DIV/0! | L10: =K10+L9 -> #DIV/0! | M10: =IF(L10<=80%,"A",IF(L10<=95%,"B","C")) -> #DIV/0!
B11: 3009 | C11: CDHU | D11: 50.05.312 | E11: =VLOOKUP($B11,'Plan. Orçamentária'!$D$1:$L$1534,4,FALSE) -> Bloco autônomo de iluminação de emergência LED, com autonomia mínima de 3 horas, fluxo luminoso de 2.000 até 3.000 lúmens, equipado com 2 faróis | F11: =VLOOKUP($B11,'Plan. Orçamentária'!$D$1:$L$1534,5,FALSE) -> UN | G11: =SUMIF('Plan. Orçamentária'!$F$1:$F$1534,D11,'Plan. Orçamentária'!$I$1:$I$1534) -> 41 | H11: =IF(D11<>0,INDEX('Plan. Orçamentária'!$F$1:$K$1534,MATCH(D11,'Plan. Orçamentária'!$F$1:$F$1534,0),6),0) -> 0 | I11: =ROUND(ROUND(G11,2)*ROUND(H11,2),2) -> 0 | K11: =I11/$I$1 -> #DIV/0! | L11: =K11+L10 -> #DIV/0! | M11: =IF(L11<=80%,"A",IF(L11<=95%,"B","C")) -> #DIV/0!
B12: 5001 | C12: CDHU | D12: 24.02.054 | E12: =VLOOKUP($B12,'Plan. Orçamentária'!$D$1:$L$1534,4,FALSE) -> Porta corta-fogo classe P.90, com barra antipânico numa face e maçaneta na outra, completa | F12: =VLOOKUP($B12,'Plan. Orçamentária'!$D$1:$L$1534,5,FALSE) -> M2 | G12: =SUMIF('Plan. Orçamentária'!$F$1:$F$1534,D12,'Plan. Orçamentária'!$I$1:$I$1534) -> 5.04 | H12: =IF(D12<>0,INDEX('Plan. Orçamentária'!$F$1:$K$1534,MATCH(D12,'Plan. Orçamentária'!$F$1:$F$1534,0),6),0) -> 0 | I12: =ROUND(ROUND(G12,2)*ROUND(H12,2),2) -> 0 | K12: =I12/$I$1 -> #DIV/0! | L12: =K12+L11 -> #DIV/0! | M12: =IF(L12<=80%,"A",IF(L12<=95%,"B","C")) -> #DIV/0!
B13: 4011 | C13: CDHU | D13: 39.03.170 | E13: =VLOOKUP($B13,'Plan. Orçamentária'!$D$1:$L$1534,4,FALSE) -> Cabo de cobre de 2,5 mm², isolamento 0,6/1 kV - isolação em PVC 70°C | F13: =VLOOKUP($B13,'Plan. Orçamentária'!$D$1:$L$1534,5,FALSE) -> M | G13: =SUMIF('Plan. Orçamentária'!$F$1:$F$1534,D13,'Plan. Orçamentária'!$I$1:$I$1534) -> 1414 | H13: =IF(D13<>0,INDEX('Plan. Orçamentária'!$F$1:$K$1534,MATCH(D13,'Plan. Orçamentária'!$F$1:$F$1534,0),6),0) -> 0 | I13: =ROUND(ROUND(G13,2)*ROUND(H13,2),2) -> 0 | K13: =I13/$I$1 -> #DIV/0! | L13: =K13+L12 -> #DIV/0! | M13: =IF(L13<=80%,"A",IF(L13<=95%,"B","C")) -> #DIV/0!
B14: 8001 | C14: SIURB (E) | D14: 20005037 | E14: =VLOOKUP($B14,'Plan. Orçamentária'!$D$1:$L$1534,4,FALSE) -> SERVIÇOS TÉCNICOS PROFISSIONAIS PARA OBTENÇÃO DO AVCB JUNTO AO CORPO DE BOMBEIROS PARA EDIFICAÇÕES DE 2001 À 5000 M2 | F14: =VLOOKUP($B14,'Plan. Orçamentária'!$D$1:$L$1534,5,FALSE) -> GL | G14: =SUMIF('Plan. Orçamentária'!$F$1:$F$1534,D14,'Plan. Orçamentária'!$I$1:$I$1534) -> 1 | H14: =IF(D14<>0,INDEX('Plan. Orçamentária'!$F$1:$K$1534,MATCH(D14,'Plan. Orçamentária'!$F$1:$F$1534,0),6),0) -> 0 | I14: =ROUND(ROUND(G14,2)*ROUND(H14,2),2) -> 0 | K14: =I14/$I$1 -> #DIV/0! | L14: =K14+L13 -> #DIV/0! | M14: =IF(L14<=80%,"A",IF(L14<=95%,"B","C")) -> #DIV/0!
B15: 2001 | C15: CDHU | D15: 48.02.207 | E15: =VLOOKUP($B15,'Plan. Orçamentária'!$D$1:$L$1534,4,FALSE) -> Reservatório em polietileno com tampa de encaixar - capacidade de 10.000 litros | F15: =VLOOKUP($B15,'Plan. Orçamentária'!$D$1:$L$1534,5,FALSE) -> UN | G15: =SUMIF('Plan. Orçamentária'!$F$1:$F$1534,D15,'Plan. Orçamentária'!$I$1:$I$1534) -> 1 | H15: =IF(D15<>0,INDEX('Plan. Orçamentária'!$F$1:$K$1534,MATCH(D15,'Plan. Orçamentária'!$F$1:$F$1534,0),6),0) -> 0 | I15: =ROUND(ROUND(G15,2)*ROUND(H15,2),2) -> 0 | K15: =I15/$I$1 -> #DIV/0! | L15: =K15+L14 -> #DIV/0! | M15: =IF(L15<=80%,"A",IF(L15<=95%,"B","C")) -> #DIV/0!
B16: 3002 | C16: CDHU | D16: 50.10.220 | E16: =VLOOKUP($B16,'Plan. Orçamentária'!$D$1:$L$1534,4,FALSE) -> Suporte para extintor de piso em aço inoxidável | F16: =VLOOKUP($B16,'Plan. Orçamentária'!$D$1:$L$1534,5,FALSE) -> UN | G16: =SUMIF('Plan. Orçamentária'!$F$1:$F$1534,D16,'Plan. Orçamentária'!$I$1:$I$1534) -> 15 | H16: =IF(D16<>0,INDEX('Plan. Orçamentária'!$F$1:$K$1534,MATCH(D16,'Plan. Orçamentária'!$F$1:$F$1534,0),6),0) -> 0 | I16: =ROUND(ROUND(G16,2)*ROUND(H16,2),2) -> 0 | K16: =I16/$I$1 -> #DIV/0! | L16: =K16+L15 -> #DIV/0! | M16: =IF(L16<=80%,"A",IF(L16<=95%,"B","C")) -> #DIV/0!
B17: 3001 | C17: CDHU | D17: 50.10.120 | E17: =VLOOKUP($B17,'Plan. Orçamentária'!$D$1:$L$1534,4,FALSE) -> Extintor manual de pó químico seco ABC - capacidade de 6 kg | F17: =VLOOKUP($B17,'Plan. Orçamentária'!$D$1:$L$1534,5,FALSE) -> UN | G17: =SUMIF('Plan. Orçamentária'!$F$1:$F$1534,D17,'Plan. Orçamentária'!$I$1:$I$1534) -> 15 | H17: =IF(D17<>0,INDEX('Plan. Orçamentária'!$F$1:$K$1534,MATCH(D17,'Plan. Orçamentária'!$F$1:$F$1534,0),6),0) -> 0 | I17: =ROUND(ROUND(G17,2)*ROUND(H17,2),2) -> 0 | K17: =I17/$I$1 -> #DIV/0! | L17: =K17+L16 -> #DIV/0! | M17: =IF(L17<=80%,"A",IF(L17<=95%,"B","C")) -> #DIV/0!
B18: 4005 | C18: SINAPI | D18: 91924 | E18: =VLOOKUP($B18,'Plan. Orçamentária'!$D$1:$L$1534,4,FALSE) -> CABO DE COBRE FLEXÍVEL ISOLADO, 1,5 MM², ANTI-CHAMA 450/750 V, PARA CIRCUITOS TERMINAIS - FORNECIMENTO E INSTALAÇÃO. AF_03/2023 | F18: =VLOOKUP($B18,'Plan. Orçamentária'!$D$1:$L$1534,5,FALSE) -> M | G18: =SUMIF('Plan. Orçamentária'!$F$1:$F$1534,D18,'Plan. Orçamentária'!$I$1:$I$1534) -> 1010 | H18: =IF(D18<>0,INDEX('Plan. Orçamentária'!$F$1:$K$1534,MATCH(D18,'Plan. Orçamentária'!$F$1:$F$1534,0),6),0) -> 0 | I18: =ROUND(ROUND(G18,2)*ROUND(H18,2),2) -> 0 | K18: =I18/$I$1 -> #DIV/0! | L18: =K18+L17 -> #DIV/0! | M18: =IF(L18<=80%,"A",IF(L18<=95%,"B","C")) -> #DIV/0!
B19: 4019 | C19: CDHU | D19: 39.21.070 | E19: =VLOOKUP($B19,'Plan. Orçamentária'!$D$1:$L$1534,4,FALSE) -> Cabo de cobre flexível de 25 mm², isolamento 0,6/1kV - isolação HEPR 90°C | F19: =VLOOKUP($B19,'Plan. Orçamentária'!$D$1:$L$1534,5,FALSE) -> M | G19: =SUMIF('Plan. Orçamentária'!$F$1:$F$1534,D19,'Plan. Orçamentária'!$I$1:$I$1534) -> 135 | H19: =IF(D19<>0,INDEX('Plan. Orçamentária'!$F$1:$K$1534,MATCH(D19,'Plan. Orçamentária'!$F$1:$F$1534,0),6),0) -> 0 | I19: =ROUND(ROUND(G19,2)*ROUND(H19,2),2) -> 0 | K19: =I19/$I$1 -> #DIV/0! | L19: =K19+L18 -> #DIV/0! | M19: =IF(L19<=80%,"A",IF(L19<=95%,"B","C")) -> #DIV/0!
B20: 6001 | C20: CDHU | D20: 55.01.020 | E20: =VLOOKUP($B20,'Plan. Orçamentária'!$D$1:$L$1534,4,FALSE) -> Limpeza final da obra | F20: =VLOOKUP($B20,'Plan. Orçamentária'!$D$1:$L$1534,5,FALSE) -> M2 | G20: =SUMIF('Plan. Orçamentária'!$F$1:$F$1534,D20,'Plan. Orçamentária'!$I$1:$I$1534) -> 202.29 | H20: =IF(D20<>0,INDEX('Plan. Orçamentária'!$F$1:$K$1534,MATCH(D20,'Plan. Orçamentária'!$F$1:$F$1534,0),6),0) -> 0 | I20: =ROUND(ROUND(G20,2)*ROUND(H20,2),2) -> 0 | K20: =I20/$I$1 -> #DIV/0! | L20: =K20+L19 -> #DIV/0! | M20: =IF(L20<=80%,"A",IF(L20<=95%,"B","C")) -> #DIV/0!
B21: 4030 | C21: SIURB (E) | D21: 9002098 | E21: =VLOOKUP($B21,'Plan. Orçamentária'!$D$1:$L$1534,4,FALSE) -> ENVELOPAMENTO DE ELETRODUTO ENTERRADO, COM CONCRETO | F21: =VLOOKUP($B21,'Plan. Orçamentária'!$D$1:$L$1534,5,FALSE) -> M | G21: =SUMIF('Plan. Orçamentária'!$F$1:$F$1534,D21,'Plan. Orçamentária'!$I$1:$I$1534) -> 45 | H21: =IF(D21<>0,INDEX('Plan. Orçamentária'!$F$1:$K$1534,MATCH(D21,'Plan. Orçamentária'!$F$1:$F$1534,0),6),0) -> 0 | I21: =ROUND(ROUND(G21,2)*ROUND(H21,2),2) -> 0 | K21: =I21/$I$1 -> #DIV/0! | L21: =K21+L20 -> #DIV/0! | M21: =IF(L21<=80%,"A",IF(L21<=95%,"B","C")) -> #DIV/0!
B22: 7002 | C22: SINAPI | D22: 88267 | E22: =VLOOKUP($B22,'Plan. Orçamentária'!$D$1:$L$1534,4,FALSE) -> ENCANADOR OU BOMBEIRO HIDRÁULICO COM ENCARGOS COMPLEMENTARES | F22: =VLOOKUP($B22,'Plan. Orçamentária'!$D$1:$L$1534,5,FALSE) -> H | G22: =SUMIF('Plan. Orçamentária'!$F$1:$F$1534,D22,'Plan. Orçamentária'!$I$1:$I$1534) -> 48 | H22: =IF(D22<>0,INDEX('Plan. Orçamentária'!$F$1:$K$1534,MATCH(D22,'Plan. Orçamentária'!$F$1:$F$1534,0),6),0) -> 0 | I22: =ROUND(ROUND(G22,2)*ROUND(H22,2),2) -> 0 | K22: =I22/$I$1 -> #DIV/0! | L22: =K22+L21 -> #DIV/0! | M22: =IF(L22<=80%,"A",IF(L22<=95%,"B","C")) -> #DIV/0!
B23: 7003 | C23: CDHU | D23: 47.11.021 | E23: =VLOOKUP($B23,'Plan. Orçamentária'!$D$1:$L$1534,4,FALSE) -> Pressostato diferencial ajustável mecânico, montagem inferior com diâmetro de 1/2" e/ou 1/4", faixa de operação até 16 bar | F23: =VLOOKUP($B23,'Plan. Orçamentária'!$D$1:$L$1534,5,FALSE) -> UN | G23: =SUMIF('Plan. Orçamentária'!$F$1:$F$1534,D23,'Plan. Orçamentária'!$I$1:$I$1534) -> 3 | H23: =IF(D23<>0,INDEX('Plan. Orçamentária'!$F$1:$K$1534,MATCH(D23,'Plan. Orçamentária'!$F$1:$F$1534,0),6),0) -> 0 | I23: =ROUND(ROUND(G23,2)*ROUND(H23,2),2) -> 0 | K23: =I23/$I$1 -> #DIV/0! | L23: =K23+L22 -> #DIV/0! | M23: =IF(L23<=80%,"A",IF(L23<=95%,"B","C")) -> #DIV/0!
B24: 3015 | C24: CDHU | D24: 30.06.064 | E24: =VLOOKUP($B24,'Plan. Orçamentária'!$D$1:$L$1534,4,FALSE) -> Sistema de alarme PNE com indicador audiovisual, sistema sem fio (Wireless), para pessoas com mobilidade reduzida ou cadeirante | F24: =VLOOKUP($B24,'Plan. Orçamentária'!$D$1:$L$1534,5,FALSE) -> CJ | G24: =SUMIF('Plan. Orçamentária'!$F$1:$F$1534,D24,'Plan. Orçamentária'!$I$1:$I$1534) -> 2 | H24: =IF(D24<>0,INDEX('Plan. Orçamentária'!$F$1:$K$1534,MATCH(D24,'Plan. Orçamentária'!$F$1:$F$1534,0),6),0) -> 0 | I24: =ROUND(ROUND(G24,2)*ROUND(H24,2),2) -> 0 | K24: =I24/$I$1 -> #DIV/0! | L24: =K24+L23 -> #DIV/0! | M24: =IF(L24<=80%,"A",IF(L24<=95%,"B","C")) -> #DIV/0!
B25: 1003 | C25: FDE | D25: 16.06.047 | E25: =VLOOKUP($B25,'Plan. Orçamentária'!$D$1:$L$1534,4,FALSE) -> LOCAÇÃO MENSAL DE CONTAINER 4,00M COM 2 VASOS SANITARIOS, 1 LAVABO, 1 MICTÓRIO E 4 PONTOS CHUV. | F25: =VLOOKUP($B25,'Plan. Orçamentária'!$D$1:$L$1534,5,FALSE) -> M2 | G25: =SUMIF('Plan. Orçamentária'!$F$1:$F$1534,D25,'Plan. Orçamentária'!$I$1:$I$1534) -> 9.76 | H25: =IF(D25<>0,INDEX('Plan. Orçamentária'!$F$1:$K$1534,MATCH(D25,'Plan. Orçamentária'!$F$1:$F$1534,0),6),0) -> 0 | I25: =ROUND(ROUND(G25,2)*ROUND(H25,2),2) -> 0 | K25: =I25/$I$1 -> #DIV/0! | L25: =K25+L24 -> #DIV/0! | M25: =IF(L25<=80%,"A",IF(L25<=95%,"B","C")) -> #DIV/0!
B26: 3014 | C26: CDHU | D26: 50.05.214 | E26: =VLOOKUP($B26,'Plan. Orçamentária'!$D$1:$L$1534,4,FALSE) -> Detector de gás liquefeito (GLP), gás natural (GN) ou derivados de metano | F26: =VLOOKUP($B26,'Plan. Orçamentária'!$D$1:$L$1534,5,FALSE) -> UN | G26: =SUMIF('Plan. Orçamentária'!$F$1:$F$1534,D26,'Plan. Orçamentária'!$I$1:$I$1534) -> 4 | H26: =IF(D26<>0,INDEX('Plan. Orçamentária'!$F$1:$K$1534,MATCH(D26,'Plan. Orçamentária'!$F$1:$F$1534,0),6),0) -> 0 | I26: =ROUND(ROUND(G26,2)*ROUND(H26,2),2) -> 0 | K26: =I26/$I$1 -> #DIV/0! | L26: =K26+L25 -> #DIV/0! | M26: =IF(L26<=80%,"A",IF(L26<=95%,"B","C")) -> #DIV/0!
B27: 3023 | C27: FDE | D27: 09.05.089 | E27: =VLOOKUP($B27,'Plan. Orçamentária'!$D$1:$L$1534,4,FALSE) -> QUADRO COMANDO PARA BOMBA DE INCENDIO TRIFASICO DE 10 HP | F27: =VLOOKUP($B27,'Plan. Orçamentária'!$D$1:$L$1534,5,FALSE) -> UN | G27: =SUMIF('Plan. Orçamentária'!$F$1:$F$1534,D27,'Plan. Orçamentária'!$I$1:$I$1534) -> 1 | H27: =IF(D27<>0,INDEX('Plan. Orçamentária'!$F$1:$K$1534,MATCH(D27,'Plan. Orçamentária'!$F$1:$F$1534,0),6),0) -> 0 | I27: =ROUND(ROUND(G27,2)*ROUND(H27,2),2) -> 0 | K27: =I27/$I$1 -> #DIV/0! | L27: =K27+L26 -> #DIV/0! | M27: =IF(L27<=80%,"A",IF(L27<=95%,"B","C")) -> #DIV/0!
B28: 3004 | C28: CDHU | D28: 97.02.195 | E28: =VLOOKUP($B28,'Plan. Orçamentária'!$D$1:$L$1534,4,FALSE) -> Placa de sinalização em PVC fotoluminescente (240x120mm), com indicação de rota de evacuação e saída de emergência | F28: =VLOOKUP($B28,'Plan. Orçamentária'!$D$1:$L$1534,5,FALSE) -> UN | G28: =SUMIF('Plan. Orçamentária'!$F$1:$F$1534,D28,'Plan. Orçamentária'!$I$1:$I$1534) -> 42 | H28: =IF(D28<>0,INDEX('Plan. Orçamentária'!$F$1:$K$1534,MATCH(D28,'Plan. Orçamentária'!$F$1:$F$1534,0),6),0) -> 0 | I28: =ROUND(ROUND(G28,2)*ROUND(H28,2),2) -> 0 | K28: =I28/$I$1 -> #DIV/0! | L28: =K28+L27 -> #DIV/0! | M28: =IF(L28<=80%,"A",IF(L28<=95%,"B","C")) -> #DIV/0!
B29: 3018 | C29: CDHU | D29: 33.11.050 | E29: =VLOOKUP($B29,'Plan. Orçamentária'!$D$1:$L$1534,4,FALSE) -> Esmalte à base água em superfície metálica, inclusive preparo | F29: =VLOOKUP($B29,'Plan. Orçamentária'!$D$1:$L$1534,5,FALSE) -> M2 | G29: =SUMIF('Plan. Orçamentária'!$F$1:$F$1534,D29,'Plan. Orçamentária'!$I$1:$I$1534) -> 21.26 | H29: =IF(D29<>0,INDEX('Plan. Orçamentária'!$F$1:$K$1534,MATCH(D29,'Plan. Orçamentária'!$F$1:$F$1534,0),6),0) -> 0 | I29: =ROUND(ROUND(G29,2)*ROUND(H29,2),2) -> 0 | K29: =I29/$I$1 -> #DIV/0! | L29: =K29+L28 -> #DIV/0! | M29: =IF(L29<=80%,"A",IF(L29<=95%,"B","C")) -> #DIV/0!
B30: 3021 | C30: FDE | D30: 08.08.012 | E30: =VLOOKUP($B30,'Plan. Orçamentária'!$D$1:$L$1534,4,FALSE) -> REGISTRO DE RECALQUE NO PASSEIO (RR-01) | F30: =VLOOKUP($B30,'Plan. Orçamentária'!$D$1:$L$1534,5,FALSE) -> UN | G30: =SUMIF('Plan. Orçamentária'!$F$1:$F$1534,D30,'Plan. Orçamentária'!$I$1:$I$1534) -> 1 | H30: =IF(D30<>0,INDEX('Plan. Orçamentária'!$F$1:$K$1534,MATCH(D30,'Plan. Orçamentária'!$F$1:$F$1534,0),6),0) -> 0 | I30: =ROUND(ROUND(G30,2)*ROUND(H30,2),2) -> 0 | K30: =I30/$I$1 -> #DIV/0! | L30: =K30+L29 -> #DIV/0! | M30: =IF(L30<=80%,"A",IF(L30<=95%,"B","C")) -> #DIV/0!
B31: 4020 | C31: SINAPI | D31: 97669 | E31: =VLOOKUP($B31,'Plan. Orçamentária'!$D$1:$L$1534,4,FALSE) -> ELETRODUTO FLEXÍVEL CORRUGADO, PEAD, DN 90 (3"), PARA REDE ENTERRADA DE DISTRIBUIÇÃO DE ENERGIA ELÉTRICA - FORNECIMENTO E INSTALAÇÃO. AF_12/2021 | F31: =VLOOKUP($B31,'Plan. Orçamentária'!$D$1:$L$1534,5,FALSE) -> M | G31: =SUMIF('Plan. Orçamentária'!$F$1:$F$1534,D31,'Plan. Orçamentária'!$I$1:$I$1534) -> 45 | H31: =IF(D31<>0,INDEX('Plan. Orçamentária'!$F$1:$K$1534,MATCH(D31,'Plan. Orçamentária'!$F$1:$F$1534,0),6),0) -> 0 | I31: =ROUND(ROUND(G31,2)*ROUND(H31,2),2) -> 0 | K31: =I31/$I$1 -> #DIV/0! | L31: =K31+L30 -> #DIV/0! | M31: =IF(L31<=80%,"A",IF(L31<=95%,"B","C")) -> #DIV/0!
B32: 4007 | C32: SINAPI | D32: 92867 | E32: =VLOOKUP($B32,'Plan. Orçamentária'!$D$1:$L$1534,4,FALSE) -> CAIXA RETANGULAR 4" X 2" ALTA (2,00 M DO PISO), METÁLICA, INSTALADA EM PAREDE - FORNECIMENTO E INSTALAÇÃO. AF_03/2023 | F32: =VLOOKUP($B32,'Plan. Orçamentária'!$D$1:$L$1534,5,FALSE) -> UN | G32: =SUMIF('Plan. Orçamentária'!$F$1:$F$1534,D32,'Plan. Orçamentária'!$I$1:$I$1534) -> 22 | H32: =IF(D32<>0,INDEX('Plan. Orçamentária'!$F$1:$K$1534,MATCH(D32,'Plan. Orçamentária'!$F$1:$F$1534,0),6),0) -> 0 | I32: =ROUND(ROUND(G32,2)*ROUND(H32,2),2) -> 0 | K32: =I32/$I$1 -> #DIV/0! | L32: =K32+L31 -> #DIV/0! | M32: =IF(L32<=80%,"A",IF(L32<=95%,"B","C")) -> #DIV/0!
B33: 1001 | C33: SINAPI | D33: 103689 | E33: =VLOOKUP($B33,'Plan. Orçamentária'!$D$1:$L$1534,4,FALSE) -> FORNECIMENTO E INSTALAÇÃO DE PLACA DE OBRA COM CHAPA GALVANIZADA E ESTRUTURA DE MADEIRA. AF_03/2022_PS | F33: =VLOOKUP($B33,'Plan. Orçamentária'!$D$1:$L$1534,5,FALSE) -> M2 | G33: =SUMIF('Plan. Orçamentária'!$F$1:$F$1534,D33,'Plan. Orçamentária'!$I$1:$I$1534) -> 2 | H33: =IF(D33<>0,INDEX('Plan. Orçamentária'!$F$1:$K$1534,MATCH(D33,'Plan. Orçamentária'!$F$1:$F$1534,0),6),0) -> 0 | I33: =ROUND(ROUND(G33,2)*ROUND(H33,2),2) -> 0 | K33: =I33/$I$1 -> #DIV/0! | L33: =K33+L32 -> #DIV/0! | M33: =IF(L33<=80%,"A",IF(L33<=95%,"B","C")) -> #DIV/0!
B34: 3013 | C34: CDHU | D34: 50.05.210 | E34: =VLOOKUP($B34,'Plan. Orçamentária'!$D$1:$L$1534,4,FALSE) -> Detector termovelocimétrico endereçável com base endereçável | F34: =VLOOKUP($B34,'Plan. Orçamentária'!$D$1:$L$1534,5,FALSE) -> UN | G34: =SUMIF('Plan. Orçamentária'!$F$1:$F$1534,D34,'Plan. Orçamentária'!$I$1:$I$1534) -> 4 | H34: =IF(D34<>0,INDEX('Plan. Orçamentária'!$F$1:$K$1534,MATCH(D34,'Plan. Orçamentária'!$F$1:$F$1534,0),6),0) -> 0 | I34: =ROUND(ROUND(G34,2)*ROUND(H34,2),2) -> 0 | K34: =I34/$I$1 -> #DIV/0! | L34: =K34+L33 -> #DIV/0! | M34: =IF(L34<=80%,"A",IF(L34<=95%,"B","C")) -> #DIV/0!
B35: 3011 | C35: CDHU | D35: 50.05.270 | E35: =VLOOKUP($B35,'Plan. Orçamentária'!$D$1:$L$1534,4,FALSE) -> Central de detecção e alarme de incêndio completa, autonomia de 1 hora para 12 laços, 220 V/12 V | F35: =VLOOKUP($B35,'Plan. Orçamentária'!$D$1:$L$1534,5,FALSE) -> UN | G35: =SUMIF('Plan. Orçamentária'!$F$1:$F$1534,D35,'Plan. Orçamentária'!$I$1:$I$1534) -> 1 | H35: =IF(D35<>0,INDEX('Plan. Orçamentária'!$F$1:$K$1534,MATCH(D35,'Plan. Orçamentária'!$F$1:$F$1534,0),6),0) -> 0 | I35: =ROUND(ROUND(G35,2)*ROUND(H35,2),2) -> 0 | K35: =I35/$I$1 -> #DIV/0! | L35: =K35+L34 -> #DIV/0! | M35: =IF(L35<=80%,"A",IF(L35<=95%,"B","C")) -> #DIV/0!
B36: 4003 | C36: SINAPI | D36: 90437 | E36: =VLOOKUP($B36,'Plan. Orçamentária'!$D$1:$L$1534,4,FALSE) -> FURO MANUAL EM ALVENARIA, PARA INSTALAÇÕES HIDRÁULICAS, DIÂMETROS MAIORES QUE 40 MM E MENORES OU IGUAIS A 75 MM. AF_09/2023 | F36: =VLOOKUP($B36,'Plan. Orçamentária'!$D$1:$L$1534,5,FALSE) -> UN | G36: =SUMIF('Plan. Orçamentária'!$F$1:$F$1534,D36,'Plan. Orçamentária'!$I$1:$I$1534) -> 15 | H36: =IF(D36<>0,INDEX('Plan. Orçamentária'!$F$1:$K$1534,MATCH(D36,'Plan. Orçamentária'!$F$1:$F$1534,0),6),0) -> 0 | I36: =ROUND(ROUND(G36,2)*ROUND(H36,2),2) -> 0 | K36: =I36/$I$1 -> #DIV/0! | L36: =K36+L35 -> #DIV/0! | M36: =IF(L36<=80%,"A",IF(L36<=95%,"B","C")) -> #DIV/0!
B37: 7004 | C37: CDHU | D37: 47.11.100 | E37: =VLOOKUP($B37,'Plan. Orçamentária'!$D$1:$L$1534,4,FALSE) -> Manômetro com mostrador de 4´, escalas: 0-4 / 0-7 / 0-10 / 0-17 / 0-21 / 0-28 kg/cm² | F37: =VLOOKUP($B37,'Plan. Orçamentária'!$D$1:$L$1534,5,FALSE) -> UN | G37: =SUMIF('Plan. Orçamentária'!$F$1:$F$1534,D37,'Plan. Orçamentária'!$I$1:$I$1534) -> 3 | H37: =IF(D37<>0,INDEX('Plan. Orçamentária'!$F$1:$K$1534,MATCH(D37,'Plan. Orçamentária'!$F$1:$F$1534,0),6),0) -> 0 | I37: =ROUND(ROUND(G37,2)*ROUND(H37,2),2) -> 0 | K37: =I37/$I$1 -> #DIV/0! | L37: =K37+L36 -> #DIV/0! | M37: =IF(L37<=80%,"A",IF(L37<=95%,"B","C")) -> #DIV/0!
B38: 7001 | C38: SINAPI | D38: 88248 | E38: =VLOOKUP($B38,'Plan. Orçamentária'!$D$1:$L$1534,4,FALSE) -> AUXILIAR DE ENCANADOR OU BOMBEIRO HIDRÁULICO COM ENCARGOS COMPLEMENTARES | F38: =VLOOKUP($B38,'Plan. Orçamentária'!$D$1:$L$1534,5,FALSE) -> H | G38: =SUMIF('Plan. Orçamentária'!$F$1:$F$1534,D38,'Plan. Orçamentária'!$I$1:$I$1534) -> 24 | H38: =IF(D38<>0,INDEX('Plan. Orçamentária'!$F$1:$K$1534,MATCH(D38,'Plan. Orçamentária'!$F$1:$F$1534,0),6),0) -> 0 | I38: =ROUND(ROUND(G38,2)*ROUND(H38,2),2) -> 0 | K38: =I38/$I$1 -> #DIV/0! | L38: =K38+L37 -> #DIV/0! | M38: =IF(L38<=80%,"A",IF(L38<=95%,"B","C")) -> #DIV/0!
B39: 4024 | C39: SIURB (E) | D39: 9005006 | E39: =VLOOKUP($B39,'Plan. Orçamentária'!$D$1:$L$1534,4,FALSE) -> QUADRO DE DISTRIBUIÇÃO EM CHAPA METÁLICA - PARA ATÉ 16 DISJUNTORES | F39: =VLOOKUP($B39,'Plan. Orçamentária'!$D$1:$L$1534,5,FALSE) -> UN | G39: =SUMIF('Plan. Orçamentária'!$F$1:$F$1534,D39,'Plan. Orçamentária'!$I$1:$I$1534) -> 1 | H39: =IF(D39<>0,INDEX('Plan. Orçamentária'!$F$1:$K$1534,MATCH(D39,'Plan. Orçamentária'!$F$1:$F$1534,0),6),0) -> 0 | I39: =ROUND(ROUND(G39,2)*ROUND(H39,2),2) -> 0 | K39: =I39/$I$1 -> #DIV/0! | L39: =K39+L38 -> #DIV/0! | M39: =IF(L39<=80%,"A",IF(L39<=95%,"B","C")) -> #DIV/0!
B40: 3025 | C40: CDHU | D40: 50.01.090 | E40: =VLOOKUP($B40,'Plan. Orçamentária'!$D$1:$L$1534,4,FALSE) -> Botoeira para acionamento de bomba de incêndio tipo quebra-vidro | F40: =VLOOKUP($B40,'Plan. Orçamentária'!$D$1:$L$1534,5,FALSE) -> UN | G40: =SUMIF('Plan. Orçamentária'!$F$1:$F$1534,D40,'Plan. Orçamentária'!$I$1:$I$1534) -> 8 | H40: =IF(D40<>0,INDEX('Plan. Orçamentária'!$F$1:$K$1534,MATCH(D40,'Plan. Orçamentária'!$F$1:$F$1534,0),6),0) -> 0 | I40: =ROUND(ROUND(G40,2)*ROUND(H40,2),2) -> 0 | K40: =I40/$I$1 -> #DIV/0! | L40: =K40+L39 -> #DIV/0! | M40: =IF(L40<=80%,"A",IF(L40<=95%,"B","C")) -> #DIV/0!
B41: 4013 | C41: CDHU | D41: 40.04.460 | E41: =VLOOKUP($B41,'Plan. Orçamentária'!$D$1:$L$1534,4,FALSE) -> Tomada 2P+T de 20 A - 250 V, completa | F41: =VLOOKUP($B41,'Plan. Orçamentária'!$D$1:$L$1534,5,FALSE) -> CJ | G41: =SUMIF('Plan. Orçamentária'!$F$1:$F$1534,D41,'Plan. Orçamentária'!$I$1:$I$1534) -> 20 | H41: =IF(D41<>0,INDEX('Plan. Orçamentária'!$F$1:$K$1534,MATCH(D41,'Plan. Orçamentária'!$F$1:$F$1534,0),6),0) -> 0 | I41: =ROUND(ROUND(G41,2)*ROUND(H41,2),2) -> 0 | K41: =I41/$I$1 -> #DIV/0! | L41: =K41+L40 -> #DIV/0! | M41: =IF(L41<=80%,"A",IF(L41<=95%,"B","C")) -> #DIV/0!
B42: 4010 | C42: CDHU | D42: 40.06.060 | E42: =VLOOKUP($B42,'Plan. Orçamentária'!$D$1:$L$1534,4,FALSE) -> Condulete metálico de 1´ | F42: =VLOOKUP($B42,'Plan. Orçamentária'!$D$1:$L$1534,5,FALSE) -> CJ | G42: =SUMIF('Plan. Orçamentária'!$F$1:$F$1534,D42,'Plan. Orçamentária'!$I$1:$I$1534) -> 12 | H42: =IF(D42<>0,INDEX('Plan. Orçamentária'!$F$1:$K$1534,MATCH(D42,'Plan. Orçamentária'!$F$1:$F$1534,0),6),0) -> 0 | I42: =ROUND(ROUND(G42,2)*ROUND(H42,2),2) -> 0 | K42: =I42/$I$1 -> #DIV/0! | L42: =K42+L41 -> #DIV/0! | M42: =IF(L42<=80%,"A",IF(L42<=95%,"B","C")) -> #DIV/0!
B43: 4001 | C43: SIURB (E) | D43: 17045001 | E43: =VLOOKUP($B43,'Plan. Orçamentária'!$D$1:$L$1534,4,FALSE) -> ANDAIMES METÁLICOS - FORNECIMENTO | F43: =VLOOKUP($B43,'Plan. Orçamentária'!$D$1:$L$1534,5,FALSE) -> M3xMÊS | G43: =SUMIF('Plan. Orçamentária'!$F$1:$F$1534,D43,'Plan. Orçamentária'!$I$1:$I$1534) -> 54 | H43: =IF(D43<>0,INDEX('Plan. Orçamentária'!$F$1:$K$1534,MATCH(D43,'Plan. Orçamentária'!$F$1:$F$1534,0),6),0) -> 0 | I43: =ROUND(ROUND(G43,2)*ROUND(H43,2),2) -> 0 | K43: =I43/$I$1 -> #DIV/0! | L43: =K43+L42 -> #DIV/0! | M43: =IF(L43<=80%,"A",IF(L43<=95%,"B","C")) -> #DIV/0!
B44: 4028 | C44: SIURB (E) | D44: 2002001 | E44: =VLOOKUP($B44,'Plan. Orçamentária'!$D$1:$L$1534,4,FALSE) -> ESCAVAÇÃO MANUAL COM PROFUNDIDADE IGUAL OU INFERIOR A 1,50M | F44: =VLOOKUP($B44,'Plan. Orçamentária'!$D$1:$L$1534,5,FALSE) -> M3 | G44: =SUMIF('Plan. Orçamentária'!$F$1:$F$1534,D44,'Plan. Orçamentária'!$I$1:$I$1534) -> 7 | H44: =IF(D44<>0,INDEX('Plan. Orçamentária'!$F$1:$K$1534,MATCH(D44,'Plan. Orçamentária'!$F$1:$F$1534,0),6),0) -> 0 | I44: =ROUND(ROUND(G44,2)*ROUND(H44,2),2) -> 0 | K44: =I44/$I$1 -> #DIV/0! | L44: =K44+L43 -> #DIV/0! | M44: =IF(L44<=80%,"A",IF(L44<=95%,"B","C")) -> #DIV/0!
B45: 4025 | C45: CDHU | D45: 37.13.650 | E45: =VLOOKUP($B45,'Plan. Orçamentária'!$D$1:$L$1534,4,FALSE) -> Disjuntor termomagnético, tripolar 220/380 V, corrente de 10 A até 50 A | F45: =VLOOKUP($B45,'Plan. Orçamentária'!$D$1:$L$1534,5,FALSE) -> UN | G45: =SUMIF('Plan. Orçamentária'!$F$1:$F$1534,D45,'Plan. Orçamentária'!$I$1:$I$1534) -> 3 | H45: =IF(D45<>0,INDEX('Plan. Orçamentária'!$F$1:$K$1534,MATCH(D45,'Plan. Orçamentária'!$F$1:$F$1534,0),6),0) -> 0 | I45: =ROUND(ROUND(G45,2)*ROUND(H45,2),2) -> 0 | K45: =I45/$I$1 -> #DIV/0! | L45: =K45+L44 -> #DIV/0! | M45: =IF(L45<=80%,"A",IF(L45<=95%,"B","C")) -> #DIV/0!
B46: 4023 | C46: CDHU | D46: 39.12.520 | E46: =VLOOKUP($B46,'Plan. Orçamentária'!$D$1:$L$1534,4,FALSE) -> Cabo de cobre flexível blindado de 3 x 1,5 mm², isolamento 600V, isolação em VC/E 105°C - para detecção de incêndio | F46: =VLOOKUP($B46,'Plan. Orçamentária'!$D$1:$L$1534,5,FALSE) -> M | G46: =SUMIF('Plan. Orçamentária'!$F$1:$F$1534,D46,'Plan. Orçamentária'!$I$1:$I$1534) -> 40 | H46: =IF(D46<>0,INDEX('Plan. Orçamentária'!$F$1:$K$1534,MATCH(D46,'Plan. Orçamentária'!$F$1:$F$1534,0),6),0) -> 0 | I46: =ROUND(ROUND(G46,2)*ROUND(H46,2),2) -> 0 | K46: =I46/$I$1 -> #DIV/0! | L46: =K46+L45 -> #DIV/0! | M46: =IF(L46<=80%,"A",IF(L46<=95%,"B","C")) -> #DIV/0!
B47: 3024 | C47: FDE | D47: 09.08.055 | E47: =VLOOKUP($B47,'Plan. Orçamentária'!$D$1:$L$1534,4,FALSE) -> BOTOEIRA PARA ACIONAMENTO DA BOMBA DE INCENDIO | F47: =VLOOKUP($B47,'Plan. Orçamentária'!$D$1:$L$1534,5,FALSE) -> UN | G47: =SUMIF('Plan. Orçamentária'!$F$1:$F$1534,D47,'Plan. Orçamentária'!$I$1:$I$1534) -> 1 | H47: =IF(D47<>0,INDEX('Plan. Orçamentária'!$F$1:$K$1534,MATCH(D47,'Plan. Orçamentária'!$F$1:$F$1534,0),6),0) -> 0 | I47: =ROUND(ROUND(G47,2)*ROUND(H47,2),2) -> 0 | K47: =I47/$I$1 -> #DIV/0! | L47: =K47+L46 -> #DIV/0! | M47: =IF(L47<=80%,"A",IF(L47<=95%,"B","C")) -> #DIV/0!
B48: 3003 | C48: SINAPI | D48: 102492 | E48: =VLOOKUP($B48,'Plan. Orçamentária'!$D$1:$L$1534,4,FALSE) -> PINTURA DE PISO COM TINTA ACRÍLICA, APLICAÇÃO MANUAL, 3 DEMÃOS, INCLUSO FUNDO PREPARADOR. AF_05/2021 | F48: =VLOOKUP($B48,'Plan. Orçamentária'!$D$1:$L$1534,5,FALSE) -> M2 | G48: =SUMIF('Plan. Orçamentária'!$F$1:$F$1534,D48,'Plan. Orçamentária'!$I$1:$I$1534) -> 15 | H48: =IF(D48<>0,INDEX('Plan. Orçamentária'!$F$1:$K$1534,MATCH(D48,'Plan. Orçamentária'!$F$1:$F$1534,0),6),0) -> 0 | I48: =ROUND(ROUND(G48,2)*ROUND(H48,2),2) -> 0 | K48: =I48/$I$1 -> #DIV/0! | L48: =K48+L47 -> #DIV/0! | M48: =IF(L48<=80%,"A",IF(L48<=95%,"B","C")) -> #DIV/0!
B49: 4006 | C49: SIURB (E) | D49: 9007061 | E49: =VLOOKUP($B49,'Plan. Orçamentária'!$D$1:$L$1534,4,FALSE) -> PONTO COM TOMADA SIMPLES 110/220V - EM CONDULETE 3/4" | F49: =VLOOKUP($B49,'Plan. Orçamentária'!$D$1:$L$1534,5,FALSE) -> UN | G49: =SUMIF('Plan. Orçamentária'!$F$1:$F$1534,D49,'Plan. Orçamentária'!$I$1:$I$1534) -> 2 | H49: =IF(D49<>0,INDEX('Plan. Orçamentária'!$F$1:$K$1534,MATCH(D49,'Plan. Orçamentária'!$F$1:$F$1534,0),6),0) -> 0 | I49: =ROUND(ROUND(G49,2)*ROUND(H49,2),2) -> 0 | K49: =I49/$I$1 -> #DIV/0! | L49: =K49+L48 -> #DIV/0! | M49: =IF(L49<=80%,"A",IF(L49<=95%,"B","C")) -> #DIV/0!
B50: 2002 | C50: CDHU | D50: 48.05.050 | E50: =VLOOKUP($B50,'Plan. Orçamentária'!$D$1:$L$1534,4,FALSE) -> Torneira de boia, DN= 2´ | F50: =VLOOKUP($B50,'Plan. Orçamentária'!$D$1:$L$1534,5,FALSE) -> UN | G50: =SUMIF('Plan. Orçamentária'!$F$1:$F$1534,D50,'Plan. Orçamentária'!$I$1:$I$1534) -> 1 | H50: =IF(D50<>0,INDEX('Plan. Orçamentária'!$F$1:$K$1534,MATCH(D50,'Plan. Orçamentária'!$F$1:$F$1534,0),6),0) -> 0 | I50: =ROUND(ROUND(G50,2)*ROUND(H50,2),2) -> 0 | K50: =I50/$I$1 -> #DIV/0! | L50: =K50+L49 -> #DIV/0! | M50: =IF(L50<=80%,"A",IF(L50<=95%,"B","C")) -> #DIV/0!
B51: 4026 | C51: FDE | D51: 09.06.009 | E51: =VLOOKUP($B51,'Plan. Orçamentária'!$D$1:$L$1534,4,FALSE) -> CAIXA DE PASSAGEM CHAPA TAMPA PARAFUSADA DE 20X20X10 CM | F51: =VLOOKUP($B51,'Plan. Orçamentária'!$D$1:$L$1534,5,FALSE) -> UN | G51: =SUMIF('Plan. Orçamentária'!$F$1:$F$1534,D51,'Plan. Orçamentária'!$I$1:$I$1534) -> 4 | H51: =IF(D51<>0,INDEX('Plan. Orçamentária'!$F$1:$K$1534,MATCH(D51,'Plan. Orçamentária'!$F$1:$F$1534,0),6),0) -> 0 | I51: =ROUND(ROUND(G51,2)*ROUND(H51,2),2) -> 0 | K51: =I51/$I$1 -> #DIV/0! | L51: =K51+L50 -> #DIV/0! | M51: =IF(L51<=80%,"A",IF(L51<=95%,"B","C")) -> #DIV/0!
B52: 4022 | C52: CDHU | D52: 39.12.510 | E52: =VLOOKUP($B52,'Plan. Orçamentária'!$D$1:$L$1534,4,FALSE) -> Cabo de cobre flexível blindado de 2 x 1,5 mm², isolamento 600V, isolação em VC/E 105°C - para detecção de incêndio | F52: =VLOOKUP($B52,'Plan. Orçamentária'!$D$1:$L$1534,5,FALSE) -> M | G52: =SUMIF('Plan. Orçamentária'!$F$1:$F$1534,D52,'Plan. Orçamentária'!$I$1:$I$1534) -> 25 | H52: =IF(D52<>0,INDEX('Plan. Orçamentária'!$F$1:$K$1534,MATCH(D52,'Plan. Orçamentária'!$F$1:$F$1534,0),6),0) -> 0 | I52: =ROUND(ROUND(G52,2)*ROUND(H52,2),2) -> 0 | K52: =I52/$I$1 -> #DIV/0! | L52: =K52+L51 -> #DIV/0! | M52: =IF(L52<=80%,"A",IF(L52<=95%,"B","C")) -> #DIV/0!
B53: 1002 | C53: SINAPI | D53: 103694 | E53: =VLOOKUP($B53,'Plan. Orçamentária'!$D$1:$L$1534,4,FALSE) -> FORNECIMENTO E INSTALAÇÃO DE SUPORTE DE MADEIRA PARA PLACAS DE SINALIZAÇÃO, EM SOLO, COM H= DE 2,5 M E SEÇÃO DE 7,5 X 7,5 CM. AF_03/2022 | F53: =VLOOKUP($B53,'Plan. Orçamentária'!$D$1:$L$1534,5,FALSE) -> UN | G53: =SUMIF('Plan. Orçamentária'!$F$1:$F$1534,D53,'Plan. Orçamentária'!$I$1:$I$1534) -> 2 | H53: =IF(D53<>0,INDEX('Plan. Orçamentária'!$F$1:$K$1534,MATCH(D53,'Plan. Orçamentária'!$F$1:$F$1534,0),6),0) -> 0 | I53: =ROUND(ROUND(G53,2)*ROUND(H53,2),2) -> 0 | K53: =I53/$I$1 -> #DIV/0! | L53: =K53+L52 -> #DIV/0! | M53: =IF(L53<=80%,"A",IF(L53<=95%,"B","C")) -> #DIV/0!
B54: 3008 | C54: CDHU | D54: 97.02.190 | E54: =VLOOKUP($B54,'Plan. Orçamentária'!$D$1:$L$1534,4,FALSE) -> Placa de identificação em acrílico com texto em vinil | F54: =VLOOKUP($B54,'Plan. Orçamentária'!$D$1:$L$1534,5,FALSE) -> M2 | G54: =SUMIF('Plan. Orçamentária'!$F$1:$F$1534,D54,'Plan. Orçamentária'!$I$1:$I$1534) -> 0.1 | H54: =IF(D54<>0,INDEX('Plan. Orçamentária'!$F$1:$K$1534,MATCH(D54,'Plan. Orçamentária'!$F$1:$F$1534,0),6),0) -> 0 | I54: =ROUND(ROUND(G54,2)*ROUND(H54,2),2) -> 0 | K54: =I54/$I$1 -> #DIV/0! | L54: =K54+L53 -> #DIV/0! | M54: =IF(L54<=80%,"A",IF(L54<=95%,"B","C")) -> #DIV/0!
B55: 4021 | C55: CDHU | D55: 37.13.630 | E55: =VLOOKUP($B55,'Plan. Orçamentária'!$D$1:$L$1534,4,FALSE) -> Disjuntor termomagnético, bipolar 220/380 V, corrente de 10 A até 50 A | F55: =VLOOKUP($B55,'Plan. Orçamentária'!$D$1:$L$1534,5,FALSE) -> UN | G55: =SUMIF('Plan. Orçamentária'!$F$1:$F$1534,D55,'Plan. Orçamentária'!$I$1:$I$1534) -> 1 | H55: =IF(D55<>0,INDEX('Plan. Orçamentária'!$F$1:$K$1534,MATCH(D55,'Plan. Orçamentária'!$F$1:$F$1534,0),6),0) -> 0 | I55: =ROUND(ROUND(G55,2)*ROUND(H55,2),2) -> 0 | K55: =I55/$I$1 -> #DIV/0! | L55: =K55+L54 -> #DIV/0! | M55: =IF(L55<=80%,"A",IF(L55<=95%,"B","C")) -> #DIV/0!
B56: 3005 | C56: CDHU | D56: 97.02.193 | E56: =VLOOKUP($B56,'Plan. Orçamentária'!$D$1:$L$1534,4,FALSE) -> Placa de sinalização em PVC fotoluminescente (200x200mm), com indicação de equipamentos de alarme, detecção e extinção de incêndio | F56: =VLOOKUP($B56,'Plan. Orçamentária'!$D$1:$L$1534,5,FALSE) -> UN | G56: =SUMIF('Plan. Orçamentária'!$F$1:$F$1534,D56,'Plan. Orçamentária'!$I$1:$I$1534) -> 7 | H56: =IF(D56<>0,INDEX('Plan. Orçamentária'!$F$1:$K$1534,MATCH(D56,'Plan. Orçamentária'!$F$1:$F$1534,0),6),0) -> 0 | I56: =ROUND(ROUND(G56,2)*ROUND(H56,2),2) -> 0 | K56: =I56/$I$1 -> #DIV/0! | L56: =K56+L55 -> #DIV/0! | M56: =IF(L56<=80%,"A",IF(L56<=95%,"B","C")) -> #DIV/0!
B57: 4002 | C57: SIURB (E) | D57: 17045002 | E57: =VLOOKUP($B57,'Plan. Orçamentária'!$D$1:$L$1534,4,FALSE) -> ANDAIMES METÁLICOS - MONTAGEM E DESMONTAGEM | F57: =VLOOKUP($B57,'Plan. Orçamentária'!$D$1:$L$1534,5,FALSE) -> M3 | G57: =SUMIF('Plan. Orçamentária'!$F$1:$F$1534,D57,'Plan. Orçamentária'!$I$1:$I$1534) -> 27 | H57: =IF(D57<>0,INDEX('Plan. Orçamentária'!$F$1:$K$1534,MATCH(D57,'Plan. Orçamentária'!$F$1:$F$1534,0),6),0) -> 0 | I57: =ROUND(ROUND(G57,2)*ROUND(H57,2),2) -> 0 | K57: =I57/$I$1 -> #DIV/0! | L57: =K57+L56 -> #DIV/0! | M57: =IF(L57<=80%,"A",IF(L57<=95%,"B","C")) -> #DIV/0!
B58: 3020 | C58: CDHU | D58: 50.01.210 | E58: =VLOOKUP($B58,'Plan. Orçamentária'!$D$1:$L$1534,4,FALSE) -> Chave para conexão de engate rápido | F58: =VLOOKUP($B58,'Plan. Orçamentária'!$D$1:$L$1534,5,FALSE) -> UN | G58: =SUMIF('Plan. Orçamentária'!$F$1:$F$1534,D58,'Plan. Orçamentária'!$I$1:$I$1534) -> 7 | H58: =IF(D58<>0,INDEX('Plan. Orçamentária'!$F$1:$K$1534,MATCH(D58,'Plan. Orçamentária'!$F$1:$F$1534,0),6),0) -> 0 | I58: =ROUND(ROUND(G58,2)*ROUND(H58,2),2) -> 0 | K58: =I58/$I$1 -> #DIV/0! | L58: =K58+L57 -> #DIV/0! | M58: =IF(L58<=80%,"A",IF(L58<=95%,"B","C")) -> #DIV/0!
B59: 4009 | C59: CDHU | D59: 38.05.060 | E59: =VLOOKUP($B59,'Plan. Orçamentária'!$D$1:$L$1534,4,FALSE) -> Eletroduto galvanizado a quente conforme NBR6323 - 1´ - com acessórios | F59: =VLOOKUP($B59,'Plan. Orçamentária'!$D$1:$L$1534,5,FALSE) -> M | G59: =SUMIF('Plan. Orçamentária'!$F$1:$F$1534,D59,'Plan. Orçamentária'!$I$1:$I$1534) -> 2 | H59: =IF(D59<>0,INDEX('Plan. Orçamentária'!$F$1:$K$1534,MATCH(D59,'Plan. Orçamentária'!$F$1:$F$1534,0),6),0) -> 0 | I59: =ROUND(ROUND(G59,2)*ROUND(H59,2),2) -> 0 | K59: =I59/$I$1 -> #DIV/0! | L59: =K59+L58 -> #DIV/0! | M59: =IF(L59<=80%,"A",IF(L59<=95%,"B","C")) -> #DIV/0!
B60: 4017 | C60: CDHU | D60: 39.21.040 | E60: =VLOOKUP($B60,'Plan. Orçamentária'!$D$1:$L$1534,4,FALSE) -> Cabo de cobre flexível de 6 mm², isolamento 0,6/1kV - isolação HEPR 90°C | F60: =VLOOKUP($B60,'Plan. Orçamentária'!$D$1:$L$1534,5,FALSE) -> M | G60: =SUMIF('Plan. Orçamentária'!$F$1:$F$1534,D60,'Plan. Orçamentária'!$I$1:$I$1534) -> 15 | H60: =IF(D60<>0,INDEX('Plan. Orçamentária'!$F$1:$K$1534,MATCH(D60,'Plan. Orçamentária'!$F$1:$F$1534,0),6),0) -> 0 | I60: =ROUND(ROUND(G60,2)*ROUND(H60,2),2) -> 0 | K60: =I60/$I$1 -> #DIV/0! | L60: =K60+L59 -> #DIV/0! | M60: =IF(L60<=80%,"A",IF(L60<=95%,"B","C")) -> #DIV/0!
B61: 4008 | C61: CDHU | D61: 37.13.800 | E61: =VLOOKUP($B61,'Plan. Orçamentária'!$D$1:$L$1534,4,FALSE) -> Mini-disjuntor termomagnético, unipolar 127/220 V, corrente de 10 A até 32 A | F61: =VLOOKUP($B61,'Plan. Orçamentária'!$D$1:$L$1534,5,FALSE) -> UN | G61: =SUMIF('Plan. Orçamentária'!$F$1:$F$1534,D61,'Plan. Orçamentária'!$I$1:$I$1534) -> 4 | H61: =IF(D61<>0,INDEX('Plan. Orçamentária'!$F$1:$K$1534,MATCH(D61,'Plan. Orçamentária'!$F$1:$F$1534,0),6),0) -> 0 | I61: =ROUND(ROUND(G61,2)*ROUND(H61,2),2) -> 0 | K61: =I61/$I$1 -> #DIV/0! | L61: =K61+L60 -> #DIV/0! | M61: =IF(L61<=80%,"A",IF(L61<=95%,"B","C")) -> #DIV/0!
B62: 4018 | C62: CDHU | D62: 39.21.030 | E62: =VLOOKUP($B62,'Plan. Orçamentária'!$D$1:$L$1534,4,FALSE) -> Cabo de cobre flexível de 4 mm², isolamento 0,6/1kV - isolação HEPR 90°C | F62: =VLOOKUP($B62,'Plan. Orçamentária'!$D$1:$L$1534,5,FALSE) -> M | G62: =SUMIF('Plan. Orçamentária'!$F$1:$F$1534,D62,'Plan. Orçamentária'!$I$1:$I$1534) -> 15 | H62: =IF(D62<>0,INDEX('Plan. Orçamentária'!$F$1:$K$1534,MATCH(D62,'Plan. Orçamentária'!$F$1:$F$1534,0),6),0) -> 0 | I62: =ROUND(ROUND(G62,2)*ROUND(H62,2),2) -> 0 | K62: =I62/$I$1 -> #DIV/0! | L62: =K62+L61 -> #DIV/0! | M62: =IF(L62<=80%,"A",IF(L62<=95%,"B","C")) -> #DIV/0!
B63: 4029 | C63: SIURB (E) | D63: 1004080 | E63: =VLOOKUP($B63,'Plan. Orçamentária'!$D$1:$L$1534,4,FALSE) -> REATERRO DE VALAS, INCLUSIVE COMPACTAÇÃO | F63: =VLOOKUP($B63,'Plan. Orçamentária'!$D$1:$L$1534,5,FALSE) -> M3 | G63: =SUMIF('Plan. Orçamentária'!$F$1:$F$1534,D63,'Plan. Orçamentária'!$I$1:$I$1534) -> 3 | H63: =IF(D63<>0,INDEX('Plan. Orçamentária'!$F$1:$K$1534,MATCH(D63,'Plan. Orçamentária'!$F$1:$F$1534,0),6),0) -> 0 | I63: =ROUND(ROUND(G63,2)*ROUND(H63,2),2) -> 0 | K63: =I63/$I$1 -> #DIV/0! | L63: =K63+L62 -> #DIV/0! | M63: =IF(L63<=80%,"A",IF(L63<=95%,"B","C")) -> #DIV/0!
B64: 3006 | C64: CDHU | D64: 97.02.197 | E64: =VLOOKUP($B64,'Plan. Orçamentária'!$D$1:$L$1534,4,FALSE) -> Placa de sinalização em PVC, com indicação de alerta | F64: =VLOOKUP($B64,'Plan. Orçamentária'!$D$1:$L$1534,5,FALSE) -> UN | G64: =SUMIF('Plan. Orçamentária'!$F$1:$F$1534,D64,'Plan. Orçamentária'!$I$1:$I$1534) -> 1 | H64: =IF(D64<>0,INDEX('Plan. Orçamentária'!$F$1:$K$1534,MATCH(D64,'Plan. Orçamentária'!$F$1:$F$1534,0),6),0) -> 0 | I64: =ROUND(ROUND(G64,2)*ROUND(H64,2),2) -> 0 | K64: =I64/$I$1 -> #DIV/0! | L64: =K64+L63 -> #DIV/0! | M64: =IF(L64<=80%,"A",IF(L64<=95%,"B","C")) -> #DIV/0!
B65: 3007 | C65: CDHU | D65: 97.02.198 | E65: =VLOOKUP($B65,'Plan. Orçamentária'!$D$1:$L$1534,4,FALSE) -> Placa de sinalização em PVC, com indicação de proibição normativa | F65: =VLOOKUP($B65,'Plan. Orçamentária'!$D$1:$L$1534,5,FALSE) -> UN | G65: =SUMIF('Plan. Orçamentária'!$F$1:$F$1534,D65,'Plan. Orçamentária'!$I$1:$I$1534) -> 1 | H65: =IF(D65<>0,INDEX('Plan. Orçamentária'!$F$1:$K$1534,MATCH(D65,'Plan. Orçamentária'!$F$1:$F$1534,0),6),0) -> 0 | I65: =ROUND(ROUND(G65,2)*ROUND(H65,2),2) -> 0 | K65: =I65/$I$1 -> #DIV/0! | L65: =K65+L64 -> #DIV/0! | M65: =IF(L65<=80%,"A",IF(L65<=95%,"B","C")) -> #DIV/0!

Sheet ATESTADOS
A1: Dados da Obra
A2: Cliente | B2: ='CLIENTE-OBJETO'!B2 -> PREFEITURA MUNICIPAL DE PIRACICABA
A3: Objeto | B3: ='CLIENTE-OBJETO'!B3 -> PLANO DE COMBATE A INCÊNDIO (PCI) CEREST
A4: Local | B4: ='CLIENTE-OBJETO'!B4 -> RUA DO TRABALHO, 602 - VILA INDEPENDÊNCIA, PIRACICABA/SP
A5: ='CLIENTE-OBJETO'!A10 -> Data: | B5: ='CLIENTE-OBJETO'!B10 -> 46247
B8: ATESTADOS
D10: CONTRATADO - ORIGINAL
A11: ITEM | B11: DESCRIÇÃO DOS SERVIÇOS | C11: Unid. | D11: VALOR GLOBAL | G11: =#REF! -> #REF! | H11: EXIGÊNCIA ATESTADOS
D13: Quant. | E13: Custo Unitário | F13: Preço Unitário | G13: Preço Total | H13: QTDE
A14: ='CURVA ABC'!B3 -> 3012 | B14: ='CURVA ABC'!E3 -> Detector óptico de fumaça com base endereçável | C14: ='CURVA ABC'!F3 -> UN | D14: ='CURVA ABC'!G3 -> 118 | E14: =VLOOKUP('CURVA ABC'!B3,'Plan. Orçamentária'!$D$15:$L$21,7,FALSE) -> #N/A | F14: ='CURVA ABC'!H3 -> 0 | G14: ='CURVA ABC'!I3 -> 0 | H14: =IF(G14/$G$11>0.0399,D14/2,0) -> #REF! | L14: ='CURVA ABC'!K3 -> #DIV/0!
A15: ='CURVA ABC'!B4 -> 3017 | B15: ='CURVA ABC'!E4 -> Tubo galvanizado sem costura schedule 40, DN= 3´, inclusive conexões | C15: ='CURVA ABC'!F4 -> M | D15: ='CURVA ABC'!G4 -> 64.45 | E15: =VLOOKUP('CURVA ABC'!B4,'Plan. Orçamentária'!$D$15:$L$21,7,FALSE) -> #N/A | F15: ='CURVA ABC'!H4 -> 0 | G15: ='CURVA ABC'!I4 -> 0 | H15: =IF(G15/$G$11>0.0399,D15/2,0) -> #REF! | L15: ='CURVA ABC'!K4 -> #DIV/0!
A16: ='CURVA ABC'!B5 -> 3010 | B16: ='CURVA ABC'!E5 -> Central de iluminação de emergência, completa, para até 6.000 W | C16: ='CURVA ABC'!F5 -> UN | D16: ='CURVA ABC'!G5 -> 1 | E16: =VLOOKUP('CURVA ABC'!B5,'Plan. Orçamentária'!$D$15:$L$21,7,FALSE) -> #N/A | F16: ='CURVA ABC'!H5 -> 0 | G16: ='CURVA ABC'!I5 -> 0 | H16: =IF(G16/$G$11>0.0399,D16/2,0) -> #REF! | L16: ='CURVA ABC'!K5 -> #DIV/0!
A17: ='CURVA ABC'!B6 -> 3019 | B17: ='CURVA ABC'!E6 -> Abrigo de hidrante de 2 1/2´ completo - inclusive mangueira de 30 m (2 x 15 m) | C17: ='CURVA ABC'!F6 -> UN | D17: ='CURVA ABC'!G6 -> 7 | E17: =VLOOKUP('CURVA ABC'!B6,'Plan. Orçamentária'!$D$15:$L$21,7,FALSE) -> #N/A | F17: ='CURVA ABC'!H6 -> 0 | G17: ='CURVA ABC'!I6 -> 0 | H17: =IF(G17/$G$11>0.0399,D17/2,0) -> #REF! | L17: ='CURVA ABC'!K6 -> #DIV/0!
A18: ='CURVA ABC'!B7 -> 3022 | B18: ='CURVA ABC'!E7 -> CONJUNTO MOTOR-BOMBA 112M3/H, 20MCA, 10CV, 3500RPM, 220/380V, TRIFÁSICO | C18: ='CURVA ABC'!F7 -> UN | D18: ='CURVA ABC'!G7 -> 2 | E18: =VLOOKUP('CURVA ABC'!B7,'Plan. Orçamentária'!$D$15:$L$21,7,FALSE) -> #N/A | F18: ='CURVA ABC'!H7 -> 0 | G18: ='CURVA ABC'!I7 -> 0 | H18: =IF(G18/$G$11>0.0399,D18/2,0) -> #REF! | L18: ='CURVA ABC'!K7 -> #DIV/0!
A19: ='CURVA ABC'!B8 -> 4004 | B19: ='CURVA ABC'!E8 -> Eletroduto galvanizado conforme NBR13057 - 3/4´ com acessórios | C19: ='CURVA ABC'!F8 -> M | D19: ='CURVA ABC'!G8 -> 271 | E19: =VLOOKUP('CURVA ABC'!B8,'Plan. Orçamentária'!$D$15:$L$21,7,FALSE) -> #N/A | F19: ='CURVA ABC'!H8 -> 0 | G19: ='CURVA ABC'!I8 -> 0 | H19: =IF(G19/$G$11>0.0399,D19/2,0) -> #REF! | L19: ='CURVA ABC'!K8 -> #DIV/0!
A20: ='CURVA ABC'!B9 -> 7005 | B20: ='CURVA ABC'!E9 -> ENGENHEIRO/ ARQUITETO SÊNIOR | C20: ='CURVA ABC'!F9 -> H | D20: ='CURVA ABC'!G9 -> 32 | E20: =VLOOKUP('CURVA ABC'!B9,'Plan. Orçamentária'!$D$15:$L$21,7,FALSE) -> #N/A | F20: ='CURVA ABC'!H9 -> 0 | G20: ='CURVA ABC'!I9 -> 0 | H20: =IF(G20/$G$11>0.0399,D20/2,0) -> #REF! | L20: ='CURVA ABC'!K9 -> #DIV/0!
A21: ='CURVA ABC'!B10 -> 3016 | B21: ='CURVA ABC'!E10 -> Tubo galvanizado sem costura schedule 40, DN= 2 1/2´, inclusive conexões | C21: ='CURVA ABC'!F10 -> M | D21: ='CURVA ABC'!G10 -> 29 | E21: =VLOOKUP('CURVA ABC'!B10,'Plan. Orçamentária'!$D$15:$L$21,7,FALSE) -> #N/A | F21: ='CURVA ABC'!H10 -> 0 | G21: ='CURVA ABC'!I10 -> 0 | H21: =IF(G21/$G$11>0.0399,D21/2,0) -> #REF! | L21: ='CURVA ABC'!K10 -> #DIV/0!
A22: ='CURVA ABC'!B11 -> 3009 | B22: ='CURVA ABC'!E11 -> Bloco autônomo de iluminação de emergência LED, com autonomia mínima de 3 horas, fluxo luminoso de 2.000 até 3.000 lúmens, equipado com 2 faróis | C22: ='CURVA ABC'!F11 -> UN | D22: ='CURVA ABC'!G11 -> 41 | E22: =VLOOKUP('CURVA ABC'!B11,'Plan. Orçamentária'!$D$15:$L$21,7,FALSE) -> #N/A | F22: ='CURVA ABC'!H11 -> 0 | G22: ='CURVA ABC'!I11 -> 0 | H22: =IF(G22/$G$11>0.0399,D22/2,0) -> #REF! | L22: ='CURVA ABC'!K11 -> #DIV/0!
A23: ='CURVA ABC'!B12 -> 5001 | B23: ='CURVA ABC'!E12 -> Porta corta-fogo classe P.90, com barra antipânico numa face e maçaneta na outra, completa | C23: ='CURVA ABC'!F12 -> M2 | D23: ='CURVA ABC'!G12 -> 5.04 | E23: =VLOOKUP('CURVA ABC'!B12,'Plan. Orçamentária'!$D$15:$L$21,7,FALSE) -> #N/A | F23: ='CURVA ABC'!H12 -> 0 | G23: ='CURVA ABC'!I12 -> 0 | H23: =IF(G23/$G$11>0.0399,D23/2,0) -> #REF! | L23: ='CURVA ABC'!K12 -> #DIV/0!
A24: ='CURVA ABC'!B13 -> 4011 | B24: ='CURVA ABC'!E13 -> Cabo de cobre de 2,5 mm², isolamento 0,6/1 kV - isolação em PVC 70°C | C24: ='CURVA ABC'!F13 -> M | D24: ='CURVA ABC'!G13 -> 1414 | E24: =VLOOKUP('CURVA ABC'!B13,'Plan. Orçamentária'!$D$15:$L$21,7,FALSE) -> #N/A | F24: ='CURVA ABC'!H13 -> 0 | G24: ='CURVA ABC'!I13 -> 0 | H24: =IF(G24/$G$11>0.0399,D24/2,0) -> #REF! | L24: ='CURVA ABC'!K13 -> #DIV/0!
A25: ='CURVA ABC'!#REF! -> #REF! | B25: ='CURVA ABC'!#REF! -> #REF! | C25: ='CURVA ABC'!#REF! -> #REF! | D25: ='CURVA ABC'!#REF! -> #REF! | E25: =VLOOKUP('CURVA ABC'!#REF!,'Plan. Orçamentária'!$D$15:$L$21,7,FALSE) -> #REF! | F25: ='CURVA ABC'!#REF! -> #REF! | G25: ='CURVA ABC'!#REF! -> #REF! | H25: =IF(G25/$G$11>0.0399,D25/2,0) -> #REF! | L25: ='CURVA ABC'!#REF! -> #REF!
A26: ='CURVA ABC'!#REF! -> #REF! | B26: ='CURVA ABC'!#REF! -> #REF! | C26: ='CURVA ABC'!#REF! -> #REF! | D26: ='CURVA ABC'!#REF! -> #REF! | E26: =VLOOKUP('CURVA ABC'!#REF!,'Plan. Orçamentária'!$D$15:$L$21,7,FALSE) -> #REF! | F26: ='CURVA ABC'!#REF! -> #REF! | G26: ='CURVA ABC'!#REF! -> #REF! | H26: =IF(G26/$G$11>0.0399,D26/2,0) -> #REF! | L26: ='CURVA ABC'!#REF! -> #REF!
A27: ='CURVA ABC'!#REF! -> #REF! | B27: ='CURVA ABC'!#REF! -> #REF! | C27: ='CURVA ABC'!#REF! -> #REF! | D27: ='CURVA ABC'!#REF! -> #REF! | E27: =VLOOKUP('CURVA ABC'!#REF!,'Plan. Orçamentária'!$D$15:$L$21,7,FALSE) -> #REF! | F27: ='CURVA ABC'!#REF! -> #REF! | G27: ='CURVA ABC'!#REF! -> #REF! | H27: =IF(G27/$G$11>0.0399,D27/2,0) -> #REF! | L27: ='CURVA ABC'!#REF! -> #REF!
A28: ='CURVA ABC'!#REF! -> #REF! | B28: ='CURVA ABC'!#REF! -> #REF! | C28: ='CURVA ABC'!#REF! -> #REF! | D28: ='CURVA ABC'!#REF! -> #REF! | E28: =VLOOKUP('CURVA ABC'!#REF!,'Plan. Orçamentária'!$D$15:$L$21,7,FALSE) -> #REF! | F28: ='CURVA ABC'!#REF! -> #REF! | G28: ='CURVA ABC'!#REF! -> #REF! | H28: =IF(G28/$G$11>0.0399,D28/2,0) -> #REF! | L28: ='CURVA ABC'!#REF! -> #REF!
A29: ='CURVA ABC'!#REF! -> #REF! | B29: ='CURVA ABC'!#REF! -> #REF! | C29: ='CURVA ABC'!#REF! -> #REF! | D29: ='CURVA ABC'!#REF! -> #REF! | E29: =VLOOKUP('CURVA ABC'!#REF!,'Plan. Orçamentária'!$D$15:$L$21,7,FALSE) -> #REF! | F29: ='CURVA ABC'!#REF! -> #REF! | G29: ='CURVA ABC'!#REF! -> #REF! | H29: =IF(G29/$G$11>0.0399,D29/2,0) -> #REF! | L29: ='CURVA ABC'!#REF! -> #REF!
A30: ='CURVA ABC'!#REF! -> #REF! | B30: ='CURVA ABC'!#REF! -> #REF! | C30: ='CURVA ABC'!#REF! -> #REF! | D30: ='CURVA ABC'!#REF! -> #REF! | E30: =VLOOKUP('CURVA ABC'!#REF!,'Plan. Orçamentária'!$D$15:$L$21,7,FALSE) -> #REF! | F30: ='CURVA ABC'!#REF! -> #REF! | G30: ='CURVA ABC'!#REF! -> #REF! | H30: =IF(G30/$G$11>0.0399,D30/2,0) -> #REF! | L30: ='CURVA ABC'!#REF! -> #REF!
A31: ='CURVA ABC'!#REF! -> #REF! | B31: ='CURVA ABC'!#REF! -> #REF! | C31: ='CURVA ABC'!#REF! -> #REF! | D31: ='CURVA ABC'!#REF! -> #REF! | E31: =VLOOKUP('CURVA ABC'!#REF!,'Plan. Orçamentária'!$D$15:$L$21,7,FALSE) -> #REF! | F31: ='CURVA ABC'!#REF! -> #REF! | G31: ='CURVA ABC'!#REF! -> #REF! | H31: =IF(G31/$G$11>0.0399,D31/2,0) -> #REF! | L31: ='CURVA ABC'!#REF! -> #REF!
A32: ='CURVA ABC'!#REF! -> #REF! | B32: ='CURVA ABC'!#REF! -> #REF! | C32: ='CURVA ABC'!#REF! -> #REF! | D32: ='CURVA ABC'!#REF! -> #REF! | E32: =VLOOKUP('CURVA ABC'!#REF!,'Plan. Orçamentária'!$D$15:$L$21,7,FALSE) -> #REF! | F32: ='CURVA ABC'!#REF! -> #REF! | G32: ='CURVA ABC'!#REF! -> #REF! | H32: =IF(G32/$G$11>0.0399,D32/2,0) -> #REF! | L32: ='CURVA ABC'!#REF! -> #REF!
A33: ='CURVA ABC'!#REF! -> #REF! | B33: ='CURVA ABC'!#REF! -> #REF! | C33: ='CURVA ABC'!#REF! -> #REF! | D33: ='CURVA ABC'!#REF! -> #REF! | E33: =VLOOKUP('CURVA ABC'!#REF!,'Plan. Orçamentária'!$D$15:$L$21,7,FALSE) -> #REF! | F33: ='CURVA ABC'!#REF! -> #REF! | G33: ='CURVA ABC'!#REF! -> #REF! | H33: =IF(G33/$G$11>0.0399,D33/2,0) -> #REF! | L33: ='CURVA ABC'!#REF! -> #REF!
A34: ='CURVA ABC'!#REF! -> #REF! | B34: ='CURVA ABC'!#REF! -> #REF! | C34: ='CURVA ABC'!#REF! -> #REF! | D34: ='CURVA ABC'!#REF! -> #REF! | E34: =VLOOKUP('CURVA ABC'!#REF!,'Plan. Orçamentária'!$D$15:$L$21,7,FALSE) -> #REF! | F34: ='CURVA ABC'!#REF! -> #REF! | G34: ='CURVA ABC'!#REF! -> #REF! | H34: =IF(G34/$G$11>0.0399,D34/2,0) -> #REF! | L34: ='CURVA ABC'!#REF! -> #REF!
A35: ='CURVA ABC'!#REF! -> #REF! | B35: ='CURVA ABC'!#REF! -> #REF! | C35: ='CURVA ABC'!#REF! -> #REF! | D35: ='CURVA ABC'!#REF! -> #REF! | E35: =VLOOKUP('CURVA ABC'!#REF!,'Plan. Orçamentária'!$D$15:$L$21,7,FALSE) -> #REF! | F35: ='CURVA ABC'!#REF! -> #REF! | G35: ='CURVA ABC'!#REF! -> #REF! | H35: =IF(G35/$G$11>0.0399,D35/2,0) -> #REF! | L35: ='CURVA ABC'!#REF! -> #REF!
A36: ='CURVA ABC'!#REF! -> #REF! | B36: ='CURVA ABC'!#REF! -> #REF! | C36: ='CURVA ABC'!#REF! -> #REF! | D36: ='CURVA ABC'!#REF! -> #REF! | E36: =VLOOKUP('CURVA ABC'!#REF!,'Plan. Orçamentária'!$D$15:$L$21,7,FALSE) -> #REF! | F36: ='CURVA ABC'!#REF! -> #REF! | G36: ='CURVA ABC'!#REF! -> #REF! | H36: =IF(G36/$G$11>0.0399,D36/2,0) -> #REF! | L36: ='CURVA ABC'!#REF! -> #REF!
... A328: ='CURVA ABC'!#REF! -> #REF! | B328: ='CURVA ABC'!#REF! -> #REF! | C328: ='CURVA ABC'!#REF! -> #REF! | D328: ='CURVA ABC'!#REF! -> #REF! | E328: =VLOOKUP('CURVA ABC'!#REF!,'Plan. Orçamentária'!$D$15:$L$21,7,FALSE) -> #REF! | F328: ='CURVA ABC'!#REF! -> #REF! | G328: ='CURVA ABC'!#REF! -> #REF! | H328: =IF(G328/$G$11>0.0399,D328/2,0) -> #REF! | L328: ='CURVA ABC'!#REF! -> #REF!
B334: ='CLIENTE-OBJETO'!B15 -> ARQº MARLON LIMA
B335: ='CLIENTE-OBJETO'!B16 -> ARQUITETO E URBANISTA
B336: ='CLIENTE-OBJETO'!B17 -> CAU / SP A96639-8

Sheet CDHU_Desonerado-FEV.2026 (201)
B1: COMPANHIA DE DESENVOLVIMENTO HABITACIONAL E URBANO
A2: DO ESTADO DE SÃO PAULO
A3: BOLETIM REFERENCIAL DE CUSTOS - TABELA DE SERVIÇOS
A4: COM DESONERAÇÃO
F5: Versão 201
E6: Data Base: | F6: FEV/26
C7: BDI : | D7: 0 | E7: L.S.: | F7: 1.13
A8: Referência | B8: Descrição | C8: Un | D8: Material | E8: Mão de Obra | F8: Custo Total
A9: 01 | B9: SERVICO TECNICO ESPECIALIZADO
A10: 01.02 | B10: Parecer técnico
A11: 01.02.071 | B11: Parecer técnico de fundações, contenções e recomendações gerais, para empreendimentos com área construída até 1.000 m² | C11: UN | E11: 6724.28 | F11: 6724.28 | G11: 15
A12: 01.02.081 | B12: Parecer técnico de fundações, contenções e recomendações gerais, para empreendimentos com área construída de 1.001 a 2.000 m² | C12: UN | E12: 8941.99 | F12: 8941.99 | G12: 15
A13: 01.02.091 | B13: Parecer técnico de fundações, contenções e recomendações gerais, para empreendimentos com área construída de 2.001 a 5.000 m² | C13: UN | E13: 15274.91 | F13: 15274.91 | G13: 15
A14: 01.02.101 | B14: Parecer técnico de fundações, contenções e recomendações gerais, para empreendimentos com área construída de 5.001 a 10.000 m² | C14: UN | E14: 20943.7 | F14: 20943.7 | G14: 15
A15: 01.02.111 | B15: Parecer técnico de fundações, contenções e recomendações gerais, para empreendimentos com área construída acima de 10.000 m² | C15: UN | E15: 24406.64 | F15: 24406.64 | G15: 15
A16: 01.06 | B16: Projeto de instalações elétricas
A17: 01.06.021 | B17: Elaboração de projeto de adequação de entrada de energia elétrica junto a concessionária, com medição em baixa tensão e demanda até 75 kVA | C17: UN | E17: 8588.52 | F17: 8588.52 | G17: 15
A18: 01.06.031 | B18: Elaboração de projeto de adequação de entrada de energia elétrica junto a concessionária, com medição em média tensão, subestação simplificada e demanda de 75 kVA a 300 kVA | C18: UN | E18: 14547.46 | F18: 14547.46 | G18: 15
A19: 01.06.032 | B19: Elaboração de projeto de adequação de entrada de energia elétrica junto a concessionária, com medição em média tensão e demanda de 75 kVA a 300 kVA | C19: UN | E19: 19685.28 | F19: 19685.28 | G19: 15
A20: 01.06.041 | B20: Elaboração de projeto de adequação de entrada de energia elétrica junto a concessionária, com medição em média tensão e demanda acima de 300 kVA a 2 MVA | C20: UN | E20: 26183.6 | F20: 26183.6 | G20: 15
A21: 01.17 | B21: Projeto executivo
A22: 01.17.031 | B22: Projeto executivo de arquitetura em formato A1 | C22: UN | E22: 3382.83 | F22: 3382.83 | G22: 15
A23: 01.17.041 | B23: Projeto executivo de arquitetura em formato A0 | C23: UN | E23: 4573.28 | F23: 4573.28 | G23: 15
A24: 01.17.051 | B24: Projeto executivo de estrutura em formato A1 | C24: UN | E24: 2480.94 | F24: 2480.94 | G24: 15
A25: 01.17.061 | B25: Projeto executivo de estrutura em formato A0 | C25: UN | E25: 3394.42 | F25: 3394.42 | G25: 15
A26: 01.17.071 | B26: Projeto executivo de instalações hidráulicas em formato A1 | C26: UN | E26: 1065.06 | F26: 1065.06 | G26: 15
A27: 01.17.081 | B27: Projeto executivo de instalações hidráulicas em formato A0 | C27: UN | E27: 1417.76 | F27: 1417.76 | G27: 15
A28: 01.17.111 | B28: Projeto executivo de instalações elétricas em formato A1 | C28: UN | E28: 1182.71 | F28: 1182.71 | G28: 15
A29: 01.17.121 | B29: Projeto executivo de instalações elétricas em formato A0 | C29: UN | E29: 1639.92 | F29: 1639.92 | G29: 15
A30: 01.17.151 | B30: Projeto executivo de climatização em formato A1 | C30: UN | E30: 2276.5 | F30: 2276.5 | G30: 15
A31: 01.17.161 | B31: Projeto executivo de climatização em formato A0 | C31: UN | E31: 3103.14 | F31: 3103.14 | G31: 15
A32: 01.17.171 | B32: Projeto executivo de chuveiros automáticos em formato A1 | C32: UN | E32: 1965.44 | F32: 1965.44 | G32: 15
A33: 01.17.181 | B33: Projeto executivo de chuveiros automáticos em formato A0 | C33: UN | E33: 2540.4 | F33: 2540.4 | G33: 15
A34: 01.20 | B34: Levantamento topográfico e geofísico
A35: 01.20.010 | B35: Taxa de mobilização e desmobilização de equipamentos para execução de levantamento topográfico | C35: TX | D35: 1120.06 | F35: 1120.06 | G35: 15
A36: 01.20.280 | B36: Levantamento planimétrico de área pavimentada para veículo e pedestre | C36: M2 | D36: 0.07 | E36: 0.16 | F36: 0.23 | G36: 15
A37: 01.20.691 | B37: Levantamento planimétrico cadastral com áreas ocupadas predominantemente por comunidades - área até 20.000 m² (mínimo de 3.500 m²) | C37: M2 | D37: 0.43 | E37: 0.56 | F37: 0.99 | G37: 15
A38: 01.20.701 | B38: Levantamento planimétrico cadastral com áreas ocupadas predominantemente por comunidades - área acima de 20.000 m² até 200.000 m² | C38: M2 | D38: 0.34 | E38: 0.42 | F38: 0.76 | G38: 15
A39: 01.20.711 | B39: Levantamento planimétrico cadastral com áreas ocupadas predominantemente por comunidades - área acima de 200.000 m² | C39: M2 | D39: 0.28 | E39: 0.35 | F39: 0.63 | G39: 15
A40: 01.20.721 | B40: Levantamento planimétrico cadastral com áreas até 50% de ocupação - área até 20.000 m² (mínimo de 3.500 m²) | C40: M2 | D40: 0.38 | E40: 0.47 | F40: 0.85 | G40: 15
A41: 01.20.731 | B41: Levantamento planimétrico cadastral com áreas até 50% de ocupação - área acima de 20.000 m² até 200.000 m² | C41: M2 | D41: 0.18 | E41: 0.53 | F41: 0.71 | G41: 15
A42: 01.20.741 | B42: Levantamento planimétrico cadastral com áreas até 50% de ocupação - área acima de 200.000 m² | C42: M2 | D42: 0.24 | E42: 0.3 | F42: 0.54 | G42: 15
A43: 01.20.751 | B43: Levantamento planimétrico cadastral com áreas acima de 50% de ocupação - área até 20.000 m² (mínimo de 4.000 m²) | C43: M2 | D43: 0.33 | E43: 0.42 | F43: 0.75 | G43: 15
A44: 01.20.761 | B44: Levantamento planimétrico cadastral com áreas acima de 50% de ocupação - área acima de 20.000 m² até 200.000 m² | C44: M2 | D44: 0.29 | E44: 0.37 | F44: 0.66 | G44: 15
A45: 01.20.771 | B45: Levantamento planimétrico cadastral com áreas acima de 50% de ocupação - área acima de 200.000 m² | C45: M2 | D45: 0.28 | E45: 0.35 | F45: 0.63 | G45: 15
A46: 01.20.781 | B46: Levantamento planialtimétrico cadastral com áreas ocupadas predominantemente por comunidades - área até 20.000 m² (mínimo de 3.500 m²) | C46: M2 | D46: 0.45 | E46: 0.58 | F46: 1.03 | G46: 15
A47: 01.20.791 | B47: Levantamento planialtimétrico cadastral com áreas ocupadas predominantemente por comunidades - área acima de 20.000 m² até 200.000 m² | C47: M2 | D47: 0.37 | E47: 0.47 | F47: 0.84 | G47: 15
... A60: 01.20.921 | B60: Implantação de marcos através de levantamento com GPS (mínimo de 3 marcos) | C60: UN | D60: 714.06 | E60: 479.99 | F60: 1194.05 | G60: 15
A61: 01.21 | B61: Estudo geotecnico (sondagem)
A62: 01.21.010 | B62: Taxa de mobilização e desmobilização de equipamentos para execução de sondagem | C62: TX | D62: 1379.3 | F62: 1379.3 | G62: 15
A63: 01.21.090 | B63: Taxa de mobilização e desmobilização de equipamentos para execução de sondagem rotativa | C63: TX | D63: 7060.48 | F63: 7060.48 | G63: 15
A64: 01.21.100 | B64: Sondagem do terreno a trado | C64: M | D64: 107.18 | F64: 107.18 | G64: 15
A65: 01.21.110 | B65: Sondagem do terreno à percussão (mínimo de 30 m) | C65: M | D65: 93.86 | F65: 93.86 | G65: 15
A66: 01.21.120 | B66: Sondagem do terreno rotativa em solo | C66: M | D66: 424.89 | F66: 424.89 | G66: 15
A67: 01.21.130 | B67: Sondagem do terreno rotativa em rocha | C67: M | D67: 674.53 | F67: 674.53 | G67: 15
A68: 01.21.140 | B68: Sondagem do terreno à percussão com a utilização de torquímetro (mínimo de 30 m) | C68: M | D68: 104.16 | F68: 104.16 | G68: 15
A69: 01.23 | B69: Tratamento, recuperação e trabalhos especiais em concreto
A70: 01.23.010 | B70: Taxa de mobilização e desmobilização de equipamentos para execução de corte em concreto armado | C70: TX | D70: 443.61 | F70: 443.61 | G70: 15
A71: 01.23.020 | B71: Limpeza de armadura com escova de aço | C71: M2 | D71: 3.21 | E71: 6.36 | F71: 9.57 | G71: 15
A72: 01.23.030 | B72: Preparo de ponte de aderência com adesivo a base de epóxi | C72: M2 | D72: 103.82 | E72: 46.98 | F72: 150.8 | G72: 15
A73: 01.23.056 | B73: Tratamento de armadura com produto anticorrosivo a base de zinco | C73: M2 | D73: 22.29 | E73: 44.8 | F73: 67.09 | G73: 15
A74: 01.23.060 | B74: Corte de concreto deteriorado inclusive remoção dos detritos | C74: M2 | E74: 31.79 | F74: 31.79 | G74: 15
A75: 01.23.070 | B75: Demarcação de área com disco de corte diamantado | C75: M | D75: 1.04 | E75: 4.7 | F75: 5.74 | G75: 15
A76: 01.23.100 | B76: Demolição de concreto armado com preservação de armadura, para reforço e recuperação estrutural | C76: M3 | E76: 479.74 | F76: 479.74 | G76: 15
A77: 01.23.140 | B77: Furação de 1 1/4´ em concreto armado | C77: M | D77: 276.25 | F77: 276.25 | G77: 15
A78: 01.23.150 | B78: Furação de 1 1/2´ em concreto armado | C78: M | D78: 279.41 | F78: 279.41 | G78: 15
A79: 01.23.160 | B79: Furação de 2 1/4´ em concreto armado | C79: M | D79: 386.38 | F79: 386.38 | G79: 15
A80: 01.23.190 | B80: Furação de 2 1/2´ em concreto armado | C80: M | D80: 397.97 | F80: 397.97 | G80: 15
A81: 01.23.200 | B81: Taxa de mobilização e desmobilização de equipamentos para execução de perfuração em concreto | C81: TX | D81: 231.93 | F81: 231.93 | G81: 15
A82: 01.23.221 | B82: Furação para até 10mm x 100mm em concreto armado, inclusive colagem de armadura (para até 8mm) | C82: UN | D82: 13.55 | F82: 13.55 | G82: 15
A83: 01.23.222 | B83: Furação para 12,5mm x 100mm em concreto armado, inclusive colagem de armadura (para 10mm) | C83: UN | D83: 15.6 | F83: 15.6 | G83: 15
A84: 01.23.223 | B84: Furação para 16mm x 100mm em concreto armado, inclusive colagem de armadura (para 12,5mm) | C84: UN | D84: 16.25 | F84: 16.25 | G84: 15
A85: 01.23.231 | B85: Furação para até 10mm x 150mm em concreto armado, inclusive colagem de armadura (para até 8mm) | C85: UN | D85: 20.92 | F85: 20.92 | G85: 15
A86: 01.23.232 | B86: Furação para 12,5mm x 150mm em concreto armado, inclusive colagem de armadura (para 10mm) | C86: UN | D86: 21.79 | F86: 21.79 | G86: 15
A87: 01.23.233 | B87: Furação para 16mm x 150mm em concreto armado, inclusive colagem de armadura (para 12,5mm) | C87: UN | D87: 25.3 | F87: 25.3 | G87: 15
A88: 01.23.234 | B88: Furação para 20mm x 150mm em concreto armado, inclusive colagem de armadura (para 16mm) | C88: UN | D88: 27.4 | F88: 27.4 | G88: 15
... A99: 01.23.510 | B99: Corte vertical em concreto armado, espessura de 15 cm | C99: M | D99: 232.22 | F99: 232.22 | G99: 15
A100: 01.23.700 | B100: Taxa de mobilização e desmobilização para reforço estrutural com fibra de carbono | C100: TX | D100: 1673.44 | E100: 4313.23 | F100: 5986.67 | G100: 15
A101: 01.23.701 | B101: Preparação de substrato para colagem de fibra de carbono, mediante lixamento e/ou apicoamento e escovação | C101: M2 | D101: 7.69 | E101: 45.92 | F101: 53.61 | G101: 15
A102: 01.23.702 | B102: Fibra de carbono para reforço estrutural de alta resistência - 300 g/m² | C102: M2 | D102: 162.96 | E102: 326.75 | F102: 489.71 | G102: 15
A103: 01.27 | B103: Estudo e programa ambientais
A104: 01.27.011 | B104: Projeto e implementação de gerenciamento integrado de resíduos sólidos e gestão de perdas | C104: UN | D104: 198.7 | E104: 9532.13 | F104: 9730.83 | G104: 15
A105: 01.27.021 | B105: Projeto e implementação de educação ambiental | C105: UN | D105: 198.7 | E105: 12768.34 | F105: 12967.04 | G105: 15
A106: 01.27.031 | B106: Projeto e implementação de controle ambiental de obra | C106: UN | D106: 198.7 | E106: 11298.03 | F106: 11496.73 | G106: 15
A107: 01.27.041 | B107: Laudo de caracterização de vegetação | C107: UN | D107: 574.95 | E107: 26310.02 | F107: 26884.97 | G107: 15
A108: 01.27.051 | B108: Laudo de caracterização da fauna associada à flora | C108: UN | D108: 574.95 | E108: 40372.11 | F108: 40947.06 | G108: 15
A109: 01.27.061 | B109: Projeto e implementação de monitoramento da fauna durante a obra | C109: UN | D109: 574.95 | E109: 16004.61 | F109: 16579.56 | G109: 15
A110: 01.27.071 | B110: Laudo de autodepuração | C110: UN | D110: 467.45 | E110: 19209.25 | F110: 19676.7 | G110: 15
A111: 01.27.091 | B111: Estudo de impacto de vizinhança, em área urbana até 10.000 m² | C111: UN | D111: 284.7 | E111: 31113.26 | F111: 31397.96 | G111: 15
A112: 01.28 | B112: Poço profundo
A113: 01.28.010 | B113: Taxa de mobilização e desmobilização de equipamentos para execução de perfuração para poço profundo - profundidade até 200 m | C113: TX | D113: 8405.03 | F113: 8405.03 | G113: 15
A114: 01.28.020 | B114: Taxa de mobilização e desmobilização de equipamentos para execução de perfuração para poço profundo - profundidade acima de 200 m e até 300 m | C114: TX | D114: 13545.24 | F114: 13545.24 | G114: 15
A115: 01.28.030 | B115: Taxa de mobilização e desmobilização de equipamentos para execução de perfuração para poço profundo - profundidade acima de 300 m | C115: TX | D115: 13425.34 | F115: 13425.34 | G115: 15
A116: 01.28.040 | B116: Perfuração rotativa para poço profundo em camadas de solos sedimentares, diâmetro de 8 1/2" (215,90 mm) | C116: M | D116: 726.17 | F116: 726.17 | G116: 15
A117: 01.28.050 | B117: Perfuração rotativa para poço profundo em aluvião, arenito, ou solos sedimentados em geral, diâmetro de 10" (250 mm) | C117: M | D117: 510.79 | F117: 510.79 | G117: 15
A118: 01.28.060 | B118: Perfuração rotativa para poço profundo em aluvião, arenito, ou solos sedimentados em geral, diâmetro de 12" (300 mm) | C118: M | D118: 1278.32 | F118: 1278.32 | G118: 15
A119: 01.28.070 | B119: Perfuração rotativa para poço profundo em aluvião, arenito, ou solos sedimentados em geral, diâmetro de 14" (350 mm) | C119: M | D119: 1384.07 | F119: 1384.07 | G119: 15
A120: 01.28.080 | B120: Perfuração rotativa para poço profundo em aluvião, arenito, ou solos sedimentados em geral, diâmetro de 16" (400 mm) | C120: M | D120: 1720.88 | F120: 1720.88 | G120: 15
A121: 01.28.090 | B121: Perfuração rotativa para poço profundo em aluvião, arenito, ou solos sedimentados em geral, diâmetro de 18" (450 mm) | C121: M | D121: 2202.74 | F121: 2202.74 | G121: 15
A122: 01.28.100 | B122: Perfuração rotativa para poço profundo em aluvião, arenito, ou solos sedimentados em geral, diâmetro de 20" (500 mm) | C122: M | D122: 2573.93 | F122: 2573.93 | G122: 15
...

Sheet FDE-01.26
A1: TABELA DE PREÇOS Data Base 01/2026 LS: 122 % BDI: 23,00 %
A2: Serviço Descrição | B2: Unidade | C2: Valor | E2: Valor S/ BDI (ARREDONDAR.PARA.CIMA 2 CASAS)
A4: 01.01.001 | B4: RETIRANDO A VEGETACAO, TRONCOS ATE 5CM DE DIAMETRO E RASPAGEM. | C4: M2 | D4: 5.49 | E4: =ROUNDUP(D4/1.23,2) -> 4.47
A5: 01.01.010 | B5: CORTE, RECORTE E REMOCAO DE ARVORES INCL RAIZES DIAM>5<15CM | C5: UN | D5: 214.67 | E5: =ROUNDUP(D5/1.23,2) -> 174.53
A6: 01.01.021 | B6: CORTE, RECORTE E REMOÇÃO DE ÁRVORES INCL.RAIZES 15CM<DIAM<30CM | C6: UN | D6: 1046.43 | E6: =ROUNDUP(D6/1.23,2) -> 850.76
A7: 01.01.022 | B7: CORTE, RECORTE E REMOÇÃO DE ÁRVORES INCL.RAIZES 30CM<DIAM<45CM | C7: UN | D7: 3498.57 | E7: =ROUNDUP(D7/1.23,2) -> 2844.37
A8: 01.01.023 | B8: CORTE, RECORTE E REMOÇÃO DE ÁRVORES INCL.RAIZES 45CM<DIAM<60CM | C8: UN | D8: 5254.73 | E8: =ROUNDUP(D8/1.23,2) -> 4272.14
A9: 01.01.024 | B9: CORTE, RECORTE E REMOÇÃO DE ÁRVORES INCL.RAIZES 60CM<DIAM<100CM | C9: UN | D9: 10529.71 | E9: =ROUNDUP(D9/1.23,2) -> 8560.74
A10: 01.01.025 | B10: CORTE, RECORTE E REMOÇÃO DE ÁRVORES INCL.RAIZES DIAM >100CM | C10: UN | D10: 14620.13 | E10: =ROUNDUP(D10/1.23,2) -> 11886.29
A11: 01.01.030 | B11: CORTE RASO , RECORTE E REMOÇÃO DE ÁRVORES 5CM<DIAM<15CM | C11: UN | D11: 159.73 | E11: =ROUNDUP(D11/1.23,2) -> 129.87
A12: 01.01.031 | B12: CORTE RASO, RECORTE E REMOÇÃO DE ÁRVORES 15CM<DIAM<30CM | C12: UN | D12: 751.02 | E12: =ROUNDUP(D12/1.23,2) -> 610.59
A13: 01.01.032 | B13: CORTE RASO, RECORTE E REMOÇÃO DE ÁRVORES 30CM<DIAM<45CM | C13: UN | D13: 2907.75 | E13: =ROUNDUP(D13/1.23,2) -> 2364.03
A14: 01.01.033 | B14: CORTE RASO, RECORTE E REMOÇÃO DE ÁRVORES 45CM<DIAM<60CM | C14: UN | D14: 4368.5 | E14: =ROUNDUP(D14/1.23,2) -> 3551.63
A15: 01.01.034 | B15: CORTE RASO, RECORTE E REMOÇÃO DE ÁRVORES 60CM<DIAM<100CM | C15: UN | D15: 9348.08 | E15: =ROUNDUP(D15/1.23,2) -> 7600.07
... A47: 01.08.014 | B47: TUBO PVC OCRE JUNTA ELÁSTICA DN 100 INCLUSIVE CONEXÕES - ENTERRADO | C47: M | D47: 99.88 | E47: =ROUNDUP(D47/1.23,2) -> 81.21
A48: TABELA DE PREÇOS Data Base 01/2026 LS: 122 % BDI: 23,00 % | E48: =ROUNDUP(D48/1.23,2) -> 0
A49: Serviço Descrição | B49: Unidade | C49: Valor | E49: =ROUNDUP(D49/1.23,2) -> 0
E50: =ROUNDUP(D50/1.23,2) -> 0
A51: 01.08.015 | B51: TUBO PVC OCRE JUNTA ELÁSTICA DN 150 INCLUSIVE CONEXÕES - ENTERRADO | C51: M | D51: 148.91 | E51: =ROUNDUP(D51/1.23,2) -> 121.07
A52: 01.08.032 | B52: TUBO DRENO PLASTICO CORRUGADO PERFURADO DE 100MM EM BARRAS | C52: M | D52: 182.62 | E52: =ROUNDUP(D52/1.23,2) -> 148.48
A53: 01.08.033 | B53: TUBO DRENO PLASTICO CORRUGADO PERFURADO DE 150MM EM BARRAS | C53: M | D53: 226.93 | E53: =ROUNDUP(D53/1.23,2) -> 184.5
A54: 01.08.034 | B54: MANTA GEOTÊXTIL NÃO TECIDO AGULHADO 100% POLIESTER, RT 10 | C54: M2 | D54: 25.18 | E54: =ROUNDUP(D54/1.23,2) -> 20.48
A55: 01.08.035 | B55: MANTA GEOTÊXTIL NÃO TECIDO AGULHADO 100% POLIESTER, RT 21 | C55: M2 | D55: 28.59 | E55: =ROUNDUP(D55/1.23,2) -> 23.25
A56: 01.08.036 | B56: MANTA GEOTÊXTIL NÃO TECIDO AGULHADO 100% POLIESTER, RT 31 | C56: M2 | D56: 38.35 | E56: =ROUNDUP(D56/1.23,2) -> 31.18
A57: 01.08.040 | B57: ENVOLVIMENTO DE DRENOS COM PEDRA BRITADA | C57: M3 | D57: 278.34 | E57: =ROUNDUP(D57/1.23,2) -> 226.3
A58: 01.08.041 | B58: ENVOLVIMENTO DE DRENOS COM AREIA GROSSA | C58: M3 | D58: 289.95 | E58: =ROUNDUP(D58/1.23,2) -> 235.74
A59: 01.08.044 | B59: FORNEC E INST DE DHP EM FUROS DE 100MM C/TUBO PVC 1 1/2" INCL TXS INST | C59: M | D59: 352.3 | E59: =ROUNDUP(D59/1.23,2) -> 286.43
A60: 01.08.045 | B60: FORNEC E INST DE DHP EM FUROS DE 100MM C/TUBO PVC 2" INCL TXS INST | C60: M | D60: 357.83 | E60: =ROUNDUP(D60/1.23,2) -> 290.92
A61: 01.08.050 | B61: CAIXA DE LIGACAO OU INSPECAO - ALVENARIA DE 1/2 TIJOLO REVESTIDA | C61: M2 | D61: 338.7 | E61: =ROUNDUP(D61/1.23,2) -> 275.37
A62: 01.08.051 | B62: CAIXA DE LIGACAO OU INSPECAO - ALVENARIA DE 1 TIJOLO REVESTIDA | C62: M2 | D62: 533.19 | E62: =ROUNDUP(D62/1.23,2) -> 433.49
... A99: 02.02.026 | B99: BROCA DE CONCRETO DE DIAMETRO 25CM - INCL ARRANQUES | C99: M | D99: 106.6 | E99: =ROUNDUP(D99/1.23,2) -> 86.67
A100: TABELA DE PREÇOS Data Base 01/2026 LS: 122 % BDI: 23,00 % | E100: =ROUNDUP(D100/1.23,2) -> 0
A101: Serviço Descrição | B101: Unidade | C101: Valor | E101: =ROUNDUP(D101/1.23,2) -> 0
E102: =ROUNDUP(D102/1.23,2) -> 0
A103: 02.02.027 | B103: BROCA DE CONCRETO DE DIAMETRO 30CM - INCL ARRANQUES | C103: M | D103: 155.97 | E103: =ROUNDUP(D103/1.23,2) -> 126.81
A104: 02.02.035 | B104: ESTACAS TIPO STRAUSS DIAM 25CM | C104: M | D104: 87.27 | E104: =ROUNDUP(D104/1.23,2) -> 70.96
A105: 02.02.036 | B105: ESTACAS TIPO STRAUSS DIAM 32CM | C105: M | D105: 116.76 | E105: =ROUNDUP(D105/1.23,2) -> 94.93
A106: 02.02.037 | B106: ESTACAS TIPO STRAUSS DIAM 38CM | C106: M | D106: 148.39 | E106: =ROUNDUP(D106/1.23,2) -> 120.65
A107: 02.02.038 | B107: ESTACAS TIPO STRAUSS DIAM 45CM | C107: M | D107: 208.62 | E107: =ROUNDUP(D107/1.23,2) -> 169.61
A108: 02.02.070 | B108: ESTACA TIPO HELICE DN 25CM | C108: M | D108: 81.32 | E108: =ROUNDUP(D108/1.23,2) -> 66.12
A109: 02.02.071 | B109: ESTACA TIPO HELICE DN 30CM | C109: M | D109: 109.17 | E109: =ROUNDUP(D109/1.23,2) -> 88.76
A110: 02.02.072 | B110: ESTACA TIPO HELICE DN 35CM | C110: M | D110: 127.6 | E110: =ROUNDUP(D110/1.23,2) -> 103.74
A111: 02.02.073 | B111: ESTACA TIPO HELICE DN 40CM | C111: M | D111: 158.82 | E111: =ROUNDUP(D111/1.23,2) -> 129.13
A112: 02.02.074 | B112: ESTACA TIPO HELICE DN 50CM | C112: M | D112: 232.23 | E112: =ROUNDUP(D112/1.23,2) -> 188.81
A113: 02.02.075 | B113: ESTACA TIPO HELICE DN 60CM | C113: M | D113: 301.2 | E113: =ROUNDUP(D113/1.23,2) -> 244.88
A114: 02.02.076 | B114: ESTACA TIPO HELICE DN 70CM | C114: M | D114: 411.9 | E114: =ROUNDUP(D114/1.23,2) -> 334.88
... A149: 02.04.005 | B149: TELA ARMADURA (MALHA ACO CA 60 FYK= 600 M PA) | C149: KG | D149: 12.1 | E149: =ROUNDUP(D149/1.23,2) -> 9.84
A150: TABELA DE PREÇOS Data Base 01/2026 LS: 122 % BDI: 23,00 % | E150: =ROUNDUP(D150/1.23,2) -> 0
A151: Serviço Descrição | B151: Unidade | C151: Valor | E151: =ROUNDUP(D151/1.23,2) -> 0
E152: =ROUNDUP(D152/1.23,2) -> 0
A153: 02.04.006 | B153: ARMAÇAO TELA DE POLIESTER REFORÇADA COM FIBRA DE VIDRO (PRFV ) MALHA QUADRADA 15CM X 15CM DENSIDADE 0,38KG/M2 INCLUSIVE ESPAÇADOR E AMARRAÇAO | C153: M2 | D153: 19.12 | E153: =ROUNDUP(D153/1.23,2) -> 15.55
A154: 02.04.007 | B154: ARMAÇAO TELA DE POLIESTER REFORÇADA COM FIBRA DE VIDRO (PRFV ) MALHA QUADRADA 10CM X 10CM DENSIDADE 0,37 KG/M2 INCLUSIVE ESPAÇADOR E AMARRAÇAO | C154: M2 | D154: 25.23 | E154: =ROUNDUP(D154/1.23,2) -> 20.52
A155: 02.04.008 | B155: ARMAÇAO TELA DE POLIESTER REFORÇADA COM FIBRA DE VIDRO (PRFV ) MALHA QUADRADA 10CM X 10CM DENSIDADE 0,58KG/M2 INCLUSIVE ESPAÇADOR E AMARRAÇAO | C155: M2 | D155: 36.58 | E155: =ROUNDUP(D155/1.23,2) -> 29.74
A156: 02.04.009 | B156: ARMAÇAO TELA DE POLIESTER REFORÇADA COM FIBRA DE VIDRO (PRFV ) MALHA QUADRADA 10CM X 10CM DENSIDADE 2,05KG/M2 INCLUSIVE ESPAÇADOR E AMARRAÇAO | C156: M2 | D156: 60.14 | E156: =ROUNDUP(D156/1.23,2) -> 48.9
A157: 02.04.099 | B157: ARMADURAS | C157: MV | D157: 710.02 | E157: =ROUNDUP(D157/1.23,2) -> 577.26
A158: 02.05.014 | B158: CONCRETO DOSADO E LANÇADO FCK=20MPA | C158: M3 | D158: 688.31 | E158: =ROUNDUP(D158/1.23,2) -> 559.61
A159: 02.05.018 | B159: CONCRETO DOSADO E LANCADO FCK=25MPA | C159: M3 | D159: 718.2 | E159: =ROUNDUP(D159/1.23,2) -> 583.91
A160: 02.05.019 | B160: CONCRETO DOSADO E LANCADO FCK=30MPA | C160: M3 | D160: 745.95 | E160: =ROUNDUP(D160/1.23,2) -> 606.47
A161: 02.05.024 | B161: CONCRETO DOSADO,BOMBEADO E LANÇADO FCK=20MPA | C161: M3 | D161: 734.71 | E161: =ROUNDUP(D161/1.23,2) -> 597.33
A162: 02.05.028 | B162: CONCRETO DOSADO,BOMBEADO E LANCADO FCK=25MPA | C162: M3 | D162: 760.41 | E162: =ROUNDUP(D162/1.23,2) -> 618.22
A163: 02.05.029 | B163: CONCRETO DOSADO, BOMBEADO E LANCADO FCK=30MPA | C163: M3 | D163: 789.99 | E163: =ROUNDUP(D163/1.23,2) -> 642.27
A164: 02.05.050 | B164: CONCRETO GROUT, PREPARADO NO LOCAL, LANÇADO E ADENSADO | C164: M3 | D164: 735.19 | E164: =ROUNDUP(D164/1.23,2) -> 597.72
... A190: 03.01.024 | B190: FORMA TUBO DE PAPELAO DIAMETRO DE 35CM COM GRAVATA E ESCORA DUAS DIREÇOES | C190: M | D190: 186.54 | E190: =ROUNDUP(D190/1.23,2) -> 151.66
A191: TABELA DE PREÇOS Data Base 01/2026 LS: 122 % BDI: 23,00 % | E191: =ROUNDUP(D191/1.23,2) -> 0
A192: Serviço Descrição | B192: Unidade | C192: Valor | E192: =ROUNDUP(D192/1.23,2) -> 0
E193: =ROUNDUP(D193/1.23,2) -> 0
A194: 03.01.026 | B194: FORMA TUBO DE PAPELAO DIAMETRO DE 40CM COM GRAVATA E ESCORA DUAS DIREÇOES | C194: M | D194: 215.85 | E194: =ROUNDUP(D194/1.23,2) -> 175.49
A195: 03.01.027 | B195: FORMA TUBO DE PAPELAO DIAMETRO DE 45CM COM GRAVATA E ESCORA DUAS DIREÇOES | C195: M | D195: 239.96 | E195: =ROUNDUP(D195/1.23,2) -> 195.09
A196: 03.01.028 | B196: FORMA TUBO DE PAPELAO DIAMETRO DE 50CM COM GRAVATA E ESCORA DUAS DIREÇOES | C196: M | D196: 286.77 | E196: =ROUNDUP(D196/1.23,2) -> 233.15
A197: 03.01.029 | B197: FORMA TUBO DE PAPELAO DIAMETRO DE 55CM COM GRAVATA E ESCORA DUAS DIREÇOES | C197: M | D197: 313.26 | E197: =ROUNDUP(D197/1.23,2) -> 254.69
A198: 03.01.031 | B198: FORMA TUBO DE PAPELAO DIAMETRO DE 60CM COM GRAVATA E ESCORA DUAS DIREÇOES | C198: M | D198: 378.43 | E198: =ROUNDUP(D198/1.23,2) -> 307.67
A199: 03.01.032 | B199: FORMA TUBO DE PAPELAO DIAMETRO DE 70CM COM GRAVATA E ESCORA DUAS DIREÇOES | C199: M | D199: 460.99 | E199: =ROUNDUP(D199/1.23,2) -> 374.79
A200: 03.01.099 | B200: FORMAS | C200: MV | D200: 710.02 | E200: =ROUNDUP(D200/1.23,2) -> 577.26
A201: 03.02.002 | B201: ACO CA 50 (A OU B) FYK= 500 M PA | C201: KG | D201: 15.59 | E201: =ROUNDUP(D201/1.23,2) -> 12.68
A202: 03.02.003 | B202: ACO CA 60 (A OU B) FYK= 600 M PA | C202: KG | D202: 16.42 | E202: =ROUNDUP(D202/1.23,2) -> 13.35
A203: 03.02.005 | B203: TELA ARMADURA (MALHA ACO CA 60 FYK= 600 M PA) | C203: KG | D203: 12.1 | E203: =ROUNDUP(D203/1.23,2) -> 9.84
A204: 03.02.006 | B204: ARMAÇAO BARRA DE POLIESTER REFORÇADA COM FIBRA DE VIDRO (PRFV ) INCLUSIVE ESPAÇADOR E AMARRAÇAO | C204: KG | D204: 44.11 | E204: =ROUNDUP(D204/1.23,2) -> 35.87
A205: 03.02.007 | B205: ARMAÇAO TELA DE POLIESTER REFORÇADA COM FIBRA DE VIDRO (PRFV ) MALHA QUADRADA 15CM X 15CM DENSIDADE 0,38KG/M2 INCLUSIVE ESPAÇADOR E AMARRAÇAO | C205: M2 | D205: 19.12 | E205: =ROUNDUP(D205/1.23,2) -> 15.55
... A226: 03.03.015 | B226: LAJE PRE-FABRICADA UNIDIRECIONAL C/VIGOTAS PROTENDIDAS LP24-300KGF/M2 | C226: M2 | D226: 270.07 | E226: =ROUNDUP(D226/1.23,2) -> 219.57
A227: TABELA DE PREÇOS Data Base 01/2026 LS: 122 % BDI: 23,00 % | E227: =ROUNDUP(D227/1.23,2) -> 0
A228: Serviço Descrição | B228: Unidade | C228: Valor | E228: =ROUNDUP(D228/1.23,2) -> 0
E229: =ROUNDUP(D229/1.23,2) -> 0
A230: 03.03.016 | B230: CONCRETO DOSADO E LANCADO FCK=25 MPA | C230: M3 | D230: 718.2 | E230: =ROUNDUP(D230/1.23,2) -> 583.91
A231: 03.03.017 | B231: LAJE PRE-FABRICADA UNIDIRECIONAL C/VIGOTAS PROTENDIDAS LP24-500KGF/M2 | C231: M2 | D231: 283.17 | E231: =ROUNDUP(D231/1.23,2) -> 230.22
A232: 03.03.018 | B232: LAJE PRE-FABRICADA VIGOTA TRELICADA UNIDIRECIONAL LT12-100KGF/M2 | C232: M2 | D232: 195.11 | E232: =ROUNDUP(D232/1.23,2) -> 158.63
A233: 03.03.019 | B233: LAJE PRE-FABRICADA VIGOTA TRELICADA UNIDIRECIONAL LT16-100KGF/M2 | C233: M2 | D233: 230.24 | E233: =ROUNDUP(D233/1.23,2) -> 187.19
A234: 03.03.020 | B234: CONCRETO DOSADO E LANCADO FCK=30MPA | C234: M3 | D234: 745.95 | E234: =ROUNDUP(D234/1.23,2) -> 606.47
A235: 03.03.022 | B235: LAJE PRE-FABRICADA VIGOTA TRELICADA UNIDIRECIONAL LT16-300KGF/M2 | C235: M2 | D235: 242.35 | E235: =ROUNDUP(D235/1.23,2) -> 197.04
A236: 03.03.024 | B236: CONCRETO DOSADO,BOMBEADO E LANCADO FCK= 20 M PA | C236: M3 | D236: 734.71 | E236: =ROUNDUP(D236/1.23,2) -> 597.33
A237: 03.03.026 | B237: CONCRETO DOSADO,BOMBEADO E LANCADO FCK 25 MPA | C237: M3 | D237: 760.41 | E237: =ROUNDUP(D237/1.23,2) -> 618.22
A238: 03.03.027 | B238: LAJE PRE-FABRICADA VIGOTA TRELICADA UNIDIRECIONAL LT20-100KGF/M2 | C238: M2 | D238: 271.72 | E238: =ROUNDUP(D238/1.23,2) -> 220.92
A239: 03.03.028 | B239: LAJE PRE-FABRICADA VIGOTA TRELICADA UNIDIRECIONAL LT20-300KGF/M2 | C239: M2 | D239: 295.32 | E239: =ROUNDUP(D239/1.23,2) -> 240.1
A240: 03.03.029 | B240: LAJE PRE-FABRICADA VIGOTA TRELICADA UNIDIRECIONAL LT20-500KGF/M2 | C240: M2 | D240: 304.72 | E240: =ROUNDUP(D240/1.23,2) -> 247.74
A241: 03.03.030 | B241: CONCRETO DOSADO, BOMBEADO E LANCADO FCK=30MPA | C241: M3 | D241: 789.99 | E241: =ROUNDUP(D241/1.23,2) -> 642.27
... A275: 03.04.016 | B275: FORNECIMENTO E MONTAGEM DE ESTRUTURA METALICA COM AÇO RESISTENTE A CORROSAO (ASTM A709/A588) | C275: KG | D275: 35.75 | E275: =ROUNDUP(D275/1.23,2) -> 29.07
A276: TABELA DE PREÇOS Data Base 01/2026 LS: 122 % BDI: 23,00 % | E276: =ROUNDUP(D276/1.23,2) -> 0
A277: Serviço Descrição | B277: Unidade | C277: Valor | E277: =ROUNDUP(D277/1.23,2) -> 0
E278: =ROUNDUP(D278/1.23,2) -> 0
A279: 03.04.030 | B279: DESMONTAGEM DE ESTRUTURA METALICA | C279: KG | D279: 5.97 | E279: =ROUNDUP(D279/1.23,2) -> 4.86
A280: 03.04.099 | B280: ESTRUTURAS METALICAS | C280: MV | D280: 710.02 | E280: =ROUNDUP(D280/1.23,2) -> 577.26
...

Sheet EDIF COM Des JAN.2026
A1: SECRETARIA DE INFRAESTRUTURA URBANA E OBRAS
A2: CUSTOS UNITÁRIOS DE EDIFICAÇÕES - COM DESONERAÇÃO | C2: DATA-BASE: JAN/26
A3: CÓDIGO | B3: DESCRIÇÃO | C3: UNIDADE | D3: CUSTO UNIT R$
A4: 1000000 | B4: SERVICOS PRELIMINARES
A5: 1001000 | B5: LIMPEZA DO TERRENO | C5: . | D5: .
A6: 1001001 | B6: LIMPEZA MECANIZADA GERAL, INCLUSIVE REMOÇÃO DA COBERTURA VEGETAL - TRONCOS COM DIÂMETRO ATÉ 10CM - SEM TRANSPORTE | C6: M2 | D6: 1.75
A7: 1001002 | B7: DESTOCAMENTO, INCLUSIVE REMOÇÃO DAS RAÍZES - DIÂMETROS DE 10,01 À 30CM | C7: UN | D7: 57.36
A8: 1001003 | B8: DESTOCAMENTO, INCLUSIVE REMOÇÃO DAS RAÍZES - DIÂMETRO 30,01 À 50 CM | C8: UN | D8: 159.46
A9: 1001004 | B9: DESTOCAMENTO, INCLUSIVE REMOÇÃO DAS RAÍZES - DIÂMETROS MAIORES QUE 50 CM | C9: UN | D9: 189.97
A10: 1001005 | B10: CARGA MECANIZADA E REMOÇÃO DE ENTULHO, INCLUSIVE TRANSPORTE ATÉ 1KM | C10: M3 | D10: 12.27
A11: 1001006 | B11: CARGA MANUAL E REMOÇÃO DE ENTULHO, INCLUSIVE TRANSPORTE ATÉ 1 KM | C11: M3 | D11: 52.84
A12: 1001007 | B12: REMOÇÃO DE ENTULHO COM CAÇAMBA METÁLICA, INCLUSIVE CARGA MANUAL E DESCARGA EM BOTA-FORA | C12: M3 | D12: 165.25
A13: 1001008 | B13: LIMPEZA MANUAL GERAL INCLUSIVE REMOÇÃO DE COBERTURA VEGETAL - TRONCO ATÉ 10CM - SEM TRANSPORTE | C13: M2 | D13: 6.13
A14: 1001009 | B14: DESTOCAMENTO MANUAL, INCLUSIVE REMOÇÃO DE RAÍZES - DIÂMETRO 10,01 À 30 CM | C14: UN | D14: 73.52
A15: 1001010 | B15: TRANSPORTE DE ENTULHO POR CAMINHÃO BASCULANTE, A PARTIR DE 1KM | C15: M3XKM | D15: 1.71
A16: 1001020 | B16: CORTE, RECORTE E REMOÇÃO DE ÁRVORES INCLUSIVE RAIZES DIÂM. > 5 E < 15CM | C16: UN | D16: 222.81
A17: 1001021 | B17: CORTE, RECORTE E REMOÇÃO DE ÁRVORES INCLUSIVE RAIZES DIÂM. > 15 E < 30CM | C17: UN | D17: 577.39
... A20: 1001024 | B20: CORTE, RECORTE E REMOÇÃO DE ÁRVORES INCLUSIVE RAIZES DIÂM. > 90CM | C20: UN | D20: 1010.44
A21: 1002000 | B21: MOVIMENTO DE TERRA MANUAL | C21: . | D21: .
A22: 1002001 | B22: CORTE | C22: M3 | D22: 49.02
A23: 1002002 | B23: CORTE E ESPALHAMENTO DENTRO DA OBRA | C23: M3 | D23: 61.27
A24: 1002005 | B24: ATERRO, INCLUSIVE COMPACTAÇÃO MANUAL | C24: M3 | D24: 43.62
A25: 1002010 | B25: CARGA MECANIZADA E REMOÇÃO DE TERRA, INCLUSIVE TRANSPORTE ATÉ 1KM | C25: M3 | D25: 17.18
A26: 1002011 | B26: CARGA MANUAL E REMOÇÃO DE TERRA, INCLUSIVE TRANSPORTE ATÉ 1 KM | C26: M3 | D26: 41.32
A27: 1003000 | B27: MOVIMENTO DE TERRA MECANIZADO | C27: . | D27: .
A28: 1003001 | B28: CORTE E ESPALHAMENTO DENTRO DA OBRA | C28: M3 | D28: 17.73
A29: 1003002 | B29: CORTE E ATERRO COMPACTADO | C29: M3 | D29: 20.88
A30: 1003003 | B30: CORTE E CARREGAMENTO PARA BOTA-FORA, INCLUSIVE TRANSPORTE ATÉ 1KM | C30: M3 | D30: 28.29
A31: 1003005 | B31: FORNECIMENTO DE TERRA, INCLUSIVE CORTE, CARGA, DESCARGA E TRANSPORTE ATÉ 1KM | C31: M3 | D31: 31.97
A32: 1003006 | B32: ATERRO, INCLUSIVE COMPACTAÇÃO | C32: M3 | D32: 7.9
A33: 1003010 | B33: TRANSPORTE DE TERRA POR CAMINHÃO BASCULANTE, A PARTIR DE 1KM | C33: M3XKM | D33: 3.06
A34: 1004000 | B34: DRENAGEM DO TERRENO | C34: . | D34: .
A35: 1004001 | B35: ESCAVAÇÃO MANUAL, PROFUNDIDADE IGUAL OU INFERIOR A 1,50M | C35: M3 | D35: 78.18
A36: 1004002 | B36: ESCAVAÇÃO MANUAL, PROFUNDIDADE SUPERIOR A 1,50M | C36: M3 | D36: 85.78
A37: 1004005 | B37: ESCORAMENTO DE VALAS, CONTINUO | C37: M2 | D37: 131.19
A38: 1004006 | B38: ESCORAMENTO DE VALAS, DESCONTINUO | C38: M2 | D38: 75.5
A39: 1004010 | B39: APILOAMENTO DO FUNDO DE VALAS, PARA SIMPLES REGULARIZAÇÃO | C39: M2 | D39: 6.13
A40: 1004014 | B40: LASTRO DE AGREGADO RECICLADO | C40: M3 | D40: 153.45
A41: 1004015 | B41: LASTRO DE BRITA | C41: M3 | D41: 232.58
A42: 1004016 | B42: LASTRO DE CONCRETO, 150KG CIM/M3 | C42: M3 | D42: 548.82
A43: 1004017 | B43: LASTRO DE CONCRETO COM AGREGADO RECICLADO, 150 KG CIM/M3 | C43: M3 | D43: 485.13
A44: 1004020 | B44: HD.23 - TUBO DE PEAD CORRUGADO E PERFURADOPARA DRENAGEM - DIÂMETRO 2,5" (EM ACORDO COM AS NORMAS DNIT 093/06, NBR 15073 E NBR 14692) | C44: M | D44: 17.02
A45: 1004021 | B45: HD.23 - TUBO DE PEAD CORRUGADO E PERFURADOPARA DRENAGEM - DIÂMETRO 3,0" (EM ACORDO COM AS NORMAS DNIT 093/06, NBR 15073 E NBR 14692) | C45: M | D45: 18.08
A46: 1004022 | B46: HD.23 - TUBO DE PEAD CORRUGADO E PERFURADOPARA DRENAGEM - DIÂMETRO 4,0" (EM ACORDO COM AS NORMAS DNIT 093/06, NBR 15073 E NBR 14692) | C46: M | D46: 20.22
... A68: 1004080 | B68: REATERRO DE VALAS, INCLUSIVE COMPACTAÇÃO | C68: M3 | D68: 16.76
A69: 1005000 | B69: TAPUMES | C69: . | D69: .
A70: 1005001 | B70: TAPUME CHAPA COMPENSADA 6MM | C70: M2 | D70: 87.46
A71: 1005002 | B71: TAPUME CHAPA COMPENSADA RESINADA 10MM | C71: M2 | D71: 97.09
A72: 1005005 | B72: TAPUME METÁLICO COM TELHA METÁLICA, SEM PINTURA, TRAPEZOIDAL 40 ESP=0,43MM, COLUNAS, BASES E PARAFUSOS | C72: M2 | D72: 170.27
A73: 1005006 | B73: PORTÃO METÁLICO DE OBRA - 5M, PIVOTANTE, 2 FOLHAS, PARA TAPUME | C73: M2 | D73: 293.66
A74: 1005007 | B74: PORTÃO DE PEDESTRES - 1,15M, PARA TAPUME | C74: M2 | D74: 283.18
A75: 1005040 | B75: TELA PARA PROTEÇÃO DE OBRAS, MALHA 2 MM | C75: M2 | D75: 32
A76: 2000000 | B76: FUNDACOES
A77: 2001000 | B77: FUNDAÇÃO PROFUNDA | C77: . | D77: .
A78: 2001001 | B78: BROCA DE CONCRETO - DIÂMETRO DE 20CM | C78: M | D78: 62.2
A79: 2001002 | B79: BROCA DE CONCRETO - DIÂMETRO DE 25CM | C79: M | D79: 94.26
A80: 2001003 | B80: BROCA DE CONCRETO - DIÂMETRO DE 30CM | C80: M | D80: 140.12
A81: 2001005 | B81: ESTACA DE CONCRETO MOLDADA NO LOCAL, TIPO "STRAUSS" - ATÉ 20T | C81: M | D81: 64.5
A82: 2001006 | B82: ESTACA DE CONCRETO MOLDADA NO LOCAL, TIPO "STRAUSS" - ATÉ 30T | C82: M | D82: 85.81
A83: 2001007 | B83: ESTACA DE CONCRETO MOLDADA NO LOCAL, TIPO "STRAUSS" - ATÉ 40T | C83: M | D83: 111.5
A84: 2001008 | B84: ESTACA DE CONCRETO MOLDADA NO LOCAL, TIPO "STRAUSS" - ATÉ 60T | C84: M | D84: 144.34
A85: 2001020 | B85: TUBULÃO - ESCAVAÇÃO A CÉU ABERTO, COM PÁ E PICARETA | C85: M3 | D85: 590.05
A86: 2001034 | B86: TUBULÃO A CÉU ABERTO FCK=20 MPA | C86: M3 | D86: 828.47
A87: 2001043 | B87: EMENDA DE ESTACA DE CONCRETO PRÉ-MOLDADA - DIÂMETRO 17 CM - 20 T | C87: UN | D87: 41.72
A88: 2001044 | B88: EMENDA DE ESTACA DE CONCRETO PRÉ-MOLDADA - DIÂMETRO 20 CM - 30 T | C88: UN | D88: 48.77
A89: 2001045 | B89: EMENDA DE ESTACA DE CONCRETO PRÉ-MOLDADA - DIÂMETRO 23 CM - 40 T | C89: UN | D89: 57.7
... A122: 2001095 | B122: ESTACA ESCAVADA HÉLICE CONTÍNUA - DIÂMETRO 60CM - EXCLUSIVE MATERIAIS | C122: M | D122: 99.09
A123: 2002000 | B123: VALAS | C123: . | D123: .
A124: 2002001 | B124: ESCAVAÇÃO MANUAL COM PROFUNDIDADE IGUAL OU INFERIOR A 1,50M | C124: M3 | D124: 78.18
A125: 2002002 | B125: ESCAVAÇÃO MANUAL COM PROFUNDIDADE SUPERIOR A 1,50M | C125: M3 | D125: 85.78
A126: 2002005 | B126: ESCORAMENTO DE VALAS - CONTINUO | C126: M2 | D126: 131.2
A127: 2002006 | B127: ESCORAMENTO DE VALAS - DESCONTINUO | C127: M2 | D127: 75.5
A128: 2002010 | B128: APILOAMENTO DO FUNDO DE VALAS, PARA SIMPLES REGULARIZAÇÃO | C128: M2 | D128: 6.13
A129: 2002011 | B129: APILOAMENTO DO FUNDO DE VALAS, COM SOQUETE VIBRATÓRIO | C129: M2 | D129: 4.38
A130: 2002015 | B130: LASTRO DE BRITA | C130: M3 | D130: 232.58
A131: 2002016 | B131: LASTRO DE CONCRETO - 150KG CIM/M3 | C131: M3 | D131: 548.82
A132: 2002017 | B132: LASTRO DE CONCRETO COM AGREGADO RECICLADO - 150 KG CIM/M3 | C132: M3 | D132: 485.13
A133: 2003000 | B133: FUNDAÇÃO - FORMA | C133: . | D133: .
A134: 2003001 | B134: FORMA COMUM DE TÁBUAS DE PINUS | C134: M2 | D134: 86.83
A135: 2003004 | B135: FORMA COMUM DE TÁBUAS DE PINUS - NÃO RECUPERÁVEL | C135: M2 | D135: 105.66
A136: 2004000 | B136: FUNDAÇÃO - ARMADURA | C136: . | D136: .
A137: 2004004 | B137: ARMADURA EM AÇO CA-50 | C137: KG | D137: 10.2
A138: 2004007 | B138: ARMADURA EM AÇO CA-60 | C138: KG | D138: 10.55
A139: 2004009 | B139: ARMADURA EM AÇO CA-60 - TELA | C139: KG | D139: 9.99
A140: 2005000 | B140: FUNDAÇÃO - CONCRETO | C140: . | D140: .
A141: 2005005 | B141: CONCRETO FCK=15,0MPA - VIRADO NA OBRA | C141: M3 | D141: 631.59
A142: 2005006 | B142: CONCRETO FCK=20,0MPA - VIRADO NA OBRA | C142: M3 | D142: 649.42
A143: 2005008 | B143: CONCRETO FCK=15,0MPA - USINADO | C143: M3 | D143: 505.49
A144: 2005009 | B144: CONCRETO FCK=20,0MPA - USINADO | C144: M3 | D144: 527.77
A145: 2005010 | B145: CONCRETO FCK=25MPA - USINADO | C145: M3 | D145: 550.96
A146: 2005011 | B146: CONCRETO FCK=30MPA - USINADO | C146: M3 | D146: 575.27
A147: 2006000 | B147: EMBASAMENTO | C147: . | D147: .
A148: 2006001 | B148: ALVENARIA DE EMBASAMENTO - TIJOLOS MACIÇOS COMUNS | C148: M3 | D148: 1133.17
A149: 2006002 | B149: ALVENARIA DE EMBASAMENTO - BLOCOS VAZADO DE CONCRETO ESTRUTURAL - 14CM - 10MPA | C149: M2 | D149: 162.07
A150: 2006005 | B150: IMPERMEABILIZAÇÃO DO RESPALDO DA FUNDAÇÃO - ARGAMASSA IMPERMEÁVEL | C150: M2 | D150: 137.95
A151: 2006010 | B151: REATERRO DE VALAS, INCLUSIVE APILOAMENTO | C151: M3 | D151: 27.94
A152: 2050000 | B152: DEMOLIÇÕES | C152: . | D152: .
A153: 2050001 | B153: DEMOLIÇÃO DE ALVENARIA DE EMBASAMENTO - TIJOLOS MACIÇOS COMUNS | C153: M3 | D153: 82.75
A154: 2050003 | B154: DEMOLIÇÃO MANUAL DE CONCRETO SIMPLES | C154: M3 | D154: 269.59
A155: 2050004 | B155: DEMOLIÇÃO MANUAL DE CONCRETO ARMADO | C155: M3 | D155: 490.16
...

